Workbook

Sheet RESUMO
A1: PREFEITURA MUNICIPAL DE JOÃO NEIVA
A2: RESUMO
B4: OBRA: CONSTRUÇÃO DE ACESSO ENTRE OS BLOCOS E FORNECIMENTO E INSTALAÇÃO DE PLATAFORMA ELEVATÓRIA PARA ACESSIBILIDADE NA EMEIF JOSÉ REBUZZI SARCINELLI LOCALIZADA NO MUNICÍPIO DE JOÃO NEIVA/ES | E4: L. SOCIAIS: | F4: 1.5727 | G4: TABELA DE REFERÊNCIA: DER/ES Edificações / SINAPI-ES
B5: LOCAL: BAIRRO CRISTAL, JOÃO NEIVA-ES | E5: BDI: | F5: 33,25% | H5: DATA-BASE: | I5: Data base: dez/2025
B6: ORÇAMENTISTA: ARQ./URB. BRUNA PEROVANO SIRTULI CAU-ES A187736-4 / ARQ./URB. THAÍS BAPTISTA CAU-ES A181604-7 | E6: BDI DIF. | F6: 0.1557
A7: ITEM | B7: CÓDIGO | C7: ORGÃO | D7: DESCRIÇÃO SERVIÇO | E7: UNIDADE | F7: QUANTIDADE | G7: CUSTO (R$)
G8: UNITÁRIO | H8: UNITÁRIO C/ BDI | I8: TOTAL
A9: 1 | B9: 01 | D9: =VLOOKUP(J9,'SERVIÇOS DER 12-25'!A12:G1503,3,0) -> SERVIÇOS PRELIMINARES | I9: =I30 -> 13009.84 | J9: 1
A10: 1.1 | B10: 0102 | C10: DER-ES | D10: =VLOOKUP(J10,'SERVIÇOS DER 12-25'!A13:G1504,3,0) -> DEMOLIÇÕES E RETIRADAS | J10: 102
A11: 1.1.1 | B11: 010201 | C11: DER-ES | D11: =VLOOKUP(J11,'SERVIÇOS DER 12-25'!A14:G1505,3,0) -> Demolição manual de piso cimentado espessura de 1,5 cm, inclusive lastro de concreto espessura de 6,0 cm, sem reaproveitamento | E11: =VLOOKUP(J11,'SERVIÇOS DER 12-25'!A14:G1505,4,0) -> m2 | F11: =MC!J12 -> 30.1 | G11: =VLOOKUP(J11,'SERVIÇOS DER 12-25'!A14:G1505,6,0) -> 16.92 | H11: =TRUNC(ROUND((1+$F$5)*G11,2),2) -> 22.55 | I11: =TRUNC(ROUND(F11*H11,2),2) -> 678.76 | J11: 10201 | K11: =I11/$I$196 -> 0.0013735153
A12: 1.1.2 | B12: 010202 | C12: DER-ES | D12: =VLOOKUP(J12,'SERVIÇOS DER 12-25'!A15:G1506,3,0) -> Demolição manual de revestimento cerâmico/porcelanato (pisos), exclusive lastro, sem reaproveitamento | E12: =VLOOKUP(J12,'SERVIÇOS DER 12-25'!A15:G1506,4,0) -> m2 | F12: =MC!J19 -> 23.04 | G12: =VLOOKUP(J12,'SERVIÇOS DER 12-25'!A15:G1506,6,0) -> 21.13 | H12: =TRUNC(ROUND((1+$F$5)*G12,2),2) -> 28.16 | I12: =TRUNC(ROUND(F12*H12,2),2) -> 648.81 | J12: 10202 | K12: =I12/$I$196 -> 0.0013129095
A13: 1.1.3 | B13: 010203 | C13: DER-ES | D13: =VLOOKUP(J13,'SERVIÇOS DER 12-25'!A16:G1507,3,0) -> Demolição manual de revestimento cerâmico/porcelanato (pisos), inclusive lastro de concreto espessura de 6,0 cm, sem reaproveitamento | E13: =VLOOKUP(J13,'SERVIÇOS DER 12-25'!A16:G1507,4,0) -> m2 | F13: =MC!J23 -> 25.18 | G13: =VLOOKUP(J13,'SERVIÇOS DER 12-25'!A16:G1507,6,0) -> 34.67 | H13: =TRUNC(ROUND((1+$F$5)*G13,2),2) -> 46.2 | I13: =TRUNC(ROUND(F13*H13,2),2) -> 1163.32 | J13: 10203 | K13: =I13/$I$196 -> 0.0023540541
A14: 1.1.4 | B14: 010208 | C14: DER-ES | D14: =VLOOKUP(J14,'SERVIÇOS DER 12-25'!A17:G1508,3,0) -> Retirada manual de revestimento em argamassa cimento e areia (emboço e reboco), sem reaproveitamento | E14: =VLOOKUP(J14,'SERVIÇOS DER 12-25'!A17:G1508,4,0) -> m2 | F14: =MC!J29 -> 42.13 | G14: =VLOOKUP(J14,'SERVIÇOS DER 12-25'!A17:G1508,6,0) -> 10.73 | H14: =TRUNC(ROUND((1+$F$5)*G14,2),2) -> 14.3 | I14: =TRUNC(ROUND(F14*H14,2),2) -> 602.46 | J14: 10208 | K14: =I14/$I$196 -> 0.0012191172
A15: 1.1.5 | B15: 010209 | C15: DER-ES | D15: =VLOOKUP(J15,'SERVIÇOS DER 12-25'!A18:G1509,3,0) -> Demolição manual de alvenaria de bloco furado (cerâmico), sem reaproveitamento | E15: =VLOOKUP(J15,'SERVIÇOS DER 12-25'!A18:G1509,4,0) -> m3 | F15: =MC!J36 -> 1.55 | G15: =VLOOKUP(J15,'SERVIÇOS DER 12-25'!A18:G1509,6,0) -> 59.61 | H15: =TRUNC(ROUND((1+$F$5)*G15,2),2) -> 79.43 | I15: =TRUNC(ROUND(F15*H15,2),2) -> 123.12 | J15: 10209 | K15: =I15/$I$196 -> 0.00024914138
A16: 1.1.6 | B16: 010210 | C16: DER-ES | D16: =VLOOKUP(J16,'SERVIÇOS DER 12-25'!A19:G1510,3,0) -> Demolição manual de concreto simples, sem reaproveitamento | E16: =VLOOKUP(J16,'SERVIÇOS DER 12-25'!A19:G1510,4,0) -> m3 | F16: =MC!J41 -> 5.55 | G16: =VLOOKUP(J16,'SERVIÇOS DER 12-25'!A19:G1510,6,0) -> 225.81 | H16: =TRUNC(ROUND((1+$F$5)*G16,2),2) -> 300.89 | I16: =TRUNC(ROUND(F16*H16,2),2) -> 1669.94 | J16: 10210 | K16: =I16/$I$196 -> 0.0033792329
A17: 1.1.7 | B17: 010213 | C17: DER-ES | D17: =VLOOKUP(J17,'SERVIÇOS DER 12-25'!A20:G1511,3,0) -> Retirada manual cuidadosa de blocos pré-moldados de concreto (Blokret), inclusive limpeza e empilhamento para reaproveitamento | E17: =VLOOKUP(J17,'SERVIÇOS DER 12-25'!A20:G1511,4,0) -> m2 | F17: =MC!J46 -> 33.42 | G17: =VLOOKUP(J17,'SERVIÇOS DER 12-25'!A20:G1511,6,0) -> 17.93 | H17: =TRUNC(ROUND((1+$F$5)*G17,2),2) -> 23.89 | I17: =TRUNC(ROUND(F17*H17,2),2) -> 798.4 | J17: 10213 | K17: =I17/$I$196 -> 0.0016156146
A18: 1.1.8 | B18: 010214 | C18: DER-ES | D18: =VLOOKUP(J18,'SERVIÇOS DER 12-25'!A21:G1512,3,0) -> Retirada manual de portas e janelas de madeira, inclusive batentes (marcos), sem reaproveitamento | E18: =VLOOKUP(J18,'SERVIÇOS DER 12-25'!A21:G1512,4,0) -> m2 | F18: =MC!J50 -> 2.52 | G18: =VLOOKUP(J18,'SERVIÇOS DER 12-25'!A21:G1512,6,0) -> 23.54 | H18: =TRUNC(ROUND((1+$F$5)*G18,2),2) -> 31.37 | I18: =TRUNC(ROUND(F18*H18,2),2) -> 79.05 | J18: 10214 | K18: =I18/$I$196 -> 0.00015996285
A19: 1.1.9 | B19: 010219 | C19: DER-ES | D19: =VLOOKUP(J19,'SERVIÇOS DER 12-25'!A22:G1513,3,0) -> Demolição manual de concreto armado, sem reaproveitamento | E19: =VLOOKUP(J19,'SERVIÇOS DER 12-25'!A22:G1513,4,0) -> m3 | F19: =MC!J54 -> 0.1 | G19: =VLOOKUP(J19,'SERVIÇOS DER 12-25'!A22:G1513,6,0) -> 260.73 | H19: =TRUNC(ROUND((1+$F$5)*G19,2),2) -> 347.42 | I19: =TRUNC(ROUND(F19*H19,2),2) -> 34.74 | J19: 10219 | K19: =I19/$I$196 -> 7.0298663e-05
A20: 1.1.10 | B20: 010224 | C20: DER-ES | D20: =VLOOKUP(J20,'SERVIÇOS DER 12-25'!A23:G1514,3,0) -> Retirada manual de grades, gradis, alambrados, cercas e portões metálicos, inclusive remoção de argamassa de chumbamento, acessórios de fixação e corte de soldas | E20: =VLOOKUP(J20,'SERVIÇOS DER 12-25'!A23:G1514,4,0) -> m2 | F20: =MC!J60 -> 29.57 | G20: =VLOOKUP(J20,'SERVIÇOS DER 12-25'!A23:G1514,6,0) -> 13.7 | H20: =TRUNC(ROUND((1+$F$5)*G20,2),2) -> 18.26 | I20: =TRUNC(ROUND(F20*H20,2),2) -> 539.95 | J20: 10224 | K20: =I20/$I$196 -> 0.0010926242
A21: 1.1.11 | B21: 010225 | C21: DER-ES | D21: =VLOOKUP(J21,'SERVIÇOS DER 12-25'!A24:G1515,3,0) -> Retirada de bancada em granito, inclusive remoção de rodabanca e cantoneiras de fixação, sem reaproveitamento | E21: =VLOOKUP(J21,'SERVIÇOS DER 12-25'!A24:G1515,4,0) -> m2 | F21: =MC!J64 -> 0.83 | G21: =VLOOKUP(J21,'SERVIÇOS DER 12-25'!A24:G1515,6,0) -> 35.29 | H21: =TRUNC(ROUND((1+$F$5)*G21,2),2) -> 47.02 | I21: =TRUNC(ROUND(F21*H21,2),2) -> 39.03 | J21: 10225 | K21: =I21/$I$196 -> 7.8979759e-05
A22: 1.1.12 | B22: 010246 | C22: DER-ES | D22: =VLOOKUP(J22,'SERVIÇOS DER 12-25'!A25:G1516,3,0) -> Lixamento manual de parede com pintura PVA para nivelamento e preparo da superfície para recebimento de nova camada de tinta | E22: =VLOOKUP(J22,'SERVIÇOS DER 12-25'!A25:G1516,4,0) -> m2 | F22: =MC!J75 -> 304.74 | G22: =VLOOKUP(J22,'SERVIÇOS DER 12-25'!A25:G1516,6,0) -> 5.04 | H22: =TRUNC(ROUND((1+$F$5)*G22,2),2) -> 6.72 | I22: =TRUNC(ROUND(F22*H22,2),2) -> 2047.85 | J22: 10246 | K22: =I22/$I$196 -> 0.0041439585
A23: 1.1.13 | B23: 010255 | C23: DER-ES | D23: =VLOOKUP(J23,'SERVIÇOS DER 12-25'!A26:G1517,3,0) -> Remoção manual de telhas cerâmicas, tipo colonial, inclusive cumeeira, sem reaproveitamento | E23: =VLOOKUP(J23,'SERVIÇOS DER 12-25'!A26:G1517,4,0) -> m2 | F23: =MC!J79 -> 15.9 | G23: =VLOOKUP(J23,'SERVIÇOS DER 12-25'!A26:G1517,6,0) -> 15.67 | H23: =TRUNC(ROUND((1+$F$5)*G23,2),2) -> 20.88 | I23: =TRUNC(ROUND(F23*H23,2),2) -> 331.99 | J23: 10255 | K23: =I23/$I$196 -> 0.00067180349
A24: 1.1.14 | B24: 010256 | C24: DER-ES | D24: =VLOOKUP(J24,'SERVIÇOS DER 12-25'!A27:G1518,3,0) -> Remoção manual de telhas ondulada de fibrocimento, inclusive cumeeira, sem reaproveitamento | E24: =VLOOKUP(J24,'SERVIÇOS DER 12-25'!A27:G1518,4,0) -> m2 | F24: =MC!J83 -> 29.87 | G24: =VLOOKUP(J24,'SERVIÇOS DER 12-25'!A27:G1518,6,0) -> 3.42 | H24: =TRUNC(ROUND((1+$F$5)*G24,2),2) -> 4.56 | I24: =TRUNC(ROUND(F24*H24,2),2) -> 136.21 | J24: 10256 | K24: =I24/$I$196 -> 0.00027562985
A25: 1.1.15 | B25: 010280 | C25: DER-ES | D25: =VLOOKUP(J25,'SERVIÇOS DER 12-25'!A28:G1519,3,0) -> Remoção manual de telha metálica, exclusive trama, sem reaproveitamento | E25: =VLOOKUP(J25,'SERVIÇOS DER 12-25'!A28:G1519,4,0) -> m2 | F25: =MC!J87 -> 17.65 | G25: =VLOOKUP(J25,'SERVIÇOS DER 12-25'!A28:G1519,6,0) -> 3.42 | H25: =TRUNC(ROUND((1+$F$5)*G25,2),2) -> 4.56 | I25: =TRUNC(ROUND(F25*H25,2),2) -> 80.48 | J25: 10280 | K25: =I25/$I$196 -> 0.00016285655
A26: 1.1.16 | B26: 010326 | C26: DER-ES | D26: =VLOOKUP(J26,'SERVIÇOS DER 12-25'!A29:G1520,3,0) -> Remoção manual de trama de madeira para cobertura, com reaproveitamento | E26: =VLOOKUP(J26,'SERVIÇOS DER 12-25'!A29:G1520,4,0) -> m2 | F26: =MC!J92 -> 45.77 | G26: =VLOOKUP(J26,'SERVIÇOS DER 12-25'!A29:G1520,6,0) -> 31.9 | H26: =TRUNC(ROUND((1+$F$5)*G26,2),2) -> 42.51 | I26: =TRUNC(ROUND(F26*H26,2),2) -> 1945.68 | J26: 10326 | K26: =I26/$I$196 -> 0.0039372108
A27: 1.1.17 | B27: COMP-01 | D27: Remoção de trama metálica para cobertura, de forma manual, sem reaproveitamento | E27: m2 | F27: =MC!J96 -> 17.65 | G27: ='COMP-01'!I30 -> 36.717012 | H27: =TRUNC(ROUND((1+$F$5)*G27,2),2) -> 48.93 | I27: =TRUNC(ROUND(F27*H27,2),2) -> 863.61 | K27: =I27/$I$196 -> 0.0017475713
A28: 1.2 | B28: 0105 | C28: DER-ES | D28: =VLOOKUP(J28,'SERVIÇOS DER 12-25'!A31:G1522,3,0) -> LOCAÇÃO | J28: 105 | K28: =I28/$I$196 -> 0
A29: 1.2.1 | B29: 010501 | C29: DER-ES | D29: =VLOOKUP(J29,'SERVIÇOS DER 12-25'!A32:G1523,3,0) -> Locação de obra com gabarito de madeira | E29: =VLOOKUP(J29,'SERVIÇOS DER 12-25'!A32:G1523,4,0) -> m2 | F29: =MC!J100 -> 75.8 | G29: =VLOOKUP(J29,'SERVIÇOS DER 12-25'!A32:G1523,6,0) -> 12.14 | H29: =TRUNC(ROUND((1+$F$5)*G29,2),2) -> 16.18 | I29: =TRUNC(ROUND(F29*H29,2),2) -> 1226.44 | J29: 10501 | K29: =I29/$I$196 -> 0.0024817816
D30: SUB-TOTAL 01 | I30: =SUM(I10:I29) -> 13009.84
A31: 2 | B31: 02 | D31: =VLOOKUP(J31,'SERVIÇOS DER 12-25'!A34:G1525,3,0) -> INSTALAÇÃO DO CANTEIRO DE OBRAS | I31: =I44 -> 53036.71 | J31: 2
A32: 2.1 | B32: 0203 | C32: DER-ES | D32: =VLOOKUP(J32,'SERVIÇOS DER 12-25'!A35:G1526,3,0) -> TAPUMES, BARRACÕES E COBERTURAS | J32: 203
A33: 2.1.1 | B33: 020305 | C33: DER-ES | D33: =VLOOKUP(J33,'SERVIÇOS DER 12-25'!A36:G1527,3,0) -> Placa de obra nas dimensões de 2.0 x 4.0 m, padrão DER | E33: =VLOOKUP(J33,'SERVIÇOS DER 12-25'!A36:G1527,4,0) -> m2 | F33: =MC!J106 -> 8 | G33: =VLOOKUP(J33,'SERVIÇOS DER 12-25'!A36:G1527,6,0) -> 241.93 | H33: =TRUNC(ROUND((1+$F$5)*G33,2),2) -> 322.37 | I33: =TRUNC(ROUND(F33*H33,2),2) -> 2578.96 | J33: 20305 | K33: =I33/$I$196 -> 0.0052186943
A34: 2.1.2 | B34: 020350 | C34: DER-ES | D34: =VLOOKUP(J34,'SERVIÇOS DER 12-25'!A37:G1528,3,0) -> Tapume Telha Metálica Ondulada em aço galvalume 0,50mm Branca h=2,20m, incl. montagem estr. mad. 8"x8", c/adesivo "DER-ES" 60x60cm a cada 10m, incl. faixas pint. esmalte sint. cores azul c/ h=30cm e rosa c/ h=10cm (Reaproveitamento 2x) | E34: =VLOOKUP(J34,'SERVIÇOS DER 12-25'!A37:G1528,4,0) -> m | F34: =MC!J110 -> 10 | G34: =VLOOKUP(J34,'SERVIÇOS DER 12-25'!A37:G1528,6,0) -> 142.25 | H34: =TRUNC(ROUND((1+$F$5)*G34,2),2) -> 189.55 | I34: =TRUNC(ROUND(F34*H34,2),2) -> 1895.5 | J34: 20350 | K34: =I34/$I$196 -> 0.0038356683
A35: 2.1.3 | B35: 020352 | C35: DER-ES | D35: =VLOOKUP(J35,'SERVIÇOS DER 12-25'!A38:G1529,3,0) -> Aluguel mensal container para escritório, dim. 6.00x2.40m, c/ banheiro (vaso+lavat+chuveiro e básc), incl. porta, 2 janelas, abert p/ ar cond., 2 pt iluminação, 2 tom. elét. e 1 tom.telef. Isolam.térmico(teto e paredes), piso em comp. Naval, cert. NR18, incl. laudo descontaminação. | E35: =VLOOKUP(J35,'SERVIÇOS DER 12-25'!A38:G1529,4,0) -> ms | F35: =MC!J114 -> 6 | G35: =VLOOKUP(J35,'SERVIÇOS DER 12-25'!A38:G1529,6,0) -> 1232.33 | H35: =TRUNC(ROUND((1+$F$5)*G35,2),2) -> 1642.08 | I35: =TRUNC(ROUND(F35*H35,2),2) -> 9852.48 | J35: 20352 | K35: =I35/$I$196 -> 0.019937138
A36: 2.1.4 | B36: 020344 | C36: DER-ES | D36: =VLOOKUP(J36,'SERVIÇOS DER 12-25'!A39:G1530,3,0) -> Mobilização e desmobilização de conteiner locado para barracão de obra | E36: =VLOOKUP(J36,'SERVIÇOS DER 12-25'!A39:G1530,4,0) -> und | F36: =MC!J118 -> 2 | G36: =VLOOKUP(J36,'SERVIÇOS DER 12-25'!A39:G1530,6,0) -> 1766.67 | H36: =TRUNC(ROUND((1+$F$5)*G36,2),2) -> 2354.09 | I36: =TRUNC(ROUND(F36*H36,2),2) -> 4708.18 | J36: 20344 | K36: =I36/$I$196 -> 0.0095273103
A37: 2.1.5 | B37: 020339 | C37: DER-ES | D37: =VLOOKUP(J37,'SERVIÇOS DER 12-25'!A40:G1531,3,0) -> Locação de andaime metálico para trabalho em fachada de edifíco (aluguel de 1 m² por 1 mês) inclusive frete, montagem e desmontagem | E37: =VLOOKUP(J37,'SERVIÇOS DER 12-25'!A40:G1531,4,0) -> m2 | F37: =MC!J122 -> 189.42 | G37: =VLOOKUP(J37,'SERVIÇOS DER 12-25'!A40:G1531,6,0) -> 26.21 | H37: =TRUNC(ROUND((1+$F$5)*G37,2),2) -> 34.92 | I37: =TRUNC(ROUND(F37*H37,2),2) -> 6614.55 | J37: 20339 | K37: =I37/$I$196 -> 0.013384975
A38: 2.2 | B38: 0207 | C38: DER-ES | D38: =VLOOKUP(J38,'SERVIÇOS DER 12-25'!A41:G1532,3,0) -> INSTALAÇÃO DO CANTEIRO DE OBRAS (UTILIZAÇÃO 1 VEZ), PROJETO PADRÃO LABOR - NR.18 (OBRAS COM PRAZO DE EXECUÇÃO SUPERIOR A 12 MESES) | J38: 207 | K38: =I38/$I$196 -> 0
A39: 2.2.1 | B39: 020713 | C39: DER-ES | D39: =VLOOKUP(J39,'SERVIÇOS DER 12-25'!A42:G1533,3,0) -> Rede de luz, incl. padrão entrada de energia trifás., cabo de ligação até barracões, quadro de distrib., disj. e chave de força (quando necessário), cons. 20m entre padrão entrada e QDG, conf. projeto (1 utilização) | E39: =VLOOKUP(J39,'SERVIÇOS DER 12-25'!A42:G1533,4,0) -> m | F39: =MC!J127 -> 20 | G39: =VLOOKUP(J39,'SERVIÇOS DER 12-25'!A42:G1533,6,0) -> 486.77 | H39: =TRUNC(ROUND((1+$F$5)*G39,2),2) -> 648.62 | I39: =TRUNC(ROUND(F39*H39,2),2) -> 12972.4 | J39: 20713 | K39: =I39/$I$196 -> 0.0262505
A40: 2.2.2 | B40: 020714 | C40: DER-ES | D40: =VLOOKUP(J40,'SERVIÇOS DER 12-25'!A43:G1534,3,0) -> Rede de esgoto, contendo fossa e filtro, inclusive tubos e conexões de ligação entre caixas, considerando distância de 25m, conforme projeto (1 utilização) | E40: =VLOOKUP(J40,'SERVIÇOS DER 12-25'!A43:G1534,4,0) -> m | F40: =MC!J131 -> 20 | G40: =VLOOKUP(J40,'SERVIÇOS DER 12-25'!A43:G1534,6,0) -> 449.64 | H40: =TRUNC(ROUND((1+$F$5)*G40,2),2) -> 599.15 | I40: =TRUNC(ROUND(F40*H40,2),2) -> 11983 | J40: 20714 | K40: =I40/$I$196 -> 0.024248385
A41: 2.3 | B41: 0208 | C41: DER-ES | D41: =VLOOKUP(J41,'SERVIÇOS DER 12-25'!A44:G1535,3,0) -> INSTALAÇÃO DO CANTEIRO DE OBRAS (UTILIZAÇÃO 2 VEZES), PROJETO PADRÃO LABOR - NR.18 (OBRAS COM PRAZO DE EXECUÇÃO DE 6 A 12 MESES) | J41: 208 | K41: =I41/$I$196 -> 0
A42: 2.3.1 | B42: 020810 | C42: DER-ES | D42: =VLOOKUP(J42,'SERVIÇOS DER 12-25'!A45:G1536,3,0) -> Reservatório de poliestileno de 500 L, incl. suporte em madeira de 7x12cm e 5x7cm, elevado de 4m, conforme projeto (2 utilizações) | E42: =VLOOKUP(J42,'SERVIÇOS DER 12-25'!A45:G1536,4,0) -> und | F42: =MC!J135 -> 1 | G42: =VLOOKUP(J42,'SERVIÇOS DER 12-25'!A45:G1536,6,0) -> 1024.87 | H42: =TRUNC(ROUND((1+$F$5)*G42,2),2) -> 1365.64 | I42: =TRUNC(ROUND(F42*H42,2),2) -> 1365.64 | J42: 20810 | K42: =I42/$I$196 -> 0.0027634619
A43: 2.3.2 | B43: 020812 | C43: DER-ES | D43: =VLOOKUP(J43,'SERVIÇOS DER 12-25'!A46:G1537,3,0) -> Rede de água, com padrão de entrada dágua diâm. 3/4", conf. espec. CESAN, incl. tubos e conexões para alimentação, distribuição, extravasor e limpeza, cons. o padrão a 25m, conf. projeto (2 utilizações) | E43: =VLOOKUP(J43,'SERVIÇOS DER 12-25'!A46:G1537,4,0) -> m | F43: =MC!J139 -> 20 | G43: =VLOOKUP(J43,'SERVIÇOS DER 12-25'!A46:G1537,6,0) -> 40 | H43: =TRUNC(ROUND((1+$F$5)*G43,2),2) -> 53.3 | I43: =TRUNC(ROUND(F43*H43,2),2) -> 1066 | J43: 20812 | K43: =I43/$I$196 -> 0.0021571207
D44: SUB-TOTAL 02 | I44: =SUM(I32:I43) -> 53036.71
A45: 3 | B45: 03 | D45: =VLOOKUP(J45,'SERVIÇOS DER 12-25'!A48:G1539,3,0) -> MOVIMENTO DE TERRA | I45: =I53 -> 9145.8 | J45: 3 | K45: =I45/$I$196 -> 0.018507125
A46: 3.1 | B46: 0301 | C46: DER-ES | D46: =VLOOKUP(J46,'SERVIÇOS DER 12-25'!A49:G1540,3,0) -> ESCAVAÇÕES | J46: 301 | K46: =I46/$I$196 -> 0
A47: 3.1.1 | B47: 030101 | C47: DER-ES | D47: =VLOOKUP(J47,'SERVIÇOS DER 12-25'!A50:G1541,3,0) -> Escavação manual em material de 1a. categoria, até 1.50 m de profundidade | E47: =VLOOKUP(J47,'SERVIÇOS DER 12-25'!A50:G1541,4,0) -> m3 | F47: =MC!J168 -> 27.52 | G47: =VLOOKUP(J47,'SERVIÇOS DER 12-25'!A50:G1541,6,0) -> 63.96 | H47: =TRUNC(ROUND((1+$F$5)*G47,2),2) -> 85.23 | I47: =TRUNC(ROUND(F47*H47,2),2) -> 2345.53 | J47: 30101 | K47: =I47/$I$196 -> 0.0047463334
A48: 3.2 | B48: 0302 | C48: DER-ES | D48: =VLOOKUP(J48,'SERVIÇOS DER 12-25'!A51:G1542,3,0) -> REATERRO E COMPACTAÇÃO | J48: 302 | K48: =I48/$I$196 -> 0
A49: 3.2.1 | B49: 030201 | C49: DER-ES | D49: =VLOOKUP(J49,'SERVIÇOS DER 12-25'!A52:G1543,3,0) -> Reaterro apiloado de cavas de fundação, em camadas de 20 cm | E49: =VLOOKUP(J49,'SERVIÇOS DER 12-25'!A52:G1543,4,0) -> m3 | F49: =MC!J175 -> 7.7 | G49: =VLOOKUP(J49,'SERVIÇOS DER 12-25'!A52:G1543,6,0) -> 68.88 | H49: =TRUNC(ROUND((1+$F$5)*G49,2),2) -> 91.78 | I49: =TRUNC(ROUND(F49*H49,2),2) -> 706.71 | J49: 30201 | K49: =I49/$I$196 -> 0.0014300739
A50: 3.2.2 | B50: 030208 | C50: DER-ES | D50: =VLOOKUP(J50,'SERVIÇOS DER 12-25'!A53:G1544,3,0) -> Aterro manual para regularização do terreno em argila, inclusive adensamento manual e fornecimento do material (máximo de 100m3) | E50: =VLOOKUP(J50,'SERVIÇOS DER 12-25'!A53:G1544,4,0) -> m3 | F50: =MC!J179 -> 3.02 | G50: =VLOOKUP(J50,'SERVIÇOS DER 12-25'!A53:G1544,6,0) -> 199.06 | H50: =TRUNC(ROUND((1+$F$5)*G50,2),2) -> 265.25 | I50: =TRUNC(ROUND(F50*H50,2),2) -> 801.06 | J50: 30208 | K50: =I50/$I$196 -> 0.0016209973
A51: 3.3 | B51: 0303 | C51: DER-ES | D51: =VLOOKUP(J51,'SERVIÇOS DER 12-25'!A54:G1545,3,0) -> TRANSPORTES | J51: 303 | K51: =I51/$I$196 -> 0
A52: 3.3.1 | B52: 030304 | C52: DER-ES | D52: =VLOOKUP(J52,'SERVIÇOS DER 12-25'!A55:G1546,3,0) -> Índice de preço para remoção de entulho decorrente da execução de obras (Classe A CONAMA - NBR 10.004 - Classe II-B), incluindo aluguel da caçamba, carga, transporte e descarga em área licenciada | E52: =VLOOKUP(J52,'SERVIÇOS DER 12-25'!A55:G1546,4,0) -> m3 | F52: =MC!J198 -> 42.99 | G52: =VLOOKUP(J52,'SERVIÇOS DER 12-25'!A55:G1546,6,0) -> 92.39 | H52: =TRUNC(ROUND((1+$F$5)*G52,2),2) -> 123.11 | I52: =TRUNC(ROUND(F52*H52,2),2) -> 5292.5 | J52: 30304 | K52: =I52/$I$196 -> 0.01070972
D53: SUB-TOTAL 03 | I53: =SUM(I46:I52) -> 9145.8
A54: 4 | B54: 04 | D54: =VLOOKUP(J54,'SERVIÇOS DER 12-25'!A57:G1548,3,0) -> ESTRUTURAS | I54: =I67 -> 115591.26 | J54: 4
A55: 4.1 | B55: 0402 | C55: DER-ES | D55: =VLOOKUP(J55,'SERVIÇOS DER 12-25'!A58:G1549,3,0) -> INFRA-ESTRUTURA (FUNDAÇÃO) | J55: 402 | K55: =I55/$I$196 -> 0
A56: 4.1.1 | B56: 040206 | C56: DER-ES | D56: =VLOOKUP(J56,'SERVIÇOS DER 12-25'!A59:G1550,3,0) -> Fôrma de tábua de madeira de 2.5 x 30.0 cm para fundações, levando-se em conta a utilização 5 vezes (incluido o material, corte, montagem, escoramento e desforma) | E56: =VLOOKUP(J56,'SERVIÇOS DER 12-25'!A59:G1550,4,0) -> m2 | F56: =MC!J204 -> 151.46 | G56: =VLOOKUP(J56,'SERVIÇOS DER 12-25'!A59:G1550,6,0) -> 89.05 | H56: =TRUNC(ROUND((1+$F$5)*G56,2),2) -> 118.66 | I56: =TRUNC(ROUND(F56*H56,2),2) -> 17972.24 | J56: 40206 | K56: =I56/$I$196 -> 0.036368004
A57: 4.1.2 | B57: 040224 | C57: DER-ES | D57: =VLOOKUP(J57,'SERVIÇOS DER 12-25'!A60:G1551,3,0) -> Fornecimento, preparo e aplicação de concreto Fck = 30 MPa (com brita 1 e 2) - (5% de perdas já incluído no custo) | E57: =VLOOKUP(J57,'SERVIÇOS DER 12-25'!A60:G1551,4,0) -> m3 | F57: =MC!J208 -> 18.85 | G57: =VLOOKUP(J57,'SERVIÇOS DER 12-25'!A60:G1551,6,0) -> 821.75 | H57: =TRUNC(ROUND((1+$F$5)*G57,2),2) -> 1094.98 | I57: =TRUNC(ROUND(F57*H57,2),2) -> 20640.37 | J57: 40224 | K57: =I57/$I$196 -> 0.041767139
A58: 4.1.3 | B58: 040231 | C58: DER-ES | D58: =VLOOKUP(J58,'SERVIÇOS DER 12-25'!A61:G1552,3,0) -> Fornecimento, preparo e aplicação de concreto magro com consumo mínimo de cimento de 250 kg/m3 (brita 1 e 2) - (5% de perdas já incluído no custo) | E58: =VLOOKUP(J58,'SERVIÇOS DER 12-25'!A61:G1552,4,0) -> m3 | F58: =MC!J239 -> 0.97 | G58: =VLOOKUP(J58,'SERVIÇOS DER 12-25'!A61:G1552,6,0) -> 728.06 | H58: =TRUNC(ROUND((1+$F$5)*G58,2),2) -> 970.14 | I58: =TRUNC(ROUND(F58*H58,2),2) -> 941.04 | J58: 40231 | K58: =I58/$I$196 -> 0.001904256
A59: 4.1.4 | B59: 040243 | C59: DER-ES | D59: =VLOOKUP(J59,'SERVIÇOS DER 12-25'!A62:G1553,3,0) -> Fornecimento, dobragem e colocação em fôrma, de armadura CA-50 A média, diâmetro de 6.3 a 10.0 mm | E59: =VLOOKUP(J59,'SERVIÇOS DER 12-25'!A62:G1553,4,0) -> kg | F59: =MC!J243 -> 473.3 | G59: =VLOOKUP(J59,'SERVIÇOS DER 12-25'!A62:G1553,6,0) -> 10.61 | H59: =TRUNC(ROUND((1+$F$5)*G59,2),2) -> 14.14 | I59: =TRUNC(ROUND(F59*H59,2),2) -> 6692.46 | J59: 40243 | K59: =I59/$I$196 -> 0.013542631
A60: 4.1.5 | B60: 040245 | C60: DER-ES | D60: =VLOOKUP(J60,'SERVIÇOS DER 12-25'!A63:G1554,3,0) -> Fornecimento, dobragem e colocação em fôrma, de armadura CA-50 A grossa diâmetro de 12.5 a 25.0 mm (1/2 a 1") | E60: =VLOOKUP(J60,'SERVIÇOS DER 12-25'!A63:G1554,4,0) -> kg | F60: =MC!J247 -> 486.4 | G60: =VLOOKUP(J60,'SERVIÇOS DER 12-25'!A63:G1554,6,0) -> 11.27 | H60: =TRUNC(ROUND((1+$F$5)*G60,2),2) -> 15.02 | I60: =TRUNC(ROUND(F60*H60,2),2) -> 7305.73 | J60: 40245 | K60: =I60/$I$196 -> 0.014783623
A61: 4.1.6 | B61: 040246 | C61: DER-ES | D61: =VLOOKUP(J61,'SERVIÇOS DER 12-25'!A64:G1555,3,0) -> Fornecimento, dobragem e colocação em fôrma, de armadura CA-60 B fina, diâmetro de 4.0 a 7.0mm | E61: =VLOOKUP(J61,'SERVIÇOS DER 12-25'!A64:G1555,4,0) -> kg | F61: =MC!J251 -> 192.3 | G61: =VLOOKUP(J61,'SERVIÇOS DER 12-25'!A64:G1555,6,0) -> 10.78 | H61: =TRUNC(ROUND((1+$F$5)*G61,2),2) -> 14.36 | I61: =TRUNC(ROUND(F61*H61,2),2) -> 2761.43 | J61: 40246 | K61: =I61/$I$196 -> 0.0055879343
A62: 4.2 | B62: 0403 | C62: DER-ES | D62: =VLOOKUP(J62,'SERVIÇOS DER 12-25'!A65:G1556,3,0) -> SUPER-ESTRUTURA | J62: 403 | K62: =I62/$I$196 -> 0
A63: 4.2.1 | B63: 040315 | C63: DER-ES | D63: =VLOOKUP(J63,'SERVIÇOS DER 12-25'!A66:G1557,3,0) -> Fornecimento, preparo e aplicação de concreto Fck = 30 MPa (com brita 1 e 2) - (5% de perdas já incluído no custo) | E63: =VLOOKUP(J63,'SERVIÇOS DER 12-25'!A66:G1557,4,0) -> m3 | F63: =MC!J257 -> 14.75 | G63: =VLOOKUP(J63,'SERVIÇOS DER 12-25'!A66:G1557,6,0) -> 945.07 | H63: =TRUNC(ROUND((1+$F$5)*G63,2),2) -> 1259.31 | I63: =TRUNC(ROUND(F63*H63,2),2) -> 18574.82 | J63: 40315 | K63: =I63/$I$196 -> 0.037587364
A64: 4.2.2 | B64: 040328 | C64: DER-ES | D64: =VLOOKUP(J64,'SERVIÇOS DER 12-25'!A67:G1558,3,0) -> Fornecimento, dobragem e colocação em fôrma, de armadura CA-50 A média, diâmetro de 6.3 a 10.0 mm | E64: =VLOOKUP(J64,'SERVIÇOS DER 12-25'!A67:G1558,4,0) -> kg | F64: =MC!J262 -> 608.4 | G64: =VLOOKUP(J64,'SERVIÇOS DER 12-25'!A67:G1558,6,0) -> 10.61 | H64: =TRUNC(ROUND((1+$F$5)*G64,2),2) -> 14.14 | I64: =TRUNC(ROUND(F64*H64,2),2) -> 8602.78 | J64: 40328 | K64: =I64/$I$196 -> 0.017408288
A65: 4.2.3 | B65: 040333 | C65: DER-ES | D65: =VLOOKUP(J65,'SERVIÇOS DER 12-25'!A68:G1559,3,0) -> Fornecimento, dobragem e colocação em fôrma, de armadura CA-60 B fina, diâmetro de 4.0 a 7.0mm | E65: =VLOOKUP(J65,'SERVIÇOS DER 12-25'!A68:G1559,4,0) -> kg | F65: =MC!J267 -> 227.4 | G65: =VLOOKUP(J65,'SERVIÇOS DER 12-25'!A68:G1559,6,0) -> 10.78 | H65: =TRUNC(ROUND((1+$F$5)*G65,2),2) -> 14.36 | I65: =TRUNC(ROUND(F65*H65,2),2) -> 3265.46 | J65: 40333 | K65: =I65/$I$196 -> 0.006607872
A66: 4.2.4 | B66: 040337 | C66: DER-ES | D66: =VLOOKUP(J66,'SERVIÇOS DER 12-25'!A69:G1560,3,0) -> Fôrma em chapa de madeira compensada plastificada 12mm para estrutura em geral, 5 reaproveitamentos, reforçada com sarrafos de madeira 2.5x10cm (incl material, corte, montagem, escoras em eucalipto e desforma) | E66: =VLOOKUP(J66,'SERVIÇOS DER 12-25'!A69:G1560,4,0) -> m2 | F66: =MC!J272 -> 198.26 | G66: =VLOOKUP(J66,'SERVIÇOS DER 12-25'!A69:G1560,6,0) -> 109.15 | H66: =TRUNC(ROUND((1+$F$5)*G66,2),2) -> 145.44 | I66: =TRUNC(ROUND(F66*H66,2),2) -> 28834.93 | J66: 40337 | K66: =I66/$I$196 -> 0.058349368
D67: SUB-TOTAL 04 | I67: =SUM(I55:I66) -> 115591.26
A68: 5 | B68: 05 | D68: =VLOOKUP(J68,'SERVIÇOS DER 12-25'!A71:G1562,3,0) -> PAREDES E PAINÉIS | I68: =I75 -> 9712.4 | J68: 5
A69: 5.1 | B69: 0506 | C69: DER-ES | D69: =VLOOKUP(J69,'SERVIÇOS DER 12-25'!A72:G1563,3,0) -> ALVENARIA DE VEDAÇÃO EMPREGANDO ARGAMASSA DE CIMENTO, CAL E AREIA | J69: 506 | K69: =I69/$I$196 -> 0
A70: 5.1.1 | B70: 050605 | C70: DER-ES | D70: =VLOOKUP(J70,'SERVIÇOS DER 12-25'!A73:G1564,3,0) -> Alvenaria de vedação com blocos cerâmicos furados 9x19x19cm, assentados c/ argamassa de cimento, cal hidratada CH1 e areia no traço 1:0,5:8, preparo com betoneira, juntas 10mm e esp. das paredes s/revestimento, 9cm (bloco comprado na praça de Vitória, posto obra) | E70: =VLOOKUP(J70,'SERVIÇOS DER 12-25'!A73:G1564,4,0) -> m2 | F70: =MC!J283 -> 76.27 | G70: =VLOOKUP(J70,'SERVIÇOS DER 12-25'!A73:G1564,6,0) -> 66.19 | H70: =TRUNC(ROUND((1+$F$5)*G70,2),2) -> 88.2 | I70: =TRUNC(ROUND(F70*H70,2),2) -> 6727.01 | J70: 50605 | K70: =I70/$I$196 -> 0.013612545
A71: 5.2 | B71: 0503 | C71: DER-ES | D71: =VLOOKUP(J71,'SERVIÇOS DER 12-25'!A74:G1565,3,0) -> VERGAS/CONTRAVERGA | J71: 503 | K71: =I71/$I$196 -> 0
A72: 5.2.1 | B72: 050301 | C72: DER-ES | D72: =VLOOKUP(J72,'SERVIÇOS DER 12-25'!A75:G1566,3,0) -> Verga/contraverga reta de concreto armado moldada in loco 10 x 5 cm, Fck = 15 MPa, inclusive forma, armação e desforma, comprimento inferior a 2.0 metros | E72: =VLOOKUP(J72,'SERVIÇOS DER 12-25'!A75:G1566,4,0) -> m | F72: =MC!J298 -> 29.65 | G72: =VLOOKUP(J72,'SERVIÇOS DER 12-25'!A75:G1566,6,0) -> 42.04 | H72: =TRUNC(ROUND((1+$F$5)*G72,2),2) -> 56.02 | I72: =TRUNC(ROUND(F72*H72,2),2) -> 1660.99 | J72: 50301 | K72: =I72/$I$196 -> 0.0033611219
A73: 5.3 | B73: 0505 | C73: DER-ES | D73: =VLOOKUP(J73,'SERVIÇOS DER 12-25'!A76:G1567,3,0) -> ALVENARIA ESTRUTURAL | J73: 505 | K73: =I73/$I$196 -> 0
A74: 5.3.1 | B74: 050501 | C74: DER-ES | D74: =VLOOKUP(J74,'SERVIÇOS DER 12-25'!A77:G1568,3,0) -> Alvenaria de blocos de concreto estrutural 14x19x39cm cheios "Classe B", com resistência mínima à compressão 15MPa, assentados c/ argamassa de cimento e areia média no traço 1:4, preparo com betoneira, esp. juntas 10mm e esp. da parede s/ revestimento 14cm | E74: =VLOOKUP(J74,'SERVIÇOS DER 12-25'!A77:G1568,4,0) -> m2 | F74: =MC!J307 -> 7 | G74: =VLOOKUP(J74,'SERVIÇOS DER 12-25'!A77:G1568,6,0) -> 141.99 | H74: =TRUNC(ROUND((1+$F$5)*G74,2),2) -> 189.2 | I74: =TRUNC(ROUND(F74*H74,2),2) -> 1324.4 | J74: 50501 | K74: =I74/$I$196 -> 0.0026800101
D75: SUB-TOTAL 05 | I75: =SUM(I69:I74) -> 9712.4 | K75: =I75/$I$196 -> 0.019653677
A76: 6 | B76: 06 | D76: =VLOOKUP(J76,'SERVIÇOS DER 12-25'!A79:G1570,3,0) -> ESQUADRIAS DE MADEIRA | I76: =I81 -> 2590.64 | J76: 6 | K76: =I76/$I$196 -> 0.0052423295
A77: 6.1 | B77: 0601 | C77: DER-ES | D77: =VLOOKUP(J77,'SERVIÇOS DER 12-25'!A80:G1571,3,0) -> MARCOS E ALIZARES | J77: 601 | K77: =I77/$I$196 -> 0
A78: 6.1.1 | B78: 060110 | C78: DER-ES | D78: =VLOOKUP(J78,'SERVIÇOS DER 12-25'!A81:G1572,3,0) -> Marco em madeira de lei tipo Peroba, Ipê, Angelim Pedra ou equivalente, com 15 x 3cm de batente | E78: =VLOOKUP(J78,'SERVIÇOS DER 12-25'!A81:G1572,4,0) -> m | F78: =MC!J313 -> 5.4 | G78: =VLOOKUP(J78,'SERVIÇOS DER 12-25'!A81:G1572,6,0) -> 81.14 | H78: =TRUNC(ROUND((1+$F$5)*G78,2),2) -> 108.12 | I78: =TRUNC(ROUND(F78*H78,2),2) -> 583.85 | J78: 60110 | K78: =I78/$I$196 -> 0.0011814587
A79: 6.2 | B79: 0613 | C79: DER-ES | D79: =VLOOKUP(J79,'SERVIÇOS DER 12-25'!A82:G1573,3,0) -> PORTA EM MADEIRA DE LEI TIPO ANGELIM PEDRA OU EQUIV.C/ENCHIMENTO EM MADEIRA 1A.QUALIDADE ESP. 30MM P/ PINTURA, INCLUSIVE ALIZARES, DOBRADIÇAS E FECHADURA EXTERNA, EXCLUSIVE MARCO | J79: 613 | K79: =I79/$I$196 -> 0
A80: 6.2.1 | B80: COMP-02 | D80: Porta em madeira de lei tipo angelim pedra ou equivalente,esp. 30 a 35mm c/ enchimento em madeira 1a qualidade, tipo sarrafeada para pintura, inclusive alizares, dobradiças e fechadura tipo alavanca em latão cromado LaFonte ou equivalente, exclusive marco, nas dimensões: 1,20 x 2,10 m | E80: und | F80: =MC!J318 -> 1 | G80: ='COMP-02'!I31 -> 1506.035 | H80: =TRUNC(ROUND((1+$F$5)*G80,2),2) -> 2006.79 | I80: =TRUNC(ROUND(F80*H80,2),2) -> 2006.79 | K80: =I80/$I$196 -> 0.0040608709
D81: SUB-TOTAL 06 | I81: =SUM(I78:I80) -> 2590.64
A82: 7 | B82: 07 | C82: DER-ES | D82: =VLOOKUP(J82,'SERVIÇOS DER 12-25'!A85:G1576,3,0) -> ESQUADRIAS METÁLICAS | I82: =I85 -> 21924.9 | J82: 7
A83: 7.1 | B83: 0711 | C83: DER-ES | D83: =VLOOKUP(J83,'SERVIÇOS DER 12-25'!A86:G1577,3,0) -> GRADES E PORTÕES | J83: 711 | K83: =I83/$I$196 -> 0
A84: 7.1.1 | B84: 071105 | C84: DER-ES | D84: =VLOOKUP(J84,'SERVIÇOS DER 12-25'!A87:G1578,3,0) -> Grade de ferro em barra chata, inclusive chumbamento | E84: =VLOOKUP(J84,'SERVIÇOS DER 12-25'!A87:G1578,4,0) -> m2 | F84: =MC!J334 -> 42.99 | G84: =VLOOKUP(J84,'SERVIÇOS DER 12-25'!A87:G1578,6,0) -> 382.74 | H84: =TRUNC(ROUND((1+$F$5)*G84,2),2) -> 510 | I84: =TRUNC(ROUND(F84*H84,2),2) -> 21924.9 | J84: 71105 | K84: =I84/$I$196 -> 0.04436647
D85: SUB-TOTAL 07 | I85: =SUM(I83:I84) -> 21924.9
A86: 8 | B86: 09 | C86: DER-ES | D86: =VLOOKUP(J86,'SERVIÇOS DER 12-25'!A89:G1580,3,0) -> COBERTURA | I86: =I95 -> 21642.55 | J86: 9
A87: 8.1 | B87: 0901 | C87: DER-ES | D87: =VLOOKUP(J87,'SERVIÇOS DER 12-25'!A90:G1581,3,0) -> ESTRUTURA PARA TELHADO | J87: 901
A88: 8.1.1 | B88: COMP-03 | D88: Trama de aço composta por terças para telhados de até 2 águas para telha ondulada de fibrocimento, metálica, plástica ou termoacústica, incluso transporte vertical | E88: m2 | F88: =MC!J340 -> 17.14 | G88: ='COMP-03'!I30 -> 49.680914 | H88: =TRUNC(ROUND((1+$F$5)*G88,2),2) -> 66.2 | I88: =TRUNC(ROUND(F88*H88,2),2) -> 1134.67 | K88: =I88/$I$196 -> 0.002296079
A89: 8.2 | B89: 0902 | C89: DER-ES | D89: =VLOOKUP(J89,'SERVIÇOS DER 12-25'!A92:G1583,3,0) -> TELHADO | J89: 902 | K89: =I89/$I$196 -> 0
A90: 8.2.1 | B90: 090219 | C90: DER-ES | D90: =VLOOKUP(J90,'SERVIÇOS DER 12-25'!A93:G1584,3,0) -> Cobertura em telha ondulada de alumínio, esp. 0.5mm, inclusive acessórios de fixação | E90: =VLOOKUP(J90,'SERVIÇOS DER 12-25'!A93:G1584,4,0) -> m2 | F90: =MC!J345 -> 17.14 | G90: =VLOOKUP(J90,'SERVIÇOS DER 12-25'!A93:G1584,6,0) -> 90.9 | H90: =TRUNC(ROUND((1+$F$5)*G90,2),2) -> 121.12 | I90: =TRUNC(ROUND(F90*H90,2),2) -> 2076 | J90: 90219 | K90: =I90/$I$196 -> 0.0042009218
A91: 8.3 | B91: 0903 | C91: DER-ES | D91: =VLOOKUP(J91,'SERVIÇOS DER 12-25'!A94:G1585,3,0) -> RUFOS E CALHAS | J91: 903 | K91: =I91/$I$196 -> 0
A92: 8.3.1 | B92: 090312 | C92: DER-ES | D92: =VLOOKUP(J92,'SERVIÇOS DER 12-25'!A95:G1586,3,0) -> Calha em chapa galvanizada com largura de 40 cm | E92: =VLOOKUP(J92,'SERVIÇOS DER 12-25'!A95:G1586,4,0) -> m | F92: =MC!J352 -> 36.17 | G92: =VLOOKUP(J92,'SERVIÇOS DER 12-25'!A95:G1586,6,0) -> 257.4 | H92: =TRUNC(ROUND((1+$F$5)*G92,2),2) -> 342.99 | I92: =TRUNC(ROUND(F92*H92,2),2) -> 12405.95 | J92: 90312 | K92: =I92/$I$196 -> 0.025104252
A93: 8.4 | B93: 0904 | C93: DER-ES | D93: =VLOOKUP(J93,'SERVIÇOS DER 12-25'!A96:G1587,3,0) -> PLATIBANDA | J93: 904 | K93: =I93/$I$196 -> 0
A94: 8.4.1 | B94: COMP-04 | C94: DER-ES | D94: Platibanda de alvenaria de bloco cerâmico 10x20x20cm, assentado com argamassa de cimento, cal hidratada CH1 e areia no traço 1:0,5:8, amarrada com pilaretes em conc. arm. a cada 2m, excl. revest. | E94: m | F94: =MC!J364 -> 34.12 | G94: ='COMP-04'!I42 -> 132.54394 | H94: =TRUNC(ROUND((1+$F$5)*G94,2),2) -> 176.61 | I94: =TRUNC(ROUND(F94*H94,2),2) -> 6025.93 | K94: =I94/$I$196 -> 0.012193864
D95: SUB-TOTAL 08 | I95: =SUM(I87:I94) -> 21642.55
A96: 9 | B96: 10 | D96: =VLOOKUP(J96,'SERVIÇOS DER 12-25'!A99:G1590,3,0) -> IMPERMEABILIZAÇÃO | I96: =I100 -> 45309.83 | J96: 10
A97: 9.1 | B97: 1002 | C97: DER-ES | D97: =VLOOKUP(J97,'SERVIÇOS DER 12-25'!A100:G1591,3,0) -> IMPERMEABILIZAÇÃO CALHAS, LAJES DESCOBERTAS, BALDRAMES, PAREDES E JARDINEIRAS | J97: 1002
A98: 9.1.1 | B98: 100203 | C98: DER-ES | D98: =VLOOKUP(J98,'SERVIÇOS DER 12-25'!A101:G1592,3,0) -> Pintura impermeabilizante com igolflex ou equivalente a 3 demãos | E98: =VLOOKUP(J98,'SERVIÇOS DER 12-25'!A101:G1592,4,0) -> m2 | F98: =MC!J370 -> 151.46 | G98: =VLOOKUP(J98,'SERVIÇOS DER 12-25'!A101:G1592,6,0) -> 45.92 | H98: =TRUNC(ROUND((1+$F$5)*G98,2),2) -> 61.19 | I98: =TRUNC(ROUND(F98*H98,2),2) -> 9267.84 | J98: 100203 | K98: =I98/$I$196 -> 0.018754081
A99: 9.1.2 | B99: 100208 | C99: DER-ES | D99: =VLOOKUP(J99,'SERVIÇOS DER 12-25'!A102:G1593,3,0) -> Índice de imperm.c/ manta asfáltica atendendo NBR 9952, asfalto polimerizado esp.3mm, reforç.c/ filme int. polietileno, regul. base c/ arg.1:4 esp.mín.15mm, proteção mec. arg.1:4 esp.20mm, imprimação e juntas dilat. | E99: =VLOOKUP(J99,'SERVIÇOS DER 12-25'!A102:G1593,4,0) -> m2 | F99: =MC!J378 -> 72.42 | G99: =VLOOKUP(J99,'SERVIÇOS DER 12-25'!A102:G1593,6,0) -> 373.49 | H99: =TRUNC(ROUND((1+$F$5)*G99,2),2) -> 497.68 | I99: =TRUNC(ROUND(F99*H99,2),2) -> 36041.99 | J99: 100208 | K99: =I99/$I$196 -> 0.072933325
D100: SUB-TOTAL 09 | I100: =SUM(I97:I99) -> 45309.83
A101: 10 | B101: 11 | D101: =VLOOKUP(J101,'SERVIÇOS DER 12-25'!A104:G1595,3,0) -> TETOS E FORROS | I101: =I106 -> 12562.8 | J101: 11
...

Sheet PLANILHA ORÇAMENTÁRIA
A1: PREFEITURA MUNICIPAL DE JOÃO NEIVA
A2: PLANILHA ORÇAMENTÁRIA
B4: OBRA: CONSTRUÇÃO DE ACESSO ENTRE OS BLOCOS E FORNECIMENTO E INSTALAÇÃO DE PLATAFORMA ELEVATÓRIA PARA ACESSIBILIDADE NA EMEIF JOSÉ REBUZZI SARCINELLI LOCALIZADA NO MUNICÍPIO DE JOÃO NEIVA/ES | E4: L. SOCIAIS: | F4: 1.5727 | G4: TABELA DE REFERÊNCIA: DER/ES Edificações / SINAPI-ES
B5: LOCAL: BAIRRO CRISTAL, JOÃO NEIVA-ES | E5: BDI: | F5: 33,25% | H5: DATA-BASE: | I5: 45992
B6: ORÇAMENTISTA: ARQ./URB. BRUNA PEROVANO SIRTULI CAU-ES A187736-4 / ARQ./URB. THAÍS BAPTISTA CAU-ES A181604-7 | E6: BDI DIF. | F6: 0.1557
A7: ITEM | B7: CÓDIGO | C7: ORGÃO | D7: DESCRIÇÃO SERVIÇO | E7: UNIDADE | F7: QUANTIDADE | G7: CUSTO (R$)
G8: UNITÁRIO | H8: UNITÁRIO C/ BDI | I8: TOTAL
A9: 1 | B9: 01 | D9: =VLOOKUP(J9,'SERVIÇOS DER 12-25'!A12:G1503,3,0) -> SERVIÇOS PRELIMINARES | J9: 1
A10: 1.1 | B10: 0102 | C10: DER-ES | D10: =VLOOKUP(J10,'SERVIÇOS DER 12-25'!A13:G1504,3,0) -> DEMOLIÇÕES E RETIRADAS | J10: 102
A11: 1.1.1 | B11: 010201 | C11: DER-ES | D11: =VLOOKUP(J11,'SERVIÇOS DER 12-25'!A14:G1505,3,0) -> Demolição manual de piso cimentado espessura de 1,5 cm, inclusive lastro de concreto espessura de 6,0 cm, sem reaproveitamento | E11: =VLOOKUP(J11,'SERVIÇOS DER 12-25'!A14:G1505,4,0) -> m2 | F11: =MC!J12 -> 30.1 | G11: =VLOOKUP(J11,'SERVIÇOS DER 12-25'!A14:G1505,6,0) -> 16.92 | H11: =TRUNC(ROUND((1+$F$5)*G11,2),2) -> 22.55 | I11: =TRUNC(ROUND(F11*H11,2),2) -> 678.76 | J11: 10201 | K11: =I11/$I$196 -> 0.0013735153
A12: 1.1.2 | B12: 010202 | C12: DER-ES | D12: =VLOOKUP(J12,'SERVIÇOS DER 12-25'!A15:G1506,3,0) -> Demolição manual de revestimento cerâmico/porcelanato (pisos), exclusive lastro, sem reaproveitamento | E12: =VLOOKUP(J12,'SERVIÇOS DER 12-25'!A15:G1506,4,0) -> m2 | F12: =MC!J19 -> 23.04 | G12: =VLOOKUP(J12,'SERVIÇOS DER 12-25'!A15:G1506,6,0) -> 21.13 | H12: =TRUNC(ROUND((1+$F$5)*G12,2),2) -> 28.16 | I12: =TRUNC(ROUND(F12*H12,2),2) -> 648.81 | J12: 10202 | K12: =I12/$I$196 -> 0.0013129095
A13: 1.1.3 | B13: 010203 | C13: DER-ES | D13: =VLOOKUP(J13,'SERVIÇOS DER 12-25'!A16:G1507,3,0) -> Demolição manual de revestimento cerâmico/porcelanato (pisos), inclusive lastro de concreto espessura de 6,0 cm, sem reaproveitamento | E13: =VLOOKUP(J13,'SERVIÇOS DER 12-25'!A16:G1507,4,0) -> m2 | F13: =MC!J23 -> 25.18 | G13: =VLOOKUP(J13,'SERVIÇOS DER 12-25'!A16:G1507,6,0) -> 34.67 | H13: =TRUNC(ROUND((1+$F$5)*G13,2),2) -> 46.2 | I13: =TRUNC(ROUND(F13*H13,2),2) -> 1163.32 | J13: 10203 | K13: =I13/$I$196 -> 0.0023540541
A14: 1.1.4 | B14: 010208 | C14: DER-ES | D14: =VLOOKUP(J14,'SERVIÇOS DER 12-25'!A17:G1508,3,0) -> Retirada manual de revestimento em argamassa cimento e areia (emboço e reboco), sem reaproveitamento | E14: =VLOOKUP(J14,'SERVIÇOS DER 12-25'!A17:G1508,4,0) -> m2 | F14: =MC!J29 -> 42.13 | G14: =VLOOKUP(J14,'SERVIÇOS DER 12-25'!A17:G1508,6,0) -> 10.73 | H14: =TRUNC(ROUND((1+$F$5)*G14,2),2) -> 14.3 | I14: =TRUNC(ROUND(F14*H14,2),2) -> 602.46 | J14: 10208 | K14: =I14/$I$196 -> 0.0012191172
A15: 1.1.5 | B15: 010209 | C15: DER-ES | D15: =VLOOKUP(J15,'SERVIÇOS DER 12-25'!A18:G1509,3,0) -> Demolição manual de alvenaria de bloco furado (cerâmico), sem reaproveitamento | E15: =VLOOKUP(J15,'SERVIÇOS DER 12-25'!A18:G1509,4,0) -> m3 | F15: =MC!J36 -> 1.55 | G15: =VLOOKUP(J15,'SERVIÇOS DER 12-25'!A18:G1509,6,0) -> 59.61 | H15: =TRUNC(ROUND((1+$F$5)*G15,2),2) -> 79.43 | I15: =TRUNC(ROUND(F15*H15,2),2) -> 123.12 | J15: 10209 | K15: =I15/$I$196 -> 0.00024914138
A16: 1.1.6 | B16: 010210 | C16: DER-ES | D16: =VLOOKUP(J16,'SERVIÇOS DER 12-25'!A19:G1510,3,0) -> Demolição manual de concreto simples, sem reaproveitamento | E16: =VLOOKUP(J16,'SERVIÇOS DER 12-25'!A19:G1510,4,0) -> m3 | F16: =MC!J41 -> 5.55 | G16: =VLOOKUP(J16,'SERVIÇOS DER 12-25'!A19:G1510,6,0) -> 225.81 | H16: =TRUNC(ROUND((1+$F$5)*G16,2),2) -> 300.89 | I16: =TRUNC(ROUND(F16*H16,2),2) -> 1669.94 | J16: 10210 | K16: =I16/$I$196 -> 0.0033792329
A17: 1.1.7 | B17: 010213 | C17: DER-ES | D17: =VLOOKUP(J17,'SERVIÇOS DER 12-25'!A20:G1511,3,0) -> Retirada manual cuidadosa de blocos pré-moldados de concreto (Blokret), inclusive limpeza e empilhamento para reaproveitamento | E17: =VLOOKUP(J17,'SERVIÇOS DER 12-25'!A20:G1511,4,0) -> m2 | F17: =MC!J46 -> 33.42 | G17: =VLOOKUP(J17,'SERVIÇOS DER 12-25'!A20:G1511,6,0) -> 17.93 | H17: =TRUNC(ROUND((1+$F$5)*G17,2),2) -> 23.89 | I17: =TRUNC(ROUND(F17*H17,2),2) -> 798.4 | J17: 10213 | K17: =I17/$I$196 -> 0.0016156146
A18: 1.1.8 | B18: 010214 | C18: DER-ES | D18: =VLOOKUP(J18,'SERVIÇOS DER 12-25'!A21:G1512,3,0) -> Retirada manual de portas e janelas de madeira, inclusive batentes (marcos), sem reaproveitamento | E18: =VLOOKUP(J18,'SERVIÇOS DER 12-25'!A21:G1512,4,0) -> m2 | F18: =MC!J50 -> 2.52 | G18: =VLOOKUP(J18,'SERVIÇOS DER 12-25'!A21:G1512,6,0) -> 23.54 | H18: =TRUNC(ROUND((1+$F$5)*G18,2),2) -> 31.37 | I18: =TRUNC(ROUND(F18*H18,2),2) -> 79.05 | J18: 10214 | K18: =I18/$I$196 -> 0.00015996285
A19: 1.1.9 | B19: 010219 | C19: DER-ES | D19: =VLOOKUP(J19,'SERVIÇOS DER 12-25'!A22:G1513,3,0) -> Demolição manual de concreto armado, sem reaproveitamento | E19: =VLOOKUP(J19,'SERVIÇOS DER 12-25'!A22:G1513,4,0) -> m3 | F19: =MC!J54 -> 0.1 | G19: =VLOOKUP(J19,'SERVIÇOS DER 12-25'!A22:G1513,6,0) -> 260.73 | H19: =TRUNC(ROUND((1+$F$5)*G19,2),2) -> 347.42 | I19: =TRUNC(ROUND(F19*H19,2),2) -> 34.74 | J19: 10219 | K19: =I19/$I$196 -> 7.0298663e-05
A20: 1.1.10 | B20: 010224 | C20: DER-ES | D20: =VLOOKUP(J20,'SERVIÇOS DER 12-25'!A23:G1514,3,0) -> Retirada manual de grades, gradis, alambrados, cercas e portões metálicos, inclusive remoção de argamassa de chumbamento, acessórios de fixação e corte de soldas | E20: =VLOOKUP(J20,'SERVIÇOS DER 12-25'!A23:G1514,4,0) -> m2 | F20: =MC!J60 -> 29.57 | G20: =VLOOKUP(J20,'SERVIÇOS DER 12-25'!A23:G1514,6,0) -> 13.7 | H20: =TRUNC(ROUND((1+$F$5)*G20,2),2) -> 18.26 | I20: =TRUNC(ROUND(F20*H20,2),2) -> 539.95 | J20: 10224 | K20: =I20/$I$196 -> 0.0010926242
A21: 1.1.11 | B21: 010225 | C21: DER-ES | D21: =VLOOKUP(J21,'SERVIÇOS DER 12-25'!A24:G1515,3,0) -> Retirada de bancada em granito, inclusive remoção de rodabanca e cantoneiras de fixação, sem reaproveitamento | E21: =VLOOKUP(J21,'SERVIÇOS DER 12-25'!A24:G1515,4,0) -> m2 | F21: =MC!J64 -> 0.83 | G21: =VLOOKUP(J21,'SERVIÇOS DER 12-25'!A24:G1515,6,0) -> 35.29 | H21: =TRUNC(ROUND((1+$F$5)*G21,2),2) -> 47.02 | I21: =TRUNC(ROUND(F21*H21,2),2) -> 39.03 | J21: 10225 | K21: =I21/$I$196 -> 7.8979759e-05
A22: 1.1.12 | B22: 010246 | C22: DER-ES | D22: =VLOOKUP(J22,'SERVIÇOS DER 12-25'!A25:G1516,3,0) -> Lixamento manual de parede com pintura PVA para nivelamento e preparo da superfície para recebimento de nova camada de tinta | E22: =VLOOKUP(J22,'SERVIÇOS DER 12-25'!A25:G1516,4,0) -> m2 | F22: =MC!J75 -> 304.74 | G22: =VLOOKUP(J22,'SERVIÇOS DER 12-25'!A25:G1516,6,0) -> 5.04 | H22: =TRUNC(ROUND((1+$F$5)*G22,2),2) -> 6.72 | I22: =TRUNC(ROUND(F22*H22,2),2) -> 2047.85 | J22: 10246 | K22: =I22/$I$196 -> 0.0041439585
A23: 1.1.13 | B23: 010255 | C23: DER-ES | D23: =VLOOKUP(J23,'SERVIÇOS DER 12-25'!A26:G1517,3,0) -> Remoção manual de telhas cerâmicas, tipo colonial, inclusive cumeeira, sem reaproveitamento | E23: =VLOOKUP(J23,'SERVIÇOS DER 12-25'!A26:G1517,4,0) -> m2 | F23: =MC!J79 -> 15.9 | G23: =VLOOKUP(J23,'SERVIÇOS DER 12-25'!A26:G1517,6,0) -> 15.67 | H23: =TRUNC(ROUND((1+$F$5)*G23,2),2) -> 20.88 | I23: =TRUNC(ROUND(F23*H23,2),2) -> 331.99 | J23: 10255 | K23: =I23/$I$196 -> 0.00067180349
A24: 1.1.14 | B24: 010256 | C24: DER-ES | D24: =VLOOKUP(J24,'SERVIÇOS DER 12-25'!A27:G1518,3,0) -> Remoção manual de telhas ondulada de fibrocimento, inclusive cumeeira, sem reaproveitamento | E24: =VLOOKUP(J24,'SERVIÇOS DER 12-25'!A27:G1518,4,0) -> m2 | F24: =MC!J83 -> 29.87 | G24: =VLOOKUP(J24,'SERVIÇOS DER 12-25'!A27:G1518,6,0) -> 3.42 | H24: =TRUNC(ROUND((1+$F$5)*G24,2),2) -> 4.56 | I24: =TRUNC(ROUND(F24*H24,2),2) -> 136.21 | J24: 10256 | K24: =I24/$I$196 -> 0.00027562985
A25: 1.1.15 | B25: 010280 | C25: DER-ES | D25: =VLOOKUP(J25,'SERVIÇOS DER 12-25'!A28:G1519,3,0) -> Remoção manual de telha metálica, exclusive trama, sem reaproveitamento | E25: =VLOOKUP(J25,'SERVIÇOS DER 12-25'!A28:G1519,4,0) -> m2 | F25: =MC!J87 -> 17.65 | G25: =VLOOKUP(J25,'SERVIÇOS DER 12-25'!A28:G1519,6,0) -> 3.42 | H25: =TRUNC(ROUND((1+$F$5)*G25,2),2) -> 4.56 | I25: =TRUNC(ROUND(F25*H25,2),2) -> 80.48 | J25: 10280 | K25: =I25/$I$196 -> 0.00016285655
A26: 1.1.16 | B26: 010326 | C26: DER-ES | D26: =VLOOKUP(J26,'SERVIÇOS DER 12-25'!A29:G1520,3,0) -> Remoção manual de trama de madeira para cobertura, com reaproveitamento | E26: =VLOOKUP(J26,'SERVIÇOS DER 12-25'!A29:G1520,4,0) -> m2 | F26: =MC!J92 -> 45.77 | G26: =VLOOKUP(J26,'SERVIÇOS DER 12-25'!A29:G1520,6,0) -> 31.9 | H26: =TRUNC(ROUND((1+$F$5)*G26,2),2) -> 42.51 | I26: =TRUNC(ROUND(F26*H26,2),2) -> 1945.68 | J26: 10326 | K26: =I26/$I$196 -> 0.0039372108
A27: 1.1.17 | B27: COMP-01 | D27: Remoção de trama metálica para cobertura, de forma manual, sem reaproveitamento | E27: m2 | F27: =MC!J96 -> 17.65 | G27: ='COMP-01'!I30 -> 36.717012 | H27: =TRUNC(ROUND((1+$F$5)*G27,2),2) -> 48.93 | I27: =TRUNC(ROUND(F27*H27,2),2) -> 863.61 | K27: =I27/$I$196 -> 0.0017475713
A28: 1.2 | B28: 0105 | C28: DER-ES | D28: =VLOOKUP(J28,'SERVIÇOS DER 12-25'!A31:G1522,3,0) -> LOCAÇÃO | J28: 105 | K28: =I28/$I$196 -> 0
A29: 1.2.1 | B29: 010501 | C29: DER-ES | D29: =VLOOKUP(J29,'SERVIÇOS DER 12-25'!A32:G1523,3,0) -> Locação de obra com gabarito de madeira | E29: =VLOOKUP(J29,'SERVIÇOS DER 12-25'!A32:G1523,4,0) -> m2 | F29: =MC!J100 -> 75.8 | G29: =VLOOKUP(J29,'SERVIÇOS DER 12-25'!A32:G1523,6,0) -> 12.14 | H29: =TRUNC(ROUND((1+$F$5)*G29,2),2) -> 16.18 | I29: =TRUNC(ROUND(F29*H29,2),2) -> 1226.44 | J29: 10501 | K29: =I29/$I$196 -> 0.0024817816
D30: SUB-TOTAL 01 | I30: =SUM(I10:I29) -> 13009.84
A31: 2 | B31: 02 | D31: =VLOOKUP(J31,'SERVIÇOS DER 12-25'!A34:G1525,3,0) -> INSTALAÇÃO DO CANTEIRO DE OBRAS | J31: 2
A32: 2.1 | B32: 0203 | C32: DER-ES | D32: =VLOOKUP(J32,'SERVIÇOS DER 12-25'!A35:G1526,3,0) -> TAPUMES, BARRACÕES E COBERTURAS | J32: 203
A33: 2.1.1 | B33: 020305 | C33: DER-ES | D33: =VLOOKUP(J33,'SERVIÇOS DER 12-25'!A36:G1527,3,0) -> Placa de obra nas dimensões de 2.0 x 4.0 m, padrão DER | E33: =VLOOKUP(J33,'SERVIÇOS DER 12-25'!A36:G1527,4,0) -> m2 | F33: =MC!J106 -> 8 | G33: =VLOOKUP(J33,'SERVIÇOS DER 12-25'!A36:G1527,6,0) -> 241.93 | H33: =TRUNC(ROUND((1+$F$5)*G33,2),2) -> 322.37 | I33: =TRUNC(ROUND(F33*H33,2),2) -> 2578.96 | J33: 20305 | K33: =I33/$I$196 -> 0.0052186943
A34: 2.1.2 | B34: 020350 | C34: DER-ES | D34: =VLOOKUP(J34,'SERVIÇOS DER 12-25'!A37:G1528,3,0) -> Tapume Telha Metálica Ondulada em aço galvalume 0,50mm Branca h=2,20m, incl. montagem estr. mad. 8"x8", c/adesivo "DER-ES" 60x60cm a cada 10m, incl. faixas pint. esmalte sint. cores azul c/ h=30cm e rosa c/ h=10cm (Reaproveitamento 2x) | E34: =VLOOKUP(J34,'SERVIÇOS DER 12-25'!A37:G1528,4,0) -> m | F34: =MC!J110 -> 10 | G34: =VLOOKUP(J34,'SERVIÇOS DER 12-25'!A37:G1528,6,0) -> 142.25 | H34: =TRUNC(ROUND((1+$F$5)*G34,2),2) -> 189.55 | I34: =TRUNC(ROUND(F34*H34,2),2) -> 1895.5 | J34: 20350 | K34: =I34/$I$196 -> 0.0038356683
A35: 2.1.3 | B35: 020352 | C35: DER-ES | D35: =VLOOKUP(J35,'SERVIÇOS DER 12-25'!A38:G1529,3,0) -> Aluguel mensal container para escritório, dim. 6.00x2.40m, c/ banheiro (vaso+lavat+chuveiro e básc), incl. porta, 2 janelas, abert p/ ar cond., 2 pt iluminação, 2 tom. elét. e 1 tom.telef. Isolam.térmico(teto e paredes), piso em comp. Naval, cert. NR18, incl. laudo descontaminação. | E35: =VLOOKUP(J35,'SERVIÇOS DER 12-25'!A38:G1529,4,0) -> ms | F35: =MC!J114 -> 6 | G35: =VLOOKUP(J35,'SERVIÇOS DER 12-25'!A38:G1529,6,0) -> 1232.33 | H35: =TRUNC(ROUND((1+$F$5)*G35,2),2) -> 1642.08 | I35: =TRUNC(ROUND(F35*H35,2),2) -> 9852.48 | J35: 20352 | K35: =I35/$I$196 -> 0.019937138
A36: 2.1.4 | B36: 020344 | C36: DER-ES | D36: =VLOOKUP(J36,'SERVIÇOS DER 12-25'!A39:G1530,3,0) -> Mobilização e desmobilização de conteiner locado para barracão de obra | E36: =VLOOKUP(J36,'SERVIÇOS DER 12-25'!A39:G1530,4,0) -> und | F36: =MC!J118 -> 2 | G36: =VLOOKUP(J36,'SERVIÇOS DER 12-25'!A39:G1530,6,0) -> 1766.67 | H36: =TRUNC(ROUND((1+$F$5)*G36,2),2) -> 2354.09 | I36: =TRUNC(ROUND(F36*H36,2),2) -> 4708.18 | J36: 20344 | K36: =I36/$I$196 -> 0.0095273103
A37: 2.1.5 | B37: 020339 | C37: DER-ES | D37: =VLOOKUP(J37,'SERVIÇOS DER 12-25'!A40:G1531,3,0) -> Locação de andaime metálico para trabalho em fachada de edifíco (aluguel de 1 m² por 1 mês) inclusive frete, montagem e desmontagem | E37: =VLOOKUP(J37,'SERVIÇOS DER 12-25'!A40:G1531,4,0) -> m2 | F37: =MC!J122 -> 189.42 | G37: =VLOOKUP(J37,'SERVIÇOS DER 12-25'!A40:G1531,6,0) -> 26.21 | H37: =TRUNC(ROUND((1+$F$5)*G37,2),2) -> 34.92 | I37: =TRUNC(ROUND(F37*H37,2),2) -> 6614.55 | J37: 20339 | K37: =I37/$I$196 -> 0.013384975
A38: 2.2 | B38: 0207 | C38: DER-ES | D38: =VLOOKUP(J38,'SERVIÇOS DER 12-25'!A41:G1532,3,0) -> INSTALAÇÃO DO CANTEIRO DE OBRAS (UTILIZAÇÃO 1 VEZ), PROJETO PADRÃO LABOR - NR.18 (OBRAS COM PRAZO DE EXECUÇÃO SUPERIOR A 12 MESES) | J38: 207 | K38: =I38/$I$196 -> 0
A39: 2.2.1 | B39: 020713 | C39: DER-ES | D39: =VLOOKUP(J39,'SERVIÇOS DER 12-25'!A42:G1533,3,0) -> Rede de luz, incl. padrão entrada de energia trifás., cabo de ligação até barracões, quadro de distrib., disj. e chave de força (quando necessário), cons. 20m entre padrão entrada e QDG, conf. projeto (1 utilização) | E39: =VLOOKUP(J39,'SERVIÇOS DER 12-25'!A42:G1533,4,0) -> m | F39: =MC!J127 -> 20 | G39: =VLOOKUP(J39,'SERVIÇOS DER 12-25'!A42:G1533,6,0) -> 486.77 | H39: =TRUNC(ROUND((1+$F$5)*G39,2),2) -> 648.62 | I39: =TRUNC(ROUND(F39*H39,2),2) -> 12972.4 | J39: 20713 | K39: =I39/$I$196 -> 0.0262505
A40: 2.2.2 | B40: 020714 | C40: DER-ES | D40: =VLOOKUP(J40,'SERVIÇOS DER 12-25'!A43:G1534,3,0) -> Rede de esgoto, contendo fossa e filtro, inclusive tubos e conexões de ligação entre caixas, considerando distância de 25m, conforme projeto (1 utilização) | E40: =VLOOKUP(J40,'SERVIÇOS DER 12-25'!A43:G1534,4,0) -> m | F40: =MC!J131 -> 20 | G40: =VLOOKUP(J40,'SERVIÇOS DER 12-25'!A43:G1534,6,0) -> 449.64 | H40: =TRUNC(ROUND((1+$F$5)*G40,2),2) -> 599.15 | I40: =TRUNC(ROUND(F40*H40,2),2) -> 11983 | J40: 20714 | K40: =I40/$I$196 -> 0.024248385
A41: 2.3 | B41: 0208 | C41: DER-ES | D41: =VLOOKUP(J41,'SERVIÇOS DER 12-25'!A44:G1535,3,0) -> INSTALAÇÃO DO CANTEIRO DE OBRAS (UTILIZAÇÃO 2 VEZES), PROJETO PADRÃO LABOR - NR.18 (OBRAS COM PRAZO DE EXECUÇÃO DE 6 A 12 MESES) | J41: 208 | K41: =I41/$I$196 -> 0
A42: 2.3.1 | B42: 020810 | C42: DER-ES | D42: =VLOOKUP(J42,'SERVIÇOS DER 12-25'!A45:G1536,3,0) -> Reservatório de poliestileno de 500 L, incl. suporte em madeira de 7x12cm e 5x7cm, elevado de 4m, conforme projeto (2 utilizações) | E42: =VLOOKUP(J42,'SERVIÇOS DER 12-25'!A45:G1536,4,0) -> und | F42: =MC!J135 -> 1 | G42: =VLOOKUP(J42,'SERVIÇOS DER 12-25'!A45:G1536,6,0) -> 1024.87 | H42: =TRUNC(ROUND((1+$F$5)*G42,2),2) -> 1365.64 | I42: =TRUNC(ROUND(F42*H42,2),2) -> 1365.64 | J42: 20810 | K42: =I42/$I$196 -> 0.0027634619
A43: 2.3.2 | B43: 020812 | C43: DER-ES | D43: =VLOOKUP(J43,'SERVIÇOS DER 12-25'!A46:G1537,3,0) -> Rede de água, com padrão de entrada dágua diâm. 3/4", conf. espec. CESAN, incl. tubos e conexões para alimentação, distribuição, extravasor e limpeza, cons. o padrão a 25m, conf. projeto (2 utilizações) | E43: =VLOOKUP(J43,'SERVIÇOS DER 12-25'!A46:G1537,4,0) -> m | F43: =MC!J139 -> 20 | G43: =VLOOKUP(J43,'SERVIÇOS DER 12-25'!A46:G1537,6,0) -> 40 | H43: =TRUNC(ROUND((1+$F$5)*G43,2),2) -> 53.3 | I43: =TRUNC(ROUND(F43*H43,2),2) -> 1066 | J43: 20812 | K43: =I43/$I$196 -> 0.0021571207
D44: SUB-TOTAL 02 | I44: =SUM(I32:I43) -> 53036.71
A45: 3 | B45: 03 | D45: =VLOOKUP(J45,'SERVIÇOS DER 12-25'!A48:G1539,3,0) -> MOVIMENTO DE TERRA | J45: 3 | K45: =I45/$I$196 -> 0
A46: 3.1 | B46: 0301 | C46: DER-ES | D46: =VLOOKUP(J46,'SERVIÇOS DER 12-25'!A49:G1540,3,0) -> ESCAVAÇÕES | J46: 301 | K46: =I46/$I$196 -> 0
A47: 3.1.1 | B47: 030101 | C47: DER-ES | D47: =VLOOKUP(J47,'SERVIÇOS DER 12-25'!A50:G1541,3,0) -> Escavação manual em material de 1a. categoria, até 1.50 m de profundidade | E47: =VLOOKUP(J47,'SERVIÇOS DER 12-25'!A50:G1541,4,0) -> m3 | F47: =MC!J168 -> 27.52 | G47: =VLOOKUP(J47,'SERVIÇOS DER 12-25'!A50:G1541,6,0) -> 63.96 | H47: =TRUNC(ROUND((1+$F$5)*G47,2),2) -> 85.23 | I47: =TRUNC(ROUND(F47*H47,2),2) -> 2345.53 | J47: 30101 | K47: =I47/$I$196 -> 0.0047463334
A48: 3.2 | B48: 0302 | C48: DER-ES | D48: =VLOOKUP(J48,'SERVIÇOS DER 12-25'!A51:G1542,3,0) -> REATERRO E COMPACTAÇÃO | J48: 302 | K48: =I48/$I$196 -> 0
A49: 3.2.1 | B49: 030201 | C49: DER-ES | D49: =VLOOKUP(J49,'SERVIÇOS DER 12-25'!A52:G1543,3,0) -> Reaterro apiloado de cavas de fundação, em camadas de 20 cm | E49: =VLOOKUP(J49,'SERVIÇOS DER 12-25'!A52:G1543,4,0) -> m3 | F49: =MC!J175 -> 7.7 | G49: =VLOOKUP(J49,'SERVIÇOS DER 12-25'!A52:G1543,6,0) -> 68.88 | H49: =TRUNC(ROUND((1+$F$5)*G49,2),2) -> 91.78 | I49: =TRUNC(ROUND(F49*H49,2),2) -> 706.71 | J49: 30201 | K49: =I49/$I$196 -> 0.0014300739
A50: 3.2.2 | B50: 030208 | C50: DER-ES | D50: =VLOOKUP(J50,'SERVIÇOS DER 12-25'!A53:G1544,3,0) -> Aterro manual para regularização do terreno em argila, inclusive adensamento manual e fornecimento do material (máximo de 100m3) | E50: =VLOOKUP(J50,'SERVIÇOS DER 12-25'!A53:G1544,4,0) -> m3 | F50: =MC!J179 -> 3.02 | G50: =VLOOKUP(J50,'SERVIÇOS DER 12-25'!A53:G1544,6,0) -> 199.06 | H50: =TRUNC(ROUND((1+$F$5)*G50,2),2) -> 265.25 | I50: =TRUNC(ROUND(F50*H50,2),2) -> 801.06 | J50: 30208 | K50: =I50/$I$196 -> 0.0016209973
A51: 3.3 | B51: 0303 | C51: DER-ES | D51: =VLOOKUP(J51,'SERVIÇOS DER 12-25'!A54:G1545,3,0) -> TRANSPORTES | J51: 303 | K51: =I51/$I$196 -> 0
A52: 3.3.1 | B52: 030304 | C52: DER-ES | D52: =VLOOKUP(J52,'SERVIÇOS DER 12-25'!A55:G1546,3,0) -> Índice de preço para remoção de entulho decorrente da execução de obras (Classe A CONAMA - NBR 10.004 - Classe II-B), incluindo aluguel da caçamba, carga, transporte e descarga em área licenciada | E52: =VLOOKUP(J52,'SERVIÇOS DER 12-25'!A55:G1546,4,0) -> m3 | F52: =MC!J198 -> 42.99 | G52: =VLOOKUP(J52,'SERVIÇOS DER 12-25'!A55:G1546,6,0) -> 92.39 | H52: =TRUNC(ROUND((1+$F$5)*G52,2),2) -> 123.11 | I52: =TRUNC(ROUND(F52*H52,2),2) -> 5292.5 | J52: 30304 | K52: =I52/$I$196 -> 0.01070972
D53: SUB-TOTAL 03 | I53: =SUM(I46:I52) -> 9145.8
A54: 4 | B54: 04 | D54: =VLOOKUP(J54,'SERVIÇOS DER 12-25'!A57:G1548,3,0) -> ESTRUTURAS | J54: 4
A55: 4.1 | B55: 0402 | C55: DER-ES | D55: =VLOOKUP(J55,'SERVIÇOS DER 12-25'!A58:G1549,3,0) -> INFRA-ESTRUTURA (FUNDAÇÃO) | J55: 402 | K55: =I55/$I$196 -> 0
A56: 4.1.1 | B56: 040206 | C56: DER-ES | D56: =VLOOKUP(J56,'SERVIÇOS DER 12-25'!A59:G1550,3,0) -> Fôrma de tábua de madeira de 2.5 x 30.0 cm para fundações, levando-se em conta a utilização 5 vezes (incluido o material, corte, montagem, escoramento e desforma) | E56: =VLOOKUP(J56,'SERVIÇOS DER 12-25'!A59:G1550,4,0) -> m2 | F56: =MC!J204 -> 151.46 | G56: =VLOOKUP(J56,'SERVIÇOS DER 12-25'!A59:G1550,6,0) -> 89.05 | H56: =TRUNC(ROUND((1+$F$5)*G56,2),2) -> 118.66 | I56: =TRUNC(ROUND(F56*H56,2),2) -> 17972.24 | J56: 40206 | K56: =I56/$I$196 -> 0.036368004
A57: 4.1.2 | B57: 040224 | C57: DER-ES | D57: =VLOOKUP(J57,'SERVIÇOS DER 12-25'!A60:G1551,3,0) -> Fornecimento, preparo e aplicação de concreto Fck = 30 MPa (com brita 1 e 2) - (5% de perdas já incluído no custo) | E57: =VLOOKUP(J57,'SERVIÇOS DER 12-25'!A60:G1551,4,0) -> m3 | F57: =MC!J208 -> 18.85 | G57: =VLOOKUP(J57,'SERVIÇOS DER 12-25'!A60:G1551,6,0) -> 821.75 | H57: =TRUNC(ROUND((1+$F$5)*G57,2),2) -> 1094.98 | I57: =TRUNC(ROUND(F57*H57,2),2) -> 20640.37 | J57: 40224 | K57: =I57/$I$196 -> 0.041767139
A58: 4.1.3 | B58: 040231 | C58: DER-ES | D58: =VLOOKUP(J58,'SERVIÇOS DER 12-25'!A61:G1552,3,0) -> Fornecimento, preparo e aplicação de concreto magro com consumo mínimo de cimento de 250 kg/m3 (brita 1 e 2) - (5% de perdas já incluído no custo) | E58: =VLOOKUP(J58,'SERVIÇOS DER 12-25'!A61:G1552,4,0) -> m3 | F58: =MC!J239 -> 0.97 | G58: =VLOOKUP(J58,'SERVIÇOS DER 12-25'!A61:G1552,6,0) -> 728.06 | H58: =TRUNC(ROUND((1+$F$5)*G58,2),2) -> 970.14 | I58: =TRUNC(ROUND(F58*H58,2),2) -> 941.04 | J58: 40231 | K58: =I58/$I$196 -> 0.001904256
A59: 4.1.4 | B59: 040243 | C59: DER-ES | D59: =VLOOKUP(J59,'SERVIÇOS DER 12-25'!A62:G1553,3,0) -> Fornecimento, dobragem e colocação em fôrma, de armadura CA-50 A média, diâmetro de 6.3 a 10.0 mm | E59: =VLOOKUP(J59,'SERVIÇOS DER 12-25'!A62:G1553,4,0) -> kg | F59: =MC!J243 -> 473.3 | G59: =VLOOKUP(J59,'SERVIÇOS DER 12-25'!A62:G1553,6,0) -> 10.61 | H59: =TRUNC(ROUND((1+$F$5)*G59,2),2) -> 14.14 | I59: =TRUNC(ROUND(F59*H59,2),2) -> 6692.46 | J59: 40243 | K59: =I59/$I$196 -> 0.013542631
A60: 4.1.5 | B60: 040245 | C60: DER-ES | D60: =VLOOKUP(J60,'SERVIÇOS DER 12-25'!A63:G1554,3,0) -> Fornecimento, dobragem e colocação em fôrma, de armadura CA-50 A grossa diâmetro de 12.5 a 25.0 mm (1/2 a 1") | E60: =VLOOKUP(J60,'SERVIÇOS DER 12-25'!A63:G1554,4,0) -> kg | F60: =MC!J247 -> 486.4 | G60: =VLOOKUP(J60,'SERVIÇOS DER 12-25'!A63:G1554,6,0) -> 11.27 | H60: =TRUNC(ROUND((1+$F$5)*G60,2),2) -> 15.02 | I60: =TRUNC(ROUND(F60*H60,2),2) -> 7305.73 | J60: 40245 | K60: =I60/$I$196 -> 0.014783623
A61: 4.1.6 | B61: 040246 | C61: DER-ES | D61: =VLOOKUP(J61,'SERVIÇOS DER 12-25'!A64:G1555,3,0) -> Fornecimento, dobragem e colocação em fôrma, de armadura CA-60 B fina, diâmetro de 4.0 a 7.0mm | E61: =VLOOKUP(J61,'SERVIÇOS DER 12-25'!A64:G1555,4,0) -> kg | F61: =MC!J251 -> 192.3 | G61: =VLOOKUP(J61,'SERVIÇOS DER 12-25'!A64:G1555,6,0) -> 10.78 | H61: =TRUNC(ROUND((1+$F$5)*G61,2),2) -> 14.36 | I61: =TRUNC(ROUND(F61*H61,2),2) -> 2761.43 | J61: 40246 | K61: =I61/$I$196 -> 0.0055879343
A62: 4.2 | B62: 0403 | C62: DER-ES | D62: =VLOOKUP(J62,'SERVIÇOS DER 12-25'!A65:G1556,3,0) -> SUPER-ESTRUTURA | J62: 403 | K62: =I62/$I$196 -> 0
A63: 4.2.1 | B63: 040315 | C63: DER-ES | D63: =VLOOKUP(J63,'SERVIÇOS DER 12-25'!A66:G1557,3,0) -> Fornecimento, preparo e aplicação de concreto Fck = 30 MPa (com brita 1 e 2) - (5% de perdas já incluído no custo) | E63: =VLOOKUP(J63,'SERVIÇOS DER 12-25'!A66:G1557,4,0) -> m3 | F63: =MC!J257 -> 14.75 | G63: =VLOOKUP(J63,'SERVIÇOS DER 12-25'!A66:G1557,6,0) -> 945.07 | H63: =TRUNC(ROUND((1+$F$5)*G63,2),2) -> 1259.31 | I63: =TRUNC(ROUND(F63*H63,2),2) -> 18574.82 | J63: 40315 | K63: =I63/$I$196 -> 0.037587364
A64: 4.2.2 | B64: 040328 | C64: DER-ES | D64: =VLOOKUP(J64,'SERVIÇOS DER 12-25'!A67:G1558,3,0) -> Fornecimento, dobragem e colocação em fôrma, de armadura CA-50 A média, diâmetro de 6.3 a 10.0 mm | E64: =VLOOKUP(J64,'SERVIÇOS DER 12-25'!A67:G1558,4,0) -> kg | F64: =MC!J262 -> 608.4 | G64: =VLOOKUP(J64,'SERVIÇOS DER 12-25'!A67:G1558,6,0) -> 10.61 | H64: =TRUNC(ROUND((1+$F$5)*G64,2),2) -> 14.14 | I64: =TRUNC(ROUND(F64*H64,2),2) -> 8602.78 | J64: 40328 | K64: =I64/$I$196 -> 0.017408288
A65: 4.2.3 | B65: 040333 | C65: DER-ES | D65: =VLOOKUP(J65,'SERVIÇOS DER 12-25'!A68:G1559,3,0) -> Fornecimento, dobragem e colocação em fôrma, de armadura CA-60 B fina, diâmetro de 4.0 a 7.0mm | E65: =VLOOKUP(J65,'SERVIÇOS DER 12-25'!A68:G1559,4,0) -> kg | F65: =MC!J267 -> 227.4 | G65: =VLOOKUP(J65,'SERVIÇOS DER 12-25'!A68:G1559,6,0) -> 10.78 | H65: =TRUNC(ROUND((1+$F$5)*G65,2),2) -> 14.36 | I65: =TRUNC(ROUND(F65*H65,2),2) -> 3265.46 | J65: 40333 | K65: =I65/$I$196 -> 0.006607872
A66: 4.2.4 | B66: 040337 | C66: DER-ES | D66: =VLOOKUP(J66,'SERVIÇOS DER 12-25'!A69:G1560,3,0) -> Fôrma em chapa de madeira compensada plastificada 12mm para estrutura em geral, 5 reaproveitamentos, reforçada com sarrafos de madeira 2.5x10cm (incl material, corte, montagem, escoras em eucalipto e desforma) | E66: =VLOOKUP(J66,'SERVIÇOS DER 12-25'!A69:G1560,4,0) -> m2 | F66: =MC!J272 -> 198.26 | G66: =VLOOKUP(J66,'SERVIÇOS DER 12-25'!A69:G1560,6,0) -> 109.15 | H66: =TRUNC(ROUND((1+$F$5)*G66,2),2) -> 145.44 | I66: =TRUNC(ROUND(F66*H66,2),2) -> 28834.93 | J66: 40337 | K66: =I66/$I$196 -> 0.058349368
D67: SUB-TOTAL 04 | I67: =SUM(I55:I66) -> 115591.26
A68: 5 | B68: 05 | C68: DER-ES | D68: =VLOOKUP(J68,'SERVIÇOS DER 12-25'!A71:G1562,3,0) -> PAREDES E PAINÉIS | J68: 5
A69: 5.1 | B69: 0506 | C69: DER-ES | D69: =VLOOKUP(J69,'SERVIÇOS DER 12-25'!A72:G1563,3,0) -> ALVENARIA DE VEDAÇÃO EMPREGANDO ARGAMASSA DE CIMENTO, CAL E AREIA | J69: 506 | K69: =I69/$I$196 -> 0
A70: 5.1.1 | B70: 050605 | C70: DER-ES | D70: =VLOOKUP(J70,'SERVIÇOS DER 12-25'!A73:G1564,3,0) -> Alvenaria de vedação com blocos cerâmicos furados 9x19x19cm, assentados c/ argamassa de cimento, cal hidratada CH1 e areia no traço 1:0,5:8, preparo com betoneira, juntas 10mm e esp. das paredes s/revestimento, 9cm (bloco comprado na praça de Vitória, posto obra) | E70: =VLOOKUP(J70,'SERVIÇOS DER 12-25'!A73:G1564,4,0) -> m2 | F70: =MC!J283 -> 76.27 | G70: =VLOOKUP(J70,'SERVIÇOS DER 12-25'!A73:G1564,6,0) -> 66.19 | H70: =TRUNC(ROUND((1+$F$5)*G70,2),2) -> 88.2 | I70: =TRUNC(ROUND(F70*H70,2),2) -> 6727.01 | J70: 50605 | K70: =I70/$I$196 -> 0.013612545
A71: 5.2 | B71: 0503 | C71: DER-ES | D71: =VLOOKUP(J71,'SERVIÇOS DER 12-25'!A74:G1565,3,0) -> VERGAS/CONTRAVERGA | J71: 503 | K71: =I71/$I$196 -> 0
A72: 5.2.1 | B72: 050301 | C72: DER-ES | D72: =VLOOKUP(J72,'SERVIÇOS DER 12-25'!A75:G1566,3,0) -> Verga/contraverga reta de concreto armado moldada in loco 10 x 5 cm, Fck = 15 MPa, inclusive forma, armação e desforma, comprimento inferior a 2.0 metros | E72: =VLOOKUP(J72,'SERVIÇOS DER 12-25'!A75:G1566,4,0) -> m | F72: =MC!J298 -> 29.65 | G72: =VLOOKUP(J72,'SERVIÇOS DER 12-25'!A75:G1566,6,0) -> 42.04 | H72: =TRUNC(ROUND((1+$F$5)*G72,2),2) -> 56.02 | I72: =TRUNC(ROUND(F72*H72,2),2) -> 1660.99 | J72: 50301 | K72: =I72/$I$196 -> 0.0033611219
A73: 5.3 | B73: 0505 | C73: DER-ES | D73: =VLOOKUP(J73,'SERVIÇOS DER 12-25'!A76:G1567,3,0) -> ALVENARIA ESTRUTURAL | J73: 505 | K73: =I73/$I$196 -> 0
A74: 5.3.1 | B74: 050501 | C74: DER-ES | D74: =VLOOKUP(J74,'SERVIÇOS DER 12-25'!A77:G1568,3,0) -> Alvenaria de blocos de concreto estrutural 14x19x39cm cheios "Classe B", com resistência mínima à compressão 15MPa, assentados c/ argamassa de cimento e areia média no traço 1:4, preparo com betoneira, esp. juntas 10mm e esp. da parede s/ revestimento 14cm | E74: =VLOOKUP(J74,'SERVIÇOS DER 12-25'!A77:G1568,4,0) -> m2 | F74: =MC!J307 -> 7 | G74: =VLOOKUP(J74,'SERVIÇOS DER 12-25'!A77:G1568,6,0) -> 141.99 | H74: =TRUNC(ROUND((1+$F$5)*G74,2),2) -> 189.2 | I74: =TRUNC(ROUND(F74*H74,2),2) -> 1324.4 | J74: 50501 | K74: =I74/$I$196 -> 0.0026800101
D75: SUB-TOTAL 05 | I75: =SUM(I69:I74) -> 9712.4 | K75: =I75/$I$196 -> 0.019653677
A76: 6 | B76: 06 | C76: DER-ES | D76: =VLOOKUP(J76,'SERVIÇOS DER 12-25'!A79:G1570,3,0) -> ESQUADRIAS DE MADEIRA | J76: 6 | K76: =I76/$I$196 -> 0
A77: 6.1 | B77: 0601 | C77: DER-ES | D77: =VLOOKUP(J77,'SERVIÇOS DER 12-25'!A80:G1571,3,0) -> MARCOS E ALIZARES | J77: 601 | K77: =I77/$I$196 -> 0
A78: 6.1.1 | B78: 060110 | C78: DER-ES | D78: =VLOOKUP(J78,'SERVIÇOS DER 12-25'!A81:G1572,3,0) -> Marco em madeira de lei tipo Peroba, Ipê, Angelim Pedra ou equivalente, com 15 x 3cm de batente | E78: =VLOOKUP(J78,'SERVIÇOS DER 12-25'!A81:G1572,4,0) -> m | F78: =MC!J313 -> 5.4 | G78: =VLOOKUP(J78,'SERVIÇOS DER 12-25'!A81:G1572,6,0) -> 81.14 | H78: =TRUNC(ROUND((1+$F$5)*G78,2),2) -> 108.12 | I78: =TRUNC(ROUND(F78*H78,2),2) -> 583.85 | J78: 60110 | K78: =I78/$I$196 -> 0.0011814587
A79: 6.2 | B79: 0613 | C79: DER-ES | D79: =VLOOKUP(J79,'SERVIÇOS DER 12-25'!A82:G1573,3,0) -> PORTA EM MADEIRA DE LEI TIPO ANGELIM PEDRA OU EQUIV.C/ENCHIMENTO EM MADEIRA 1A.QUALIDADE ESP. 30MM P/ PINTURA, INCLUSIVE ALIZARES, DOBRADIÇAS E FECHADURA EXTERNA, EXCLUSIVE MARCO | J79: 613 | K79: =I79/$I$196 -> 0
A80: 6.2.1 | B80: COMP-02 | D80: Porta em madeira de lei tipo angelim pedra ou equivalente,esp. 30 a 35mm c/ enchimento em madeira 1a qualidade, tipo sarrafeada para pintura, inclusive alizares, dobradiças e fechadura tipo alavanca em latão cromado LaFonte ou equivalente, exclusive marco, nas dimensões: 1,20 x 2,10 m | E80: und | F80: =MC!J318 -> 1 | G80: ='COMP-02'!I31 -> 1506.035 | H80: =TRUNC(ROUND((1+$F$5)*G80,2),2) -> 2006.79 | I80: =TRUNC(ROUND(F80*H80,2),2) -> 2006.79 | K80: =I80/$I$196 -> 0.0040608709
D81: SUB-TOTAL 06 | I81: =SUM(I78:I80) -> 2590.64
A82: 7 | B82: 07 | C82: DER-ES | D82: =VLOOKUP(J82,'SERVIÇOS DER 12-25'!A85:G1576,3,0) -> ESQUADRIAS METÁLICAS | J82: 7
A83: 7.1 | B83: 0711 | C83: DER-ES | D83: =VLOOKUP(J83,'SERVIÇOS DER 12-25'!A86:G1577,3,0) -> GRADES E PORTÕES | J83: 711 | K83: =I83/$I$196 -> 0
A84: 7.1.1 | B84: 071105 | C84: DER-ES | D84: =VLOOKUP(J84,'SERVIÇOS DER 12-25'!A87:G1578,3,0) -> Grade de ferro em barra chata, inclusive chumbamento | E84: =VLOOKUP(J84,'SERVIÇOS DER 12-25'!A87:G1578,4,0) -> m2 | F84: =MC!J334 -> 42.99 | G84: =VLOOKUP(J84,'SERVIÇOS DER 12-25'!A87:G1578,6,0) -> 382.74 | H84: =TRUNC(ROUND((1+$F$5)*G84,2),2) -> 510 | I84: =TRUNC(ROUND(F84*H84,2),2) -> 21924.9 | J84: 71105 | K84: =I84/$I$196 -> 0.04436647
D85: SUB-TOTAL 07 | I85: =SUM(I83:I84) -> 21924.9
A86: 8 | B86: 09 | C86: DER-ES | D86: =VLOOKUP(J86,'SERVIÇOS DER 12-25'!A89:G1580,3,0) -> COBERTURA | J86: 9
A87: 8.1 | B87: 0901 | C87: DER-ES | D87: =VLOOKUP(J87,'SERVIÇOS DER 12-25'!A90:G1581,3,0) -> ESTRUTURA PARA TELHADO | J87: 901
A88: 8.1.1 | B88: COMP-03 | D88: Trama de aço composta por terças para telhados de até 2 águas para telha ondulada de fibrocimento, metálica, plástica ou termoacústica, incluso transporte vertical | E88: m2 | F88: =MC!J340 -> 17.14 | G88: ='COMP-03'!I30 -> 49.680914 | H88: =TRUNC(ROUND((1+$F$5)*G88,2),2) -> 66.2 | I88: =TRUNC(ROUND(F88*H88,2),2) -> 1134.67 | K88: =I88/$I$196 -> 0.002296079
A89: 8.2 | B89: 0902 | C89: DER-ES | D89: =VLOOKUP(J89,'SERVIÇOS DER 12-25'!A92:G1583,3,0) -> TELHADO | J89: 902 | K89: =I89/$I$196 -> 0
A90: 8.2.1 | B90: 090219 | C90: DER-ES | D90: =VLOOKUP(J90,'SERVIÇOS DER 12-25'!A93:G1584,3,0) -> Cobertura em telha ondulada de alumínio, esp. 0.5mm, inclusive acessórios de fixação | E90: =VLOOKUP(J90,'SERVIÇOS DER 12-25'!A93:G1584,4,0) -> m2 | F90: =MC!J345 -> 17.14 | G90: =VLOOKUP(J90,'SERVIÇOS DER 12-25'!A93:G1584,6,0) -> 90.9 | H90: =TRUNC(ROUND((1+$F$5)*G90,2),2) -> 121.12 | I90: =TRUNC(ROUND(F90*H90,2),2) -> 2076 | J90: 90219 | K90: =I90/$I$196 -> 0.0042009218
A91: 8.3 | B91: 0903 | C91: DER-ES | D91: =VLOOKUP(J91,'SERVIÇOS DER 12-25'!A94:G1585,3,0) -> RUFOS E CALHAS | J91: 903 | K91: =I91/$I$196 -> 0
A92: 8.3.1 | B92: 090312 | C92: DER-ES | D92: =VLOOKUP(J92,'SERVIÇOS DER 12-25'!A95:G1586,3,0) -> Calha em chapa galvanizada com largura de 40 cm | E92: =VLOOKUP(J92,'SERVIÇOS DER 12-25'!A95:G1586,4,0) -> m | F92: =MC!J352 -> 36.17 | G92: =VLOOKUP(J92,'SERVIÇOS DER 12-25'!A95:G1586,6,0) -> 257.4 | H92: =TRUNC(ROUND((1+$F$5)*G92,2),2) -> 342.99 | I92: =TRUNC(ROUND(F92*H92,2),2) -> 12405.95 | J92: 90312 | K92: =I92/$I$196 -> 0.025104252
A93: 8.4 | B93: 0904 | C93: DER-ES | D93: =VLOOKUP(J93,'SERVIÇOS DER 12-25'!A96:G1587,3,0) -> PLATIBANDA | J93: 904 | K93: =I93/$I$196 -> 0
A94: 8.4.1 | B94: COMP-04 | C94: DER-ES | D94: Platibanda de alvenaria de bloco cerâmico 10x20x20cm, assentado com argamassa de cimento, cal hidratada CH1 e areia no traço 1:0,5:8, amarrada com pilaretes em conc. arm. a cada 2m, excl. revest. | E94: m | F94: =MC!J364 -> 34.12 | G94: ='COMP-04'!I42 -> 132.54394 | H94: =TRUNC(ROUND((1+$F$5)*G94,2),2) -> 176.61 | I94: =TRUNC(ROUND(F94*H94,2),2) -> 6025.93 | K94: =I94/$I$196 -> 0.012193864
D95: SUB-TOTAL 08 | I95: =SUM(I87:I94) -> 21642.55
A96: 9 | B96: 10 | D96: =VLOOKUP(J96,'SERVIÇOS DER 12-25'!A99:G1590,3,0) -> IMPERMEABILIZAÇÃO | J96: 10
A97: 9.1 | B97: 1002 | C97: DER-ES | D97: =VLOOKUP(J97,'SERVIÇOS DER 12-25'!A100:G1591,3,0) -> IMPERMEABILIZAÇÃO CALHAS, LAJES DESCOBERTAS, BALDRAMES, PAREDES E JARDINEIRAS | J97: 1002
A98: 9.1.1 | B98: 100203 | C98: DER-ES | D98: =VLOOKUP(J98,'SERVIÇOS DER 12-25'!A101:G1592,3,0) -> Pintura impermeabilizante com igolflex ou equivalente a 3 demãos | E98: =VLOOKUP(J98,'SERVIÇOS DER 12-25'!A101:G1592,4,0) -> m2 | F98: =MC!J370 -> 151.46 | G98: =VLOOKUP(J98,'SERVIÇOS DER 12-25'!A101:G1592,6,0) -> 45.92 | H98: =TRUNC(ROUND((1+$F$5)*G98,2),2) -> 61.19 | I98: =TRUNC(ROUND(F98*H98,2),2) -> 9267.84 | J98: 100203 | K98: =I98/$I$196 -> 0.018754081
A99: 9.1.2 | B99: 100208 | C99: DER-ES | D99: =VLOOKUP(J99,'SERVIÇOS DER 12-25'!A102:G1593,3,0) -> Índice de imperm.c/ manta asfáltica atendendo NBR 9952, asfalto polimerizado esp.3mm, reforç.c/ filme int. polietileno, regul. base c/ arg.1:4 esp.mín.15mm, proteção mec. arg.1:4 esp.20mm, imprimação e juntas dilat. | E99: =VLOOKUP(J99,'SERVIÇOS DER 12-25'!A102:G1593,4,0) -> m2 | F99: =MC!J378 -> 72.42 | G99: =VLOOKUP(J99,'SERVIÇOS DER 12-25'!A102:G1593,6,0) -> 373.49 | H99: =TRUNC(ROUND((1+$F$5)*G99,2),2) -> 497.68 | I99: =TRUNC(ROUND(F99*H99,2),2) -> 36041.99 | J99: 100208 | K99: =I99/$I$196 -> 0.072933325
D100: SUB-TOTAL 09 | I100: =SUM(I97:I99) -> 45309.83
A101: 10 | B101: 11 | D101: =VLOOKUP(J101,'SERVIÇOS DER 12-25'!A104:G1595,3,0) -> TETOS E FORROS | J101: 11
...

Sheet CURVA ABC
A1: PREFEITURA MUNICIPAL DE JOÃO NEIVA
A2: CURVA ABC
B4: OBRA: CONSTRUÇÃO DE ACESSO ENTRE OS BLOCOS E FORNECIMENTO E INSTALAÇÃO DE PLATAFORMA ELEVATÓRIA PARA ACESSIBILIDADE NA EMEIF JOSÉ REBUZZI SARCINELLI LOCALIZADA NO MUNICÍPIO DE JOÃO NEIVA/ES | E4: L. SOCIAIS: | F4: 1.5727 | G4: TABELA DE REFERÊNCIA: DER/ES Edificações / SINAPI-ES
B5: LOCAL: BAIRRO CRISTAL, JOÃO NEIVA-ES | E5: BDI: | F5: 33,25% | H5: DATA-BASE: | I5: 45992
B6: ORÇAMENTISTA: ARQ./URB. BRUNA PEROVANO SIRTULI CAU-ES A187736-4 / ARQ./URB. THAÍS BAPTISTA CAU-ES A181604-7 | E6: BDI DIF. | F6: 0.1557
A7: ITEM | B7: CÓDIGO | C7: ORGÃO | D7: DESCRIÇÃO SERVIÇO | E7: UNIDADE | F7: QUANTIDADE | G7: UNITÁRIO | H7: UNITÁRIO C/ BDI | I7: TOTAL | J7: % | K7: % ACUMULADA | L7: CURVA
A8: 19.1.2 | B8: COTAÇÃO 01 | D8: Fornecimento e Instalação de Plataforma Elevatória de Acessibilidade | E8: und | F8: 1 | G8: 44026.593 | H8: 50881.53 | I8: 50881.53 | J8: =I8/'PLANILHA ORÇAMENTÁRIA'!$I$196 -> 0.10296211 | K8: =J8 -> 0.10296211 | L8: =IF(K8<=$Q$11,"A",IF(K8<=$Q$12,"B","C")) -> A
A9: 9.1.2 | B9: 100208 | C9: DER-ES | D9: Índice de imperm.c/ manta asfáltica atendendo NBR 9952, asfalto polimerizado esp.3mm, reforç.c/ filme int. polietileno, regul. base c/ arg.1:4 esp.mín.15mm, proteção mec. arg.1:4 esp.20mm, imprimação e juntas dilat. | E9: m2 | F9: 72.42 | G9: 373.49 | H9: 497.68 | I9: 36041.99 | J9: =I9/'PLANILHA ORÇAMENTÁRIA'!$I$196 -> 0.072933325 | K9: =J9+K8 -> 0.17589543 | L9: =IF(K9<=$Q$11,"A",IF(K9<=$Q$12,"B","C")) -> A
A10: 4.2.4 | B10: 040337 | C10: DER-ES | D10: Fôrma em chapa de madeira compensada plastificada 12mm para estrutura em geral, 5 reaproveitamentos, reforçada com sarrafos de madeira 2.5x10cm (incl material, corte, montagem, escoras em eucalipto e desforma) | E10: m2 | F10: 198.26 | G10: 109.15 | H10: 145.44 | I10: 28834.93 | J10: =I10/'PLANILHA ORÇAMENTÁRIA'!$I$196 -> 0.058349368 | K10: =J10+K9 -> 0.2342448 | L10: =IF(K10<=$Q$11,"A",IF(K10<=$Q$12,"B","C")) -> A | P10: CONCEITO | Q10: CORTE
A11: 12.2.2 | B11: 130230 | C11: DER-ES | D11: Piso argamassa alta resistência tipo granilite ou equiv de qualidade comprovada, esp de 10mm, com juntas plástica em quadros de 1m, na cor natural, com acabamento anti-derrapante mecanizado, inclusive regularização e=3.0cm | E11: m2 | F11: 126.15 | G11: 147.13 | H11: 196.05 | I11: 24731.71 | J11: =I11/'PLANILHA ORÇAMENTÁRIA'!$I$196 -> 0.050046233 | K11: =J11+K10 -> 0.28429103 | L11: =IF(K11<=$Q$11,"A",IF(K11<=$Q$12,"B","C")) -> A | P11: A | Q11: 0.8
A12: 7.1.1 | B12: 071105 | C12: DER-ES | D12: Grade de ferro em barra chata, inclusive chumbamento | E12: m2 | F12: 42.99 | G12: 382.74 | H12: 510 | I12: 21924.9 | J12: =I12/'PLANILHA ORÇAMENTÁRIA'!$I$196 -> 0.04436647 | K12: =J12+K11 -> 0.3286575 | L12: =IF(K12<=$Q$11,"A",IF(K12<=$Q$12,"B","C")) -> A | P12: B | Q12: 0.9
A13: 17.1.1 | B13: 190106 | C13: DER-ES | D13: Pintura em paredes e forros, aplicação manual, com três demão de tinta látex acrílico premium, referência Coral e Metalatex, inclusive uma demão de liquido selador acrílico, referência Suvinil, Coral ou Metalatex ou equivalente | E13: m2 | F13: 510.06 | G13: 31.27 | H13: 41.67 | I13: 21254.2 | J13: =I13/'PLANILHA ORÇAMENTÁRIA'!$I$196 -> 0.043009264 | K13: =J13+K12 -> 0.37166677 | L13: =IF(K13<=$Q$11,"A",IF(K13<=$Q$12,"B","C")) -> A | P13: B | Q13: 1
A14: 4.1.2 | B14: 040224 | C14: DER-ES | D14: Fornecimento, preparo e aplicação de concreto Fck = 30 MPa (com brita 1 e 2) - (5% de perdas já incluído no custo) | E14: m3 | F14: 18.85 | G14: 821.75 | H14: 1094.98 | I14: 20640.37 | J14: =I14/'PLANILHA ORÇAMENTÁRIA'!$I$196 -> 0.041767139 | K14: =J14+K13 -> 0.4134339 | L14: =IF(K14<=$Q$11,"A",IF(K14<=$Q$12,"B","C")) -> A
A15: 4.2.1 | B15: 040315 | C15: DER-ES | D15: Fornecimento, preparo e aplicação de concreto Fck = 30 MPa (com brita 1 e 2) - (5% de perdas já incluído no custo) | E15: m3 | F15: 14.75 | G15: 945.07 | H15: 1259.31 | I15: 18574.82 | J15: =I15/'PLANILHA ORÇAMENTÁRIA'!$I$196 -> 0.037587364 | K15: =J15+K14 -> 0.45102127 | L15: =IF(K15<=$Q$11,"A",IF(K15<=$Q$12,"B","C")) -> A
A16: 4.1.1 | B16: 040206 | C16: DER-ES | D16: Fôrma de tábua de madeira de 2.5 x 30.0 cm para fundações, levando-se em conta a utilização 5 vezes (incluido o material, corte, montagem, escoramento e desforma) | E16: m2 | F16: 151.46 | G16: 89.05 | H16: 118.66 | I16: 17972.24 | J16: =I16/'PLANILHA ORÇAMENTÁRIA'!$I$196 -> 0.036368004 | K16: =J16+K15 -> 0.48738927 | L16: =IF(K16<=$Q$11,"A",IF(K16<=$Q$12,"B","C")) -> A
A17: 11.1.1 | B17: 120303 | C17: DER-ES | D17: Reboco tipo paulista de argamassa de cimento, cal hidratada CH1 e areia média ou grossa lavada no traço 1:0.5:6, espessura 25 mm | E17: m2 | F17: 180.28 | G17: 66.18 | H17: 88.18 | I17: 15897.09 | J17: =I17/'PLANILHA ORÇAMENTÁRIA'!$I$196 -> 0.032168802 | K17: =J17+K16 -> 0.51955807 | L17: =IF(K17<=$Q$11,"A",IF(K17<=$Q$12,"B","C")) -> A
A18: 19.1.1 | B18: 210301 | C18: DER-ES | D18: Guarda corpo de tubo de ferro galvanizado, diâm. 3" e 2", h=0.8 m inclusive pintura a óleo ou esmalte | E18: m | F18: 32.82 | G18: 318.96 | H18: 425.01 | I18: 13948.83 | J18: =I18/'PLANILHA ORÇAMENTÁRIA'!$I$196 -> 0.02822637 | K18: =J18+K17 -> 0.54778444 | L18: =IF(K18<=$Q$11,"A",IF(K18<=$Q$12,"B","C")) -> A
A19: 2.2.1 | B19: 020713 | C19: DER-ES | D19: Rede de luz, incl. padrão entrada de energia trifás., cabo de ligação até barracões, quadro de distrib., disj. e chave de força (quando necessário), cons. 20m entre padrão entrada e QDG, conf. projeto (1 utilização) | E19: m | F19: 20 | G19: 486.77 | H19: 648.62 | I19: 12972.4 | J19: =I19/'PLANILHA ORÇAMENTÁRIA'!$I$196 -> 0.0262505 | K19: =J19+K18 -> 0.57403494 | L19: =IF(K19<=$Q$11,"A",IF(K19<=$Q$12,"B","C")) -> A
A20: 8.3.1 | B20: 090312 | C20: DER-ES | D20: Calha em chapa galvanizada com largura de 40 cm | E20: m | F20: 36.17 | G20: 257.4 | H20: 342.99 | I20: 12405.95 | J20: =I20/'PLANILHA ORÇAMENTÁRIA'!$I$196 -> 0.025104252 | K20: =J20+K19 -> 0.5991392 | L20: =IF(K20<=$Q$11,"A",IF(K20<=$Q$12,"B","C")) -> A
A21: 2.2.2 | B21: 020714 | C21: DER-ES | D21: Rede de esgoto, contendo fossa e filtro, inclusive tubos e conexões de ligação entre caixas, considerando distância de 25m, conforme projeto (1 utilização) | E21: m | F21: 20 | G21: 449.64 | H21: 599.15 | I21: 11983 | J21: =I21/'PLANILHA ORÇAMENTÁRIA'!$I$196 -> 0.024248385 | K21: =J21+K20 -> 0.62338758 | L21: =IF(K21<=$Q$11,"A",IF(K21<=$Q$12,"B","C")) -> A
A22: 10.2.1 | B22: 110302 | C22: DER-ES | D22: Reboco tipo paulista de argamassa de cimento, cal hidratada CH1 e areia lavada traço 1:0.5:6, espessura 25 mm | E22: m2 | F22: 104.69 | G22: 74.59 | H22: 99.39 | I22: 10405.14 | J22: =I22/'PLANILHA ORÇAMENTÁRIA'!$I$196 -> 0.021055482 | K22: =J22+K21 -> 0.64444306 | L22: =IF(K22<=$Q$11,"A",IF(K22<=$Q$12,"B","C")) -> A
A23: 2.1.3 | B23: 020352 | C23: DER-ES | D23: Aluguel mensal container para escritório, dim. 6.00x2.40m, c/ banheiro (vaso+lavat+chuveiro e básc), incl. porta, 2 janelas, abert p/ ar cond., 2 pt iluminação, 2 tom. elét. e 1 tom.telef. Isolam.térmico(teto e paredes), piso em comp. Naval, cert. NR18, incl. laudo descontaminação. | E23: ms | F23: 6 | G23: 1232.33 | H23: 1642.08 | I23: 9852.48 | J23: =I23/'PLANILHA ORÇAMENTÁRIA'!$I$196 -> 0.019937138 | K23: =J23+K22 -> 0.6643802 | L23: =IF(K23<=$Q$11,"A",IF(K23<=$Q$12,"B","C")) -> A
A24: 9.1.1 | B24: 100203 | C24: DER-ES | D24: Pintura impermeabilizante com igolflex ou equivalente a 3 demãos | E24: m2 | F24: 151.46 | G24: 45.92 | H24: 61.19 | I24: 9267.84 | J24: =I24/'PLANILHA ORÇAMENTÁRIA'!$I$196 -> 0.018754081 | K24: =J24+K23 -> 0.68313428 | L24: =IF(K24<=$Q$11,"A",IF(K24<=$Q$12,"B","C")) -> A
A25: 4.2.2 | B25: 040328 | C25: DER-ES | D25: Fornecimento, dobragem e colocação em fôrma, de armadura CA-50 A média, diâmetro de 6.3 a 10.0 mm | E25: kg | F25: 608.4 | G25: 10.61 | H25: 14.14 | I25: 8602.78 | J25: =I25/'PLANILHA ORÇAMENTÁRIA'!$I$196 -> 0.017408288 | K25: =J25+K24 -> 0.70054257 | L25: =IF(K25<=$Q$11,"A",IF(K25<=$Q$12,"B","C")) -> A
A26: 4.1.5 | B26: 040245 | C26: DER-ES | D26: Fornecimento, dobragem e colocação em fôrma, de armadura CA-50 A grossa diâmetro de 12.5 a 25.0 mm (1/2 a 1") | E26: kg | F26: 486.4 | G26: 11.27 | H26: 15.02 | I26: 7305.73 | J26: =I26/'PLANILHA ORÇAMENTÁRIA'!$I$196 -> 0.014783623 | K26: =J26+K25 -> 0.71532619 | L26: =IF(K26<=$Q$11,"A",IF(K26<=$Q$12,"B","C")) -> A
A27: 5.1.1 | B27: 050605 | C27: DER-ES | D27: Alvenaria de vedação com blocos cerâmicos furados 9x19x19cm, assentados c/ argamassa de cimento, cal hidratada CH1 e areia no traço 1:0,5:8, preparo com betoneira, juntas 10mm e esp. das paredes s/revestimento, 9cm (bloco comprado na praça de Vitória, posto obra) | E27: m2 | F27: 76.27 | G27: 66.19 | H27: 88.2 | I27: 6727.01 | J27: =I27/'PLANILHA ORÇAMENTÁRIA'!$I$196 -> 0.013612545 | K27: =J27+K26 -> 0.72893874 | L27: =IF(K27<=$Q$11,"A",IF(K27<=$Q$12,"B","C")) -> A
A28: 4.1.4 | B28: 040243 | C28: DER-ES | D28: Fornecimento, dobragem e colocação em fôrma, de armadura CA-50 A média, diâmetro de 6.3 a 10.0 mm | E28: kg | F28: 473.3 | G28: 10.61 | H28: 14.14 | I28: 6692.46 | J28: =I28/'PLANILHA ORÇAMENTÁRIA'!$I$196 -> 0.013542631 | K28: =J28+K27 -> 0.74248137 | L28: =IF(K28<=$Q$11,"A",IF(K28<=$Q$12,"B","C")) -> A
A29: 2.1.5 | B29: 020339 | C29: DER-ES | D29: Locação de andaime metálico para trabalho em fachada de edifíco (aluguel de 1 m² por 1 mês) inclusive frete, montagem e desmontagem | E29: m2 | F29: 189.42 | G29: 26.21 | H29: 34.92 | I29: 6614.55 | J29: =I29/'PLANILHA ORÇAMENTÁRIA'!$I$196 -> 0.013384975 | K29: =J29+K28 -> 0.75586634 | L29: =IF(K29<=$Q$11,"A",IF(K29<=$Q$12,"B","C")) -> A
A30: 12.2.1 | B30: 130209 | C30: DER-ES | D30: Piso de cimentado camurçado executado com argamassa de cimento e areia no traço 1:3, esp. 3.0cm | E30: m2 | F30: 43.93 | G30: 103.18 | H30: 137.49 | I30: 6039.94 | J30: =I30/'PLANILHA ORÇAMENTÁRIA'!$I$196 -> 0.012222214 | K30: =J30+K29 -> 0.76808856 | L30: =IF(K30<=$Q$11,"A",IF(K30<=$Q$12,"B","C")) -> A
A31: 8.4.1 | B31: COMP-04 | C31: DER-ES | D31: Platibanda de alvenaria de bloco cerâmico 10x20x20cm, assentado com argamassa de cimento, cal hidratada CH1 e areia no traço 1:0,5:8, amarrada com pilaretes em conc. arm. a cada 2m, excl. revest. | E31: m | F31: 34.12 | G31: 132.54394 | H31: 176.61 | I31: 6025.93 | J31: =I31/'PLANILHA ORÇAMENTÁRIA'!$I$196 -> 0.012193864 | K31: =J31+K30 -> 0.78028242 | L31: =IF(K31<=$Q$11,"A",IF(K31<=$Q$12,"B","C")) -> A
A32: 3.3.1 | B32: 030304 | C32: DER-ES | D32: Índice de preço para remoção de entulho decorrente da execução de obras (Classe A CONAMA - NBR 10.004 - Classe II-B), incluindo aluguel da caçamba, carga, transporte e descarga em área licenciada | E32: m3 | F32: 42.99 | G32: 92.39 | H32: 123.11 | I32: 5292.5 | J32: =I32/'PLANILHA ORÇAMENTÁRIA'!$I$196 -> 0.01070972 | K32: =J32+K31 -> 0.79099214 | L32: =IF(K32<=$Q$11,"A",IF(K32<=$Q$12,"B","C")) -> A
A33: 14.6.1 | B33: 151602 | C33: DER-ES | D33: Abertura e fechamento de rasgos em alvenaria, para passagem de eletroduto diâm. 1 1/4"a 2" | E33: m | F33: 170 | G33: 20.99 | H33: 27.97 | I33: 4754.9 | J33: =I33/'PLANILHA ORÇAMENTÁRIA'!$I$196 -> 0.0096218513 | K33: =J33+K32 -> 0.80061399 | L33: =IF(K33<=$Q$11,"A",IF(K33<=$Q$12,"B","C")) -> B
A34: 2.1.4 | B34: 020344 | C34: DER-ES | D34: Mobilização e desmobilização de conteiner locado para barracão de obra | E34: und | F34: 2 | G34: 1766.67 | H34: 2354.09 | I34: 4708.18 | J34: =I34/'PLANILHA ORÇAMENTÁRIA'!$I$196 -> 0.0095273103 | K34: =J34+K33 -> 0.8101413 | L34: =IF(K34<=$Q$11,"A",IF(K34<=$Q$12,"B","C")) -> B
A35: 15.2.1 | B35: 170508 | C35: DER-ES | D35: Escovário de aço inox, liga AISI 304, N° 18, marcas de referência Fischer, Metalpress ou Mekal, inclusive apoio de concreto, argamassa de apoio e assentamento, válvula e sifão cromados, exclusive torneira, conf. projeto | E35: m | F35: 2 | G35: 1723.86 | H35: 2297.04 | I35: 4594.08 | J35: =I35/'PLANILHA ORÇAMENTÁRIA'!$I$196 -> 0.0092964215 | K35: =J35+K34 -> 0.81943772 | L35: =IF(K35<=$Q$11,"A",IF(K35<=$Q$12,"B","C")) -> B
A36: 12.3.1 | B36: 130322 | C36: DER-ES | D36: Rodapé de argamassa de alta resistência tipo granilite ou equivalente de qualidade comprovada, altura de 10 cm e espessura de 10 mm, com cantos boleados, executado com cimento e granitina grana N.1, inclusive polimento | E36: m | F36: 102.85 | G36: 32.58 | H36: 43.41 | I36: 4464.72 | J36: =I36/'PLANILHA ORÇAMENTÁRIA'!$I$196 -> 0.0090346531 | K36: =J36+K35 -> 0.82847238 | L36: =IF(K36<=$Q$11,"A",IF(K36<=$Q$12,"B","C")) -> B
A37: 18.1.1 | B37: COMP-07 | D37: Chapim de granito cinza polido, 19 cm, esp. 3 cm | E37: m | F37: 34.12 | G37: 95.648516 | H37: 127.45 | I37: 4348.59 | J37: =I37/'PLANILHA ORÇAMENTÁRIA'!$I$196 -> 0.0087996564 | K37: =J37+K36 -> 0.83727203 | L37: =IF(K37<=$Q$11,"A",IF(K37<=$Q$12,"B","C")) -> B
A38: 12.1.1 | B38: 130111 | C38: DER-ES | D38: Lastro impermeabilizado de concreto não estrutural, espessura de 6 cm | E38: m2 | F38: 43.93 | G38: 66.21 | H38: 88.22 | I38: 3875.5 | J38: =I38/'PLANILHA ORÇAMENTÁRIA'!$I$196 -> 0.0078423278 | K38: =J38+K37 -> 0.84511436 | L38: =IF(K38<=$Q$11,"A",IF(K38<=$Q$12,"B","C")) -> B
A39: 14.7.2 | B39: 151801 | C39: DER-ES | D39: Ponto padrão de luz no teto - considerando eletroduto PVC rígido de 3/4" inclusive conexões (4.5m), fio isolado PVC de 2.5mm2 (16.2m) e caixa PVC 4x4" (1 und) | E39: und | F39: 12 | G39: 235.23 | H39: 313.44 | I39: 3761.28 | J39: =I39/'PLANILHA ORÇAMENTÁRIA'!$I$196 -> 0.0076111962 | K39: =J39+K38 -> 0.85272556 | L39: =IF(K39<=$Q$11,"A",IF(K39<=$Q$12,"B","C")) -> B
A40: 4.2.3 | B40: 040333 | C40: DER-ES | D40: Fornecimento, dobragem e colocação em fôrma, de armadura CA-60 B fina, diâmetro de 4.0 a 7.0mm | E40: kg | F40: 227.4 | G40: 10.78 | H40: 14.36 | I40: 3265.46 | J40: =I40/'PLANILHA ORÇAMENTÁRIA'!$I$196 -> 0.006607872 | K40: =J40+K39 -> 0.85933343 | L40: =IF(K40<=$Q$11,"A",IF(K40<=$Q$12,"B","C")) -> B
A41: 4.1.6 | B41: 040246 | C41: DER-ES | D41: Fornecimento, dobragem e colocação em fôrma, de armadura CA-60 B fina, diâmetro de 4.0 a 7.0mm | E41: kg | F41: 192.3 | G41: 10.78 | H41: 14.36 | I41: 2761.43 | J41: =I41/'PLANILHA ORÇAMENTÁRIA'!$I$196 -> 0.0055879343 | K41: =J41+K40 -> 0.86492136 | L41: =IF(K41<=$Q$11,"A",IF(K41<=$Q$12,"B","C")) -> B
A42: 18.3.1 | B42: 200401 | C42: DER-ES | D42: Limpeza geral da obra (edificação) | E42: m2 | F42: 209.35 | G42: 9.88 | H42: 13.17 | I42: 2757.14 | J42: =I42/'PLANILHA ORÇAMENTÁRIA'!$I$196 -> 0.0055792532 | K42: =J42+K41 -> 0.87050061 | L42: =IF(K42<=$Q$11,"A",IF(K42<=$Q$12,"B","C")) -> B
A43: 2.1.1 | B43: 020305 | C43: DER-ES | D43: Placa de obra nas dimensões de 2.0 x 4.0 m, padrão DER | E43: m2 | F43: 8 | G43: 241.93 | H43: 322.37 | I43: 2578.96 | J43: =I43/'PLANILHA ORÇAMENTÁRIA'!$I$196 -> 0.0052186943 | K43: =J43+K42 -> 0.87571931 | L43: =IF(K43<=$Q$11,"A",IF(K43<=$Q$12,"B","C")) -> B
A44: 3.1.1 | B44: 030101 | C44: DER-ES | D44: Escavação manual em material de 1a. categoria, até 1.50 m de profundidade | E44: m3 | F44: 27.52 | G44: 63.96 | H44: 85.23 | I44: 2345.53 | J44: =I44/'PLANILHA ORÇAMENTÁRIA'!$I$196 -> 0.0047463334 | K44: =J44+K43 -> 0.88046564 | L44: =IF(K44<=$Q$11,"A",IF(K44<=$Q$12,"B","C")) -> B
A45: 10.1.1 | B45: 110101 | C45: DER-ES | D45: Chapisco com argamassa de cimento e areia média ou grossa lavada no traço 1:3, espessura 5 mm | E45: m2 | F45: 104.69 | G45: 15.47 | H45: 20.61 | I45: 2157.66 | J45: =I45/'PLANILHA ORÇAMENTÁRIA'!$I$196 -> 0.0043661662 | K45: =J45+K44 -> 0.88483181 | L45: =IF(K45<=$Q$11,"A",IF(K45<=$Q$12,"B","C")) -> B
A46: 18.2.1 | B46: 200206 | C46: DER-ES | D46: Execução de pavimentação com blocos intertravados de concreto tipo pavi-s, espessura de 8 cm e resistência mínima de 35 MPa, assentados sobre colchão de pó de pedra de 10 cm, com rejuntamento em areia, compactação com placa vibratória e cortes com cortadora de piso | E46: m2 | F46: 14.71 | G46: 109.9 | H46: 146.44 | I46: 2154.13 | J46: =I46/'PLANILHA ORÇAMENTÁRIA'!$I$196 -> 0.004359023 | K46: =J46+K45 -> 0.88919083 | L46: =IF(K46<=$Q$11,"A",IF(K46<=$Q$12,"B","C")) -> B
A47: 14.7.4 | B47: 151810 | C47: DER-ES | D47: Ponto padrão de interruptor de 1 tecla paralelo - considerando eletroduto PVC rígido de 3/4" inclusive conexões (8.5m), fio isolado PVC de 2.5mm2 (28.8m) e caixa PVC 4x2" (1 und) | E47: und | F47: 4 | G47: 403.31 | H47: 537.41 | I47: 2149.64 | J47: =I47/'PLANILHA ORÇAMENTÁRIA'!$I$196 -> 0.0043499372 | K47: =J47+K46 -> 0.89354077 | L47: =IF(K47<=$Q$11,"A",IF(K47<=$Q$12,"B","C")) -> B
A48: 16.2.1 | B48: 181001 | C48: DER-ES | D48: Luminaria sobrepor compl., corpo ch. aço pintada branca, refletor, aletas parabólicas alum.alta pureza e refletância inclusive 2 lâmpadas LED T8 9/10W temp. de cor 5000k c/ 60cm - Ref. CS216AL-N - AMES, 1261 - LUMAVI OU EQUIVALENTE | E48: und | F48: 12 | G48: 133.93 | H48: 178.46 | I48: 2141.52 | J48: =I48/'PLANILHA ORÇAMENTÁRIA'!$I$196 -> 0.0043335058 | K48: =J48+K47 -> 0.89787427 | L48: =IF(K48<=$Q$11,"A",IF(K48<=$Q$12,"B","C")) -> B
A49: 14.5.3 | B49: 151419 | C49: DER-ES | D49: Cabo de cobre termoplástico (PVC) flexível isolado 0,60/1kV, antichama, HEPR 90ºC ? 6,0mm2 | E49: m | F49: 120 | G49: 13.22 | H49: 17.62 | I49: 2114.4 | J49: =I49/'PLANILHA ORÇAMENTÁRIA'!$I$196 -> 0.0042786267 | K49: =J49+K48 -> 0.9021529 | L49: =IF(K49<=$Q$11,"A",IF(K49<=$Q$12,"B","C")) -> C
A50: 11.1.2 | B50: 120308 | C50: DER-ES | D50: Chapisco de argamassa de cimento e areia média ou grossa lavada no traço 1:3, espessura 5mm, com utilização de impermeabilizante | E50: m2 | F50: 180.28 | G50: 8.72 | H50: 11.62 | I50: 2094.85 | J50: =I50/'PLANILHA ORÇAMENTÁRIA'!$I$196 -> 0.004239066 | K50: =J50+K49 -> 0.90639197 | L50: =IF(K50<=$Q$11,"A",IF(K50<=$Q$12,"B","C")) -> C
A51: 14.5.2 | B51: 151402 | C51: DER-ES | D51: Cabo de cobre termoplástico (PVC) flexível isolado 450/750V, antichama BWF livre de chumbo, 70ºC - 2,5mm2 | E51: m | F51: 200 | G51: 7.86 | H51: 10.47 | I51: 2094 | J51: =I51/'PLANILHA ORÇAMENTÁRIA'!$I$196 -> 0.004237346 | K51: =J51+K50 -> 0.91062931 | L51: =IF(K51<=$Q$11,"A",IF(K51<=$Q$12,"B","C")) -> C
A52: 8.2.1 | B52: 090219 | C52: DER-ES | D52: Cobertura em telha ondulada de alumínio, esp. 0.5mm, inclusive acessórios de fixação | E52: m2 | F52: 17.14 | G52: 90.9 | H52: 121.12 | I52: 2076 | J52: =I52/'PLANILHA ORÇAMENTÁRIA'!$I$196 -> 0.0042009218 | K52: =J52+K51 -> 0.91483024 | L52: =IF(K52<=$Q$11,"A",IF(K52<=$Q$12,"B","C")) -> C
A53: 1.1.12 | B53: 010246 | C53: DER-ES | D53: Lixamento manual de parede com pintura PVA para nivelamento e preparo da superfície para recebimento de nova camada de tinta | E53: m2 | F53: 304.74 | G53: 5.04 | H53: 6.72 | I53: 2047.85 | J53: =I53/'PLANILHA ORÇAMENTÁRIA'!$I$196 -> 0.0041439585 | K53: =J53+K52 -> 0.91897419 | L53: =IF(K53<=$Q$11,"A",IF(K53<=$Q$12,"B","C")) -> C
A54: 14.5.4 | B54: 151420 | C54: DER-ES | D54: Cabo de cobre termoplástico (PVC) flexível isolado 0,60/1kV, antichama, HEPR 90ºC ? 10,0mm2 | E54: m | F54: 90 | G54: 17.02 | H54: 22.68 | I54: 2041.2 | J54: =I54/'PLANILHA ORÇAMENTÁRIA'!$I$196 -> 0.0041305018 | K54: =J54+K53 -> 0.9231047 | L54: =IF(K54<=$Q$11,"A",IF(K54<=$Q$12,"B","C")) -> C
A55: 6.2.1 | B55: COMP-02 | D55: Porta em madeira de lei tipo angelim pedra ou equivalente,esp. 30 a 35mm c/ enchimento em madeira 1a qualidade, tipo sarrafeada para pintura, inclusive alizares, dobradiças e fechadura tipo alavanca em latão cromado LaFonte ou equivalente, exclusive marco, nas dimensões: 1,20 x 2,10 m | E55: und | F55: 1 | G55: 1506.035 | H55: 2006.79 | I55: 2006.79 | J55: =I55/'PLANILHA ORÇAMENTÁRIA'!$I$196 -> 0.0040608709 | K55: =J55+K54 -> 0.92716557 | L55: =IF(K55<=$Q$11,"A",IF(K55<=$Q$12,"B","C")) -> C
A56: 1.1.16 | B56: 010326 | C56: DER-ES | D56: Remoção manual de trama de madeira para cobertura, com reaproveitamento | E56: m2 | F56: 45.77 | G56: 31.9 | H56: 42.51 | I56: 1945.68 | J56: =I56/'PLANILHA ORÇAMENTÁRIA'!$I$196 -> 0.0039372108 | K56: =J56+K55 -> 0.93110278 | L56: =IF(K56<=$Q$11,"A",IF(K56<=$Q$12,"B","C")) -> C
A57: 2.1.2 | B57: 020350 | C57: DER-ES | D57: Tapume Telha Metálica Ondulada em aço galvalume 0,50mm Branca h=2,20m, incl. montagem estr. mad. 8"x8", c/adesivo "DER-ES" 60x60cm a cada 10m, incl. faixas pint. esmalte sint. cores azul c/ h=30cm e rosa c/ h=10cm (Reaproveitamento 2x) | E57: m | F57: 10 | G57: 142.25 | H57: 189.55 | I57: 1895.5 | J57: =I57/'PLANILHA ORÇAMENTÁRIA'!$I$196 -> 0.0038356683 | K57: =J57+K56 -> 0.93493845 | L57: =IF(K57<=$Q$11,"A",IF(K57<=$Q$12,"B","C")) -> C
A58: 13.1.1 | B58: 140903 | C58: DER-ES | D58: Tubo PVC rígido para esgoto no diâmetro de 100mm incluindo escavação e aterro com areia | E58: m | F58: 20 | G58: 69.19 | H58: 92.2 | I58: 1844 | J58: =I58/'PLANILHA ORÇAMENTÁRIA'!$I$196 -> 0.0037314547 | K58: =J58+K57 -> 0.9386699 | L58: =IF(K58<=$Q$11,"A",IF(K58<=$Q$12,"B","C")) -> C
A59: 13.2.1 | B59: 141101 | C59: DER-ES | D59: Caixas de inspeção de alv. blocos concreto 9x19x39cm, dim, 60x60cm e Hmáx = 1m, com tampa de conc. esp. 5cm, lastro de conc. esp. 10cm, revest intern. c/ chapisco e reboco impermeabilizado, incl. escavação, reaterro e enchimento | E59: und | F59: 2 | G59: 647.38 | H59: 862.63 | I59: 1725.26 | J59: =I59/'PLANILHA ORÇAMENTÁRIA'!$I$196 -> 0.0034911765 | K59: =J59+K58 -> 0.94216108 | L59: =IF(K59<=$Q$11,"A",IF(K59<=$Q$12,"B","C")) -> C
A60: 14.5.1 | B60: 151401 | C60: DER-ES | D60: Cabo de cobre termoplástico (PVC) flexível isolado 450/750V, antichama BWF livre de chumbo, 70ºC - 1,5mm2 | E60: m | F60: 200 | G60: 6.43 | H60: 8.57 | I60: 1714 | J60: =I60/'PLANILHA ORÇAMENTÁRIA'!$I$196 -> 0.0034683911 | K60: =J60+K59 -> 0.94562947 | L60: =IF(K60<=$Q$11,"A",IF(K60<=$Q$12,"B","C")) -> C
A61: 1.1.6 | B61: 010210 | C61: DER-ES | D61: Demolição manual de concreto simples, sem reaproveitamento | E61: m3 | F61: 5.55 | G61: 225.81 | H61: 300.89 | I61: 1669.94 | J61: =I61/'PLANILHA ORÇAMENTÁRIA'!$I$196 -> 0.0033792329 | K61: =J61+K60 -> 0.9490087 | L61: =IF(K61<=$Q$11,"A",IF(K61<=$Q$12,"B","C")) -> C
A62: 5.2.1 | B62: 050301 | C62: DER-ES | D62: Verga/contraverga reta de concreto armado moldada in loco 10 x 5 cm, Fck = 15 MPa, inclusive forma, armação e desforma, comprimento inferior a 2.0 metros | E62: m | F62: 29.65 | G62: 42.04 | H62: 56.02 | I62: 1660.99 | J62: =I62/'PLANILHA ORÇAMENTÁRIA'!$I$196 -> 0.0033611219 | K62: =J62+K61 -> 0.95236982 | L62: =IF(K62<=$Q$11,"A",IF(K62<=$Q$12,"B","C")) -> C
A63: 2.3.1 | B63: 020810 | C63: DER-ES | D63: Reservatório de poliestileno de 500 L, incl. suporte em madeira de 7x12cm e 5x7cm, elevado de 4m, conforme projeto (2 utilizações) | E63: und | F63: 1 | G63: 1024.87 | H63: 1365.64 | I63: 1365.64 | J63: =I63/'PLANILHA ORÇAMENTÁRIA'!$I$196 -> 0.0027634619 | K63: =J63+K62 -> 0.95513328 | L63: =IF(K63<=$Q$11,"A",IF(K63<=$Q$12,"B","C")) -> C
A64: 5.3.1 | B64: 050501 | C64: DER-ES | D64: Alvenaria de blocos de concreto estrutural 14x19x39cm cheios "Classe B", com resistência mínima à compressão 15MPa, assentados c/ argamassa de cimento e areia média no traço 1:4, preparo com betoneira, esp. juntas 10mm e esp. da parede s/ revestimento 14cm | E64: m2 | F64: 7 | G64: 141.99 | H64: 189.2 | I64: 1324.4 | J64: =I64/'PLANILHA ORÇAMENTÁRIA'!$I$196 -> 0.0026800101 | K64: =J64+K63 -> 0.95781329 | L64: =IF(K64<=$Q$11,"A",IF(K64<=$Q$12,"B","C")) -> C
A65: 14.7.3 | B65: 151803 | C65: DER-ES | D65: Ponto padrão de tomada 2 pólos mais terra - considerando eletroduto PVC rígido de 3/4" inclusive conexões (5.0m), fio isolado PVC de 2.5mm2 (16.5m) e caixa pvc 4x2" (1 und) | E65: und | F65: 4 | G65: 240.27 | H65: 320.16 | I65: 1280.64 | J65: =I65/'PLANILHA ORÇAMENTÁRIA'!$I$196 -> 0.0025914588 | K65: =J65+K64 -> 0.96040475 | L65: =IF(K65<=$Q$11,"A",IF(K65<=$Q$12,"B","C")) -> C
A66: 1.2.1 | B66: 010501 | C66: DER-ES | D66: Locação de obra com gabarito de madeira | E66: m2 | F66: 75.8 | G66: 12.14 | H66: 16.18 | I66: 1226.44 | J66: =I66/'PLANILHA ORÇAMENTÁRIA'!$I$196 -> 0.0024817816 | K66: =J66+K65 -> 0.96288654 | L66: =IF(K66<=$Q$11,"A",IF(K66<=$Q$12,"B","C")) -> C
A67: 13.4.2 | B67: 141910 | C67: DER-ES | D67: Tubo de PVC rígido soldável branco, para esgoto, série normal, diâmetro 150mm (6"), inclusive conexões | E67: m | F67: 9.2 | G67: 97.86 | H67: 130.4 | I67: 1199.68 | J67: =I67/'PLANILHA ORÇAMENTÁRIA'!$I$196 -> 0.002427631 | K67: =J67+K66 -> 0.96531417 | L67: =IF(K67<=$Q$11,"A",IF(K67<=$Q$12,"B","C")) -> C
A68: 15.1.1 | B68: 170306 | C68: DER-ES | D68: Torneira de parede para tanque longa 3/4" 1158 Primor - Docol ou equivalente | E68: und | F68: 4 | G68: 218.88 | H68: 291.66 | I68: 1166.64 | J68: =I68/'PLANILHA ORÇAMENTÁRIA'!$I$196 -> 0.0023607724 | K68: =J68+K67 -> 0.96767494 | L68: =IF(K68<=$Q$11,"A",IF(K68<=$Q$12,"B","C")) -> C
A69: 1.1.3 | B69: 010203 | C69: DER-ES | D69: Demolição manual de revestimento cerâmico/porcelanato (pisos), inclusive lastro de concreto espessura de 6,0 cm, sem reaproveitamento | E69: m2 | F69: 25.18 | G69: 34.67 | H69: 46.2 | I69: 1163.32 | J69: =I69/'PLANILHA ORÇAMENTÁRIA'!$I$196 -> 0.0023540541 | K69: =J69+K68 -> 0.97002899 | L69: =IF(K69<=$Q$11,"A",IF(K69<=$Q$12,"B","C")) -> C
A70: 8.1.1 | B70: COMP-03 | D70: Trama de aço composta por terças para telhados de até 2 águas para telha ondulada de fibrocimento, metálica, plástica ou termoacústica, incluso transporte vertical | E70: m2 | F70: 17.14 | G70: 49.680914 | H70: 66.2 | I70: 1134.67 | J70: =I70/'PLANILHA ORÇAMENTÁRIA'!$I$196 -> 0.002296079 | K70: =J70+K69 -> 0.97232507 | L70: =IF(K70<=$Q$11,"A",IF(K70<=$Q$12,"B","C")) -> C
A71: 2.3.2 | B71: 020812 | C71: DER-ES | D71: Rede de água, com padrão de entrada dágua diâm. 3/4", conf. espec. CESAN, incl. tubos e conexões para alimentação, distribuição, extravasor e limpeza, cons. o padrão a 25m, conf. projeto (2 utilizações) | E71: m | F71: 20 | G71: 40 | H71: 53.3 | I71: 1066 | J71: =I71/'PLANILHA ORÇAMENTÁRIA'!$I$196 -> 0.0021571207 | K71: =J71+K70 -> 0.97448219 | L71: =IF(K71<=$Q$11,"A",IF(K71<=$Q$12,"B","C")) -> C
A72: 4.1.3 | B72: 040231 | C72: DER-ES | D72: Fornecimento, preparo e aplicação de concreto magro com consumo mínimo de cimento de 250 kg/m3 (brita 1 e 2) - (5% de perdas já incluído no custo) | E72: m3 | F72: 0.97 | G72: 728.06 | H72: 970.14 | I72: 941.04 | J72: =I72/'PLANILHA ORÇAMENTÁRIA'!$I$196 -> 0.001904256 | K72: =J72+K71 -> 0.97638645 | L72: =IF(K72<=$Q$11,"A",IF(K72<=$Q$12,"B","C")) -> C
A73: 1.1.17 | B73: COMP-01 | D73: Remoção de trama metálica para cobertura, de forma manual, sem reaproveitamento | E73: m2 | F73: 17.65 | G73: 36.717012 | H73: 48.93 | I73: 863.61 | J73: =I73/'PLANILHA ORÇAMENTÁRIA'!$I$196 -> 0.0017475713 | K73: =J73+K72 -> 0.97813402 | L73: =IF(K73<=$Q$11,"A",IF(K73<=$Q$12,"B","C")) -> C
A74: 3.2.2 | B74: 030208 | C74: DER-ES | D74: Aterro manual para regularização do terreno em argila, inclusive adensamento manual e fornecimento do material (máximo de 100m3) | E74: m3 | F74: 3.02 | G74: 199.06 | H74: 265.25 | I74: 801.06 | J74: =I74/'PLANILHA ORÇAMENTÁRIA'!$I$196 -> 0.0016209973 | K74: =J74+K73 -> 0.97975502 | L74: =IF(K74<=$Q$11,"A",IF(K74<=$Q$12,"B","C")) -> C
A75: 1.1.7 | B75: 010213 | C75: DER-ES | D75: Retirada manual cuidadosa de blocos pré-moldados de concreto (Blokret), inclusive limpeza e empilhamento para reaproveitamento | E75: m2 | F75: 33.42 | G75: 17.93 | H75: 23.89 | I75: 798.4 | J75: =I75/'PLANILHA ORÇAMENTÁRIA'!$I$196 -> 0.0016156146 | K75: =J75+K74 -> 0.98137063 | L75: =IF(K75<=$Q$11,"A",IF(K75<=$Q$12,"B","C")) -> C
A76: 14.3.2 | B76: 151137 | C76: DER-ES | D76: Eletroduto PEAD parede simples, corrugado, cor preta, diâmetro 1.1/2", referencia Kanaflex, Plastibras ou equivalente | E76: m | F76: 20 | G76: 28.36 | H76: 37.79 | I76: 755.8 | J76: =I76/'PLANILHA ORÇAMENTÁRIA'!$I$196 -> 0.0015294108 | K76: =J76+K75 -> 0.98290004 | L76: =IF(K76<=$Q$11,"A",IF(K76<=$Q$12,"B","C")) -> C
A77: 3.2.1 | B77: 030201 | C77: DER-ES | D77: Reaterro apiloado de cavas de fundação, em camadas de 20 cm | E77: m3 | F77: 7.7 | G77: 68.88 | H77: 91.78 | I77: 706.71 | J77: =I77/'PLANILHA ORÇAMENTÁRIA'!$I$196 -> 0.0014300739 | K77: =J77+K76 -> 0.98433012 | L77: =IF(K77<=$Q$11,"A",IF(K77<=$Q$12,"B","C")) -> C
A78: 14.3.1 | B78: 151132 | C78: DER-ES | D78: Eletroduto flexível corrugado diâmetro 3/4", Amarelo ? Tigreflex ou equivalente | E78: m | F78: 80 | G78: 6.6 | H78: 8.79 | I78: 703.2 | J78: =I78/'PLANILHA ORÇAMENTÁRIA'!$I$196 -> 0.0014229712 | K78: =J78+K77 -> 0.98575309 | L78: =IF(K78<=$Q$11,"A",IF(K78<=$Q$12,"B","C")) -> C
A79: 1.1.1 | B79: 010201 | C79: DER-ES | D79: Demolição manual de piso cimentado espessura de 1,5 cm, inclusive lastro de concreto espessura de 6,0 cm, sem reaproveitamento | E79: m2 | F79: 30.1 | G79: 16.92 | H79: 22.55 | I79: 678.76 | J79: =I79/'PLANILHA ORÇAMENTÁRIA'!$I$196 -> 0.0013735153 | K79: =J79+K78 -> 0.9871266 | L79: =IF(K79<=$Q$11,"A",IF(K79<=$Q$12,"B","C")) -> C
A80: 1.1.2 | B80: 010202 | C80: DER-ES | D80: Demolição manual de revestimento cerâmico/porcelanato (pisos), exclusive lastro, sem reaproveitamento | E80: m2 | F80: 23.04 | G80: 21.13 | H80: 28.16 | I80: 648.81 | J80: =I80/'PLANILHA ORÇAMENTÁRIA'!$I$196 -> 0.0013129095 | K80: =J80+K79 -> 0.98843951 | L80: =IF(K80<=$Q$11,"A",IF(K80<=$Q$12,"B","C")) -> C
A81: 1.1.4 | B81: 010208 | C81: DER-ES | D81: Retirada manual de revestimento em argamassa cimento e areia (emboço e reboco), sem reaproveitamento | E81: m2 | F81: 42.13 | G81: 10.73 | H81: 14.3 | I81: 602.46 | J81: =I81/'PLANILHA ORÇAMENTÁRIA'!$I$196 -> 0.0012191172 | K81: =J81+K80 -> 0.98965863 | L81: =IF(K81<=$Q$11,"A",IF(K81<=$Q$12,"B","C")) -> C
A82: 6.1.1 | B82: 060110 | C82: DER-ES | D82: Marco em madeira de lei tipo Peroba, Ipê, Angelim Pedra ou equivalente, com 15 x 3cm de batente | E82: m | F82: 5.4 | G82: 81.14 | H82: 108.12 | I82: 583.85 | J82: =I82/'PLANILHA ORÇAMENTÁRIA'!$I$196 -> 0.0011814587 | K82: =J82+K81 -> 0.99084009 | L82: =IF(K82<=$Q$11,"A",IF(K82<=$Q$12,"B","C")) -> C
A83: 1.1.10 | B83: 010224 | C83: DER-ES | D83: Retirada manual de grades, gradis, alambrados, cercas e portões metálicos, inclusive remoção de argamassa de chumbamento, acessórios de fixação e corte de soldas | E83: m2 | F83: 29.57 | G83: 13.7 | H83: 18.26 | I83: 539.95 | J83: =I83/'PLANILHA ORÇAMENTÁRIA'!$I$196 -> 0.0010926242 | K83: =J83+K82 -> 0.99193271 | L83: =IF(K83<=$Q$11,"A",IF(K83<=$Q$12,"B","C")) -> C
A84: 12.2.3 | B84: 130233 | C84: DER-ES | D84: Porcelanato esmaltado, acabamento acetinado, dim. 60x60cm, ref. de cor CIMENTO CINZA BOLD Portobello/equiv, utilizando dupla colagem de argamassa colante para porcelanato tipo ACIII e rejunte 3mm para porcelanato | E84: m2 | F84: 2.6 | G84: 144.21 | H84: 192.16 | I84: 499.62 | J84: =I84/'PLANILHA ORÇAMENTÁRIA'!$I$196 -> 0.0010110138 | K84: =J84+K83 -> 0.99294373 | L84: =IF(K84<=$Q$11,"A",IF(K84<=$Q$12,"B","C")) -> C
A85: 13.2.2 | B85: 141109 | C85: DER-ES | D85: Grelha largura 20 cm de ferro redondo de 1/2" a cada 3 cm, contorno com barra de ferro de 3/4" x 1/8" e caixilho de cantoneira de 1" x 3/16" | E85: m | F85: 1.73 | G85: 199.29 | H85: 265.55 | I85: 459.4 | J85: =I85/'PLANILHA ORÇAMENTÁRIA'!$I$196 -> 0.00092962596 | K85: =J85+K84 -> 0.99387335 | L85: =IF(K85<=$Q$11,"A",IF(K85<=$Q$12,"B","C")) -> C
A86: 1.1.13 | B86: 010255 | C86: DER-ES | D86: Remoção manual de telhas cerâmicas, tipo colonial, inclusive cumeeira, sem reaproveitamento | E86: m2 | F86: 15.9 | G86: 15.67 | H86: 20.88 | I86: 331.99 | J86: =I86/'PLANILHA ORÇAMENTÁRIA'!$I$196 -> 0.00067180349 | K86: =J86+K85 -> 0.99454516 | L86: =IF(K86<=$Q$11,"A",IF(K86<=$Q$12,"B","C")) -> C
A87: 17.2.1 | B87: 190303 | C87: DER-ES | D87: Pintura de esquadrias e elementos de madeira, aplicação manual, com três demão de verniz brilhante incolor, linha Premium Copal, referência Suvinil, Eucatex, Montana ou equivalente | E87: m2 | F87: 7.56 | G87: 29.93 | H87: 39.88 | I87: 301.49 | J87: =I87/'PLANILHA ORÇAMENTÁRIA'!$I$196 -> 0.00061008474 | K87: =J87+K86 -> 0.99515524 | L87: =IF(K87<=$Q$11,"A",IF(K87<=$Q$12,"B","C")) -> C
A88: 14.1.1 | B88: 150306 | C88: DER-ES | D88: Quadro de distribuição de energia em PVC, de embutir, com 12 divisões modulares com barramento | E88: und | F88: 1 | G88: 223.49 | H88: 297.8 | I88: 297.8 | J88: =I88/'PLANILHA ORÇAMENTÁRIA'!$I$196 -> 0.00060261779 | K88: =J88+K87 -> 0.99575786 | L88: =IF(K88<=$Q$11,"A",IF(K88<=$Q$12,"B","C")) -> C
A89: 16.2.2 | B89: COMP-05 | D89: Luminária arandela tipo tartaruga, de sobrepor, com 1 lâmpada led de 6W, - fornecimento e instalação. | E89: und | F89: 2 | G89: 102.02242 | H89: 135.94 | I89: 271.88 | J89: =I89/'PLANILHA ORÇAMENTÁRIA'!$I$196 -> 0.00055016697 | K89: =J89+K88 -> 0.99630803 | L89: =IF(K89<=$Q$11,"A",IF(K89<=$Q$12,"B","C")) -> C
A90: 16.1.2 | B90: 180206 | C90: DER-ES | D90: Interruptor de uma tecla paralelo 10A/250V, com placa 4x2" | E90: und | F90: 4 | G90: 42.33 | H90: 56.4 | I90: 225.6 | J90: =I90/'PLANILHA ORÇAMENTÁRIA'!$I$196 -> 0.00045651636 | K90: =J90+K89 -> 0.99676454 | L90: =IF(K90<=$Q$11,"A",IF(K90<=$Q$12,"B","C")) -> C
A91: 16.1.1 | B91: 180201 | C91: DER-ES | D91: Tomada padrão brasileiro linha branca, NBR 14136 (1 módulos) - 2 polos + terra 10A/250V, inclusive suporte e placa 4x2" | E91: und | F91: 4 | G91: 41.84 | H91: 55.75 | I91: 223 | J91: =I91/'PLANILHA ORÇAMENTÁRIA'!$I$196 -> 0.00045125509 | K91: =J91+K90 -> 0.9972158 | L91: =IF(K91<=$Q$11,"A",IF(K91<=$Q$12,"B","C")) -> C
A92: 16.3.1 | B92: COMP-06 | D92: Sensor de presença sem fotocélula, fixação em teto - Fornecimento e Instalação | E92: und | F92: 2 | G92: 64.335489 | H92: 85.73 | I92: 171.46 | J92: =I92/'PLANILHA ORÇAMENTÁRIA'!$I$196 -> 0.00034696053 | K92: =J92+K91 -> 0.99756276 | L92: =IF(K92<=$Q$11,"A",IF(K92<=$Q$12,"B","C")) -> C
A93: 1.1.14 | B93: 010256 | C93: DER-ES | D93: Remoção manual de telhas ondulada de fibrocimento, inclusive cumeeira, sem reaproveitamento | E93: m2 | F93: 29.87 | G93: 3.42 | H93: 4.56 | I93: 136.21 | J93: =I93/'PLANILHA ORÇAMENTÁRIA'!$I$196 -> 0.00027562985 | K93: =J93+K92 -> 0.99783839 | L93: =IF(K93<=$Q$11,"A",IF(K93<=$Q$12,"B","C")) -> C
A94: 14.4.2 | B94: 151311 | C94: DER-ES | D94: Mini-Disjuntor tripolar 50A, curva C, 5kA, 127/220Vca, referência Siemens, GE, Schneider ou equivalente | E94: und | F94: 1 | G94: 100.23 | H94: 133.56 | I94: 133.56 | J94: =I94/'PLANILHA ORÇAMENTÁRIA'!$I$196 -> 0.0002702674 | K94: =J94+K93 -> 0.99810865 | L94: =IF(K94<=$Q$11,"A",IF(K94<=$Q$12,"B","C")) -> C
A95: 14.4.3 | B95: 151329 | C95: DER-ES | D95: Mini-Disjuntor tripolar 32A, curva C, 5kA, 127/220Vca, referência. Siemens, GE, Schneider ou equivalente | E95: und | F95: 1 | G95: 98.21 | H95: 130.86 | I95: 130.86 | J95: =I95/'PLANILHA ORÇAMENTÁRIA'!$I$196 -> 0.00026480377 | K95: =J95+K94 -> 0.99837346 | L95: =IF(K95<=$Q$11,"A",IF(K95<=$Q$12,"B","C")) -> C
A96: 1.1.5 | B96: 010209 | C96: DER-ES | D96: Demolição manual de alvenaria de bloco furado (cerâmico), sem reaproveitamento | E96: m3 | F96: 1.55 | G96: 59.61 | H96: 79.43 | I96: 123.12 | J96: =I96/'PLANILHA ORÇAMENTÁRIA'!$I$196 -> 0.00024914138 | K96: =J96+K95 -> 0.9986226 | L96: =IF(K96<=$Q$11,"A",IF(K96<=$Q$12,"B","C")) -> C
A97: 13.4.1 | B97: 141906 | C97: DER-ES | D97: Tubo de PVC rígido soldável branco, para esgoto, série normal, diâmetro 40mm (1 1/2"), inclusive conexões | E97: m | F97: 2.6 | G97: 31.4 | H97: 41.84 | I97: 108.78 | J97: =I97/'PLANILHA ORÇAMENTÁRIA'!$I$196 -> 0.00022012345 | K97: =J97+K96 -> 0.99884272 | L97: =IF(K97<=$Q$11,"A",IF(K97<=$Q$12,"B","C")) -> C
A98: 13.5.1 | B98: 142109 | C98: DER-ES | D98: Ralo quadrado seco em PVC, dimensões 100x100x52mm DN40, inclusive grelha quadrada em PVC branca, exclusive junta soldável | E98: und | F98: 2 | G98: 36.97 | H98: 49.26 | I98: 98.52 | J98: =I98/'PLANILHA ORÇAMENTÁRIA'!$I$196 -> 0.00019936167 | K98: =J98+K97 -> 0.99904208 | L98: =IF(K98<=$Q$11,"A",IF(K98<=$Q$12,"B","C")) -> C
A99: 14.2.1 | B99: 150918 | C99: DER-ES | D99: Fita isolante em rolo de 19mm x 20 m, número 33 Scoth ou equivalente | E99: und | F99: 2 | G99: 34.93 | H99: 46.54 | I99: 93.08 | J99: =I99/'PLANILHA ORÇAMENTÁRIA'!$I$196 -> 0.00018835347 | K99: =J99+K98 -> 0.99923044 | L99: =IF(K99<=$Q$11,"A",IF(K99<=$Q$12,"B","C")) -> C
A100: 1.1.15 | B100: 010280 | C100: DER-ES | D100: Remoção manual de telha metálica, exclusive trama, sem reaproveitamento | E100: m2 | F100: 17.65 | G100: 3.42 | H100: 4.56 | I100: 80.48 | J100: =I100/'PLANILHA ORÇAMENTÁRIA'!$I$196 -> 0.00016285655 | K100: =J100+K99 -> 0.99939329 | L100: =IF(K100<=$Q$11,"A",IF(K100<=$Q$12,"B","C")) -> C
A101: 13.3.1 | B101: 141410 | C101: DER-ES | D101: Tubo de PVC rígido soldável marrom, DN 25mm (3/4"), inclusive conexões | E101: m | F101: 2.6 | G101: 23.21 | H101: 30.93 | I101: 80.42 | J101: =I101/'PLANILHA ORÇAMENTÁRIA'!$I$196 -> 0.00016273513 | K101: =J101+K100 -> 0.99955603 | L101: =IF(K101<=$Q$11,"A",IF(K101<=$Q$12,"B","C")) -> C
...

Sheet SERVIÇOS DER 12-25
A1: GOVERNO DO ESTADO DO ESPÍRITO SANTO
A2: Secretaria de Estado de Mobilidade e Infraestrutura - SEMOBI
A3: Departamento de Edificações e de Rodovias do Estado do Espírito Santo - DER-ES
A4: Planilha Orçamentária
A6: Orçamento: 1679501 - TABELA CUSTOS LABOR/CT-UFES PADRÃO DER-ES SERVIÇOS NÃO DESONERADOS DEZEMBRO/2025 (LS HORISTAS=157,27; LS MENSALISTAS=72,92%; BDI=0%) | F6: Leis Sociais: 157,27
A7: Orgão Cliente: DEPARTAMENTO DE EDIFICAÇÕES E DE RODOVIAS DO ESTADO DO ESPÍRITO SANTO | F7: BDI: 0
A9: Planilha: TABELA CUSTOS LABOR/CT-UFES PADRÃO DER-ES SERVIÇOS NÃO DESONERADOS DEZEMBRO/2025 (LS HORISTAS=157,27; LS MENSALISTAS=72,92%; BDI=0%) | F9: Data Base: Dezembro/2025
A10: Local:
A12: Item | B12: Fonte/Código | C12: Especificação do Serviço | D12: Und. | E12: Quant. | F12: Preço Unitário | G12: Preço Total
A13: 1 | C13: SERVIÇOS PRELIMINARES
A14: 102 | C14: DEMOLIÇÕES E RETIRADAS
A15: 10201 | B15: LABOR - 2024 - 010201 - 2 | C15: Demolição manual de piso cimentado espessura de 1,5 cm, inclusive lastro de concreto espessura de 6,0 cm, sem reaproveitamento | D15: m2 | E15: 1 | F15: 16.92 | G15: 16.92
A16: 10202 | B16: LABOR - 2024 - 010202 - 2 | C16: Demolição manual de revestimento cerâmico/porcelanato (pisos), exclusive lastro, sem reaproveitamento | D16: m2 | E16: 1 | F16: 21.13 | G16: 21.13
A17: 10203 | B17: LABOR - 2024 - 010203 - 2 | C17: Demolição manual de revestimento cerâmico/porcelanato (pisos), inclusive lastro de concreto espessura de 6,0 cm, sem reaproveitamento | D17: m2 | E17: 1 | F17: 34.67 | G17: 34.67
A18: 10204 | B18: LABOR - 2024 - 010204 - 2 | C18: Demolição manual de piso de madeira (tacos), exclusive lastro, sem reaproveitamento | D18: m2 | E18: 1 | F18: 12.72 | G18: 12.72
A19: 10205 | B19: LABOR - 2024 - 010205 - 2 | C19: Demolição manual de piso de madeira (tábuas), exclusive lastro, sem reaproveitamento | D19: m2 | E19: 1 | F19: 19.6 | G19: 19.6
A20: 10206 | B20: LABOR - 2024 - 010206 - 2 | C20: Demolição manual de revestimento cerâmico/porcelanato (parede), exclusive emboço/reboco, sem reaproveitamento | D20: m2 | E20: 1 | F20: 23.54 | G20: 23.54
A21: 10207 | B21: LABOR - 2024 - 010207 - 2 | C21: Demolição manual de lambri de madeira em parede, sem reaproveitamento | D21: m2 | E21: 1 | F21: 19.6 | G21: 19.6
A22: 10208 | B22: LABOR - 2024 - 010208 - 2 | C22: Retirada manual de revestimento em argamassa cimento e areia (emboço e reboco), sem reaproveitamento | D22: m2 | E22: 1 | F22: 10.73 | G22: 10.73
A23: 10209 | B23: LABOR - 2024 - 010209 - 2 | C23: Demolição manual de alvenaria de bloco furado (cerâmico), sem reaproveitamento | D23: m3 | E23: 1 | F23: 59.61 | G23: 59.61
A24: 10210 | B24: LABOR - 2024 - 010210 - 2 | C24: Demolição manual de concreto simples, sem reaproveitamento | D24: m3 | E24: 1 | F24: 225.81 | G24: 225.81
A25: 10212 | B25: LABOR - 2024 - 010212 - 2 | C25: Retirada manual cuidadosa de pavimento em paralelepípedos, inclusive limpeza e empilhamento para reaproveitamento | D25: m2 | E25: 1 | F25: 21.51 | G25: 21.51
A26: 10213 | B26: LABOR - 2024 - 010213 - 2 | C26: Retirada manual cuidadosa de blocos pré-moldados de concreto (Blokret), inclusive limpeza e empilhamento para reaproveitamento | D26: m2 | E26: 1 | F26: 17.93 | G26: 17.93
... A59: 10292 | B59: LABOR - 2024 - 010292 - 2 | C59: Retirada manual de alizar de madeira, sem reaproveitamento | D59: m | E59: 1 | F59: 1.54 | G59: 1.54
A60: 103 | C60: DEMOLIÇÕES E RETIRADAS
A61: 10315 | B61: LABOR - 2024 - 010315 - 2 | C61: Retirada manual de telhas tipo Canalete 49, sem reaproveitamento | D61: m2 | E61: 1 | F61: 5.57 | G61: 5.57
A62: 10317 | B62: LABOR - 2024 - 010317 - 2 | C62: Demolição cuidadosa de alvenaria de forma manual, para abertura de vãos, sem reaproveitamento | D62: m2 | E62: 1 | F62: 102.14 | G62: 102.14
A63: 10318 | B63: LABOR - 2024 - 010318 - 2 | C63: Remoção manual de forro modular apoiados em estruturas em perfis metálicos, sem reaproveitamento | D63: m2 | E63: 1 | F63: 8.77 | G63: 8.77
A64: 10319 | B64: LABOR - 2024 - 010319 - 2 | C64: Remoção manual de pintura antiga a base de óleo ou esmalte sobre esquadrias, com aplicação de removedor | D64: m2 | E64: 1 | F64: 20.55 | G64: 20.55
A65: 10320 | B65: LABOR - 2024 - 010320 - 2 | C65: Remoção manual de revestimento de pisos com forração têxtil, com aplicação de solvente | D65: m2 | E65: 1 | F65: 3.81 | G65: 3.81
A66: 10323 | B66: LABOR - 2024 - 010323 - 2 | C66: Retirada de torneira, sem reaproveitamento | D66: und | E66: 1 | F66: 8.08 | G66: 8.08
A67: 10324 | B67: LABOR - 2024 - 010324 - 2 | C67: Retirada manual de telha tipo Canalete 90, sem reaproveitamento | D67: m2 | E67: 1 | F67: 6.68 | G67: 6.68
A68: 10325 | B68: LABOR - 2024 - 010325 - 2 | C68: Demolição manual de estrutura de madeira para telhado, sem reaproveitamento | D68: m2 | E68: 1 | F68: 7.82 | G68: 7.82
A69: 10326 | B69: LABOR - 2024 - 010326 - 2 | C69: Remoção manual de trama de madeira para cobertura, com reaproveitamento | D69: m2 | E69: 1 | F69: 31.9 | G69: 31.9
A70: 10327 | B70: LABOR - 2024 - 010327 - 2 | C70: Retirada manual de batente (marco) de madeira, sem reaproveitamento | D70: m | E70: 1 | F70: 4.04 | G70: 4.04
A71: 10329 | B71: LABOR - 2024 - 010329 - 2 | C71: Retirada manual de disjuntor monofásico, bifásico ou trifásico, sem reaproveitamento | D71: und | E71: 1 | F71: 6.53 | G71: 6.53
A72: 10331 | B72: LABOR - 2024 - 010331 - 2 | C72: Demolição manual de piso, soleira, peitoris e escadas em mármore ou granito, exclusive regularização, sem reaproveitamento | D72: m2 | E72: 1 | F72: 11.92 | G72: 11.92
... A75: 10344 | B75: LABOR - 2024 - 010344 - 2 | C75: Demolição de lajes, em concreto armado, de forma mecanizada com martelete demolidor elétrico, sem reaproveitamento | D75: m3 | E75: 1 | F75: 94.45 | G75: 94.45
A76: 104 | C76: LIMPEZA DO TERRENO
A77: 10401 | B77: LABOR - 2024 - 010401 - 2 | C77: Corte manual de capoeira fina com foice | D77: m2 | E77: 1 | F77: 1.52 | G77: 1.52
A78: 10402 | B78: LABOR - 2024 - 010402 - 2 | C78: Raspagem superficial e limpeza manual do terreno, realizado com o uso de ferramentas manuais | D78: m2 | E78: 1 | F78: 4.92 | G78: 4.92
A79: 10403 | B79: LABOR - 2024 - 010403 - 2 | C79: Corte e destocamento manual de árvores com diâmetro de até 15 cm | D79: und | E79: 1 | F79: 59.04 | G79: 59.04
A80: 10404 | B80: LABOR - 2024 - 010404 - 2 | C80: Corte e destocamento mecanizado de árvores com diâmetro superior a 30 cm | D80: und | E80: 1 | F80: 169.13 | G80: 169.13
A81: 105 | C81: LOCAÇÃO
A82: 10501 | B82: LABOR - 2024 - 010501 - 1 | C82: Locação de obra com gabarito de madeira | D82: m2 | E82: 1 | F82: 12.14 | G82: 12.14
A83: 10512 | B83: LABOR - 2024 - 010512 - 1 | C83: Equipe topográfica para serviços simples de locação e nivelamento (incluindo equipamento, transporte e profissionais nivel médio) | D83: mês | E83: 1 | F83: 23190.22 | G83: 23190.22
A84: 108 | C84: SERVIÇOS ADMINISTRATIVOS E TÉCNICOS - MENSALISTAS
A85: 10801 | B85: LABOR - 2024 - 010801 - 1 | C85: Engenheiro Junior | D85: mês | E85: 1 | F85: 22311.86 | G85: 22311.86
A86: 10802 | B86: LABOR - 2024 - 010802 - 1 | C86: Engenheiro Pleno | D86: mês | E86: 1 | F86: 25488.8 | G86: 25488.8
A87: 10803 | B87: LABOR - 2024 - 010803 - 1 | C87: Engenhero Sênior | D87: mês | E87: 1 | F87: 28665.69 | G87: 28665.69
A88: 10807 | B88: LABOR - 2024 - 010807 - 1 | C88: Almoxarife | D88: mês | E88: 1 | F88: 3849.89 | G88: 3849.89
A89: 10808 | B89: LABOR - 2024 - 010808 - 1 | C89: Auxiliar de Almoxarife | D89: mês | E89: 1 | F89: 2910.24 | G89: 2910.24
A90: 10809 | B90: LABOR - 2024 - 010809 - 1 | C90: Vigia | D90: mês | E90: 1 | F90: 2910.24 | G90: 2910.24
A91: 10810 | B91: LABOR - 2024 - 010810 - 1 | C91: Encarregado de turma | D91: mês | E91: 1 | F91: 5356.36 | G91: 5356.36
A92: 10811 | B92: LABOR - 2024 - 010811 - 1 | C92: Mestre de Obras Senior | D92: mês | E92: 1 | F92: 6963.28 | G92: 6963.28
A93: 10812 | B93: LABOR - 2024 - 010812 - 1 | C93: Coordenador Tecnico Especialista | D93: mês | E93: 1 | F93: 31198.15 | G93: 31198.15
A94: 10813 | B94: LABOR - 2024 - 010813 - 1 | C94: Técnico Nível Superior | D94: mês | E94: 1 | F94: 17822.06 | G94: 17822.06
A95: 10814 | B95: LABOR - 2024 - 010814 - 1 | C95: Técnico Segundo Grau Nivel "A" | D95: mês | E95: 1 | F95: 11315.95 | G95: 11315.95
A96: 10815 | B96: LABOR - 2024 - 010815 - 1 | C96: Técnico Segundo Grau Nivel "B" | D96: mês | E96: 1 | F96: 9054.22 | G96: 9054.22
... A99: 10818 | B99: LABOR - 2024 - 010818 - 1 | C99: Cotador (Auxiliar de Engenharia) | D99: mês | E99: 1 | F99: 7920.92 | G99: 7920.92
A100: 2 | C100: INSTALAÇÃO DO CANTEIRO DE OBRAS
A101: 203 | C101: TAPUMES, BARRACÕES E COBERTURAS
A102: 20305 | B102: LABOR - 2024 - 020305 - 1 | C102: Placa de obra nas dimensões de 2.0 x 4.0 m, padrão DER | D102: m2 | E102: 1 | F102: 241.93 | G102: 241.93
A103: 20339 | B103: LABOR - 2024 - 020339 - 1 | C103: Locação de andaime metálico para trabalho em fachada de edifíco (aluguel de 1 m² por 1 mês) inclusive frete, montagem e desmontagem | D103: m2 | E103: 1 | F103: 26.21 | G103: 26.21
A104: 20343 | B104: LABOR - 2024 - 020343 - 1 | C104: Aluguel mensal container para escritório, sem banheiro, dim. 6.00x2.40m, incl. porta, 2 janelas, abert p/ ar cond., 2 pt iluminação, 2 tomadas elét. e 1 tomada telef. Isolamento térmico (teto e paredes), piso em comp. Naval, cert. NR18, incl. laudo descontaminação. | D104: mês | E104: 1 | F104: 1250 | G104: 1250
A105: 20344 | B105: LABOR - 2024 - 020344 - 1 | C105: Mobilização e desmobilização de conteiner locado para barracão de obra | D105: und | E105: 1 | F105: 1766.67 | G105: 1766.67
A106: 20346 | B106: LABOR - 2024 - 020346 - 1 | C106: Locação de andaime metálico para fachada - tipo torre (aluguel mensal) | D106: m | E106: 1 | F106: 18.19 | G106: 18.19
A107: 20348 | B107: LABOR - 2024 - 020348 - 1 | C107: Fornecimento e instalação de proteção para andaime fachadeiro considerando plataforma, rodapé e guarda-corpo em madeira, inclusive entelamento, conforme NR-18 (medido por m2 de fachada) | D107: m2 | E107: 1 | F107: 32.2 | G107: 32.2
A108: 20350 | B108: LABOR - 2024 - 020350 - 1 | C108: Tapume Telha Metálica Ondulada em aço galvalume 0,50mm Branca h=2,20m, incl. montagem estr. mad. 8"x8", c/adesivo "DER-ES" 60x60cm a cada 10m, incl. faixas pint. esmalte sint. cores azul c/ h=30cm e rosa c/ h=10cm (Reaproveitamento 2x) | D108: m | E108: 1 | F108: 142.25 | G108: 142.25
A109: 20351 | B109: LABOR - 2024 - 020351 - 1 | C109: Tapume madeira compensada resinada e= 12mm h=2,20m, estr. c/ mad reflorest., incl mont, pintura esmalte sint, adesivo "DER-ES" 60x60cm a cada 10m e faixas c/ pintura esmalte sintético nas cores azul c/ h=30cm e rosa c/ h=10cm | D109: m | E109: 1 | F109: 307.35 | G109: 307.35
A110: 20352 | B110: LABOR - 2024 - 020352 - 1 | C110: Aluguel mensal container para escritório, dim. 6.00x2.40m, c/ banheiro (vaso+lavat+chuveiro e básc), incl. porta, 2 janelas, abert p/ ar cond., 2 pt iluminação, 2 tom. elét. e 1 tom.telef. Isolam.térmico(teto e paredes), piso em comp. Naval, cert. NR18, incl. laudo descontaminação. | D110: ms | E110: 1 | F110: 1232.33 | G110: 1232.33
A111: 20353 | B111: LABOR - 2024 - 020353 - 1 | C111: Aluguel mensal container para refeitorio, incl. porta, 2 janelas, abert p/ ar cond., 2 pt iluminação, 2 tomadas elét. e 1 tomada telef. Isolamento térmico (paredes e teto), piso em comp. Naval pintado, cert. NR18, incl. laudo descontaminação. | D111: ms | E111: 1 | F111: 1224.25 | G111: 1224.25
A112: 20354 | B112: LABOR - 2024 - 020354 - 1 | C112: Aluguel mensal container para vestiário, incl. porta, venezianas de circulação, 1 pt iluminação, Isolamento térmico (teto), piso em comp. Naval pintado, cert. NR18, incl. laudo descontaminação. | D112: ms | E112: 1 | F112: 744.25 | G112: 744.25
A113: 20355 | B113: LABOR - 2024 - 020355 - 1 | C113: Aluguel mensal container sanitário, incl porta, básc, 2 ptos luz, 1 pto aterram., 3vasos, 3lavatórios, calha mictório, 6 chuveiros (1 eletrico), torn.,registros, piso comp. Naval pintado, cert NR18 e laudo descontaminação | D113: ms | E113: 1 | F113: 1199.25 | G113: 1199.25
A114: 20356 | B114: LABOR - 2024 - 020356 - 1 | C114: Aluguel mensal container para almoxarifado, incl. porta, 2 janelas, 1 pt iluminação, Isolamento térmico (teto), piso em comp. Naval pintado, cert. NR18, incl. laudo descontaminação. | D114: ms | E114: 1 | F114: 816.67 | G114: 816.67
A115: 207 | C115: INSTALAÇÃO DO CANTEIRO DE OBRAS (UTILIZAÇÃO 1 VEZ), PROJETO PADRÃO LABOR - NR.18 (OBRAS COM PRAZO DE EXECUÇÃO SUPERIOR A 12 MESES)
A116: 20701 | B116: LABOR - 2024 - 020701 - 1 | C116: Barracão para escritório com sanitário área de 14.50 m2, de chapa de compens. 12mm e pontalete 8x8cm, piso cimentado e cobertura de telha de fibroc. 6mm, incl. ponto de luz e cx. de inspeção, conf. projeto (1 utilização) | D116: m2 | E116: 1 | F116: 876.04 | G116: 876.04
A117: 20702 | B117: LABOR - 2024 - 020702 - 1 | C117: Barracão para almoxarifado área de 10.90m2, de chapa de compensado de 12mm e pontalete 8x8cm, piso cimentado e cobertura de telhas de fibrocimento de 6mm, incl. ponto de luz, conf. projeto (1 utilização) | D117: m2 | E117: 1 | F117: 603.01 | G117: 603.01
A118: 20703 | B118: LABOR - 2024 - 020703 - 1 | C118: Barracão para depósito de cimento área de 10.90m2, de chapa de compensado 12mm e pontaletes 8x8cm, piso cimentado e cobertura de telhas de fibrocimento de 6mm, inclusive ponto de luz, conf. projeto (1 utilização) | D118: m2 | E118: 1 | F118: 523.9 | G118: 523.9
A119: 20704 | B119: LABOR - 2024 - 020704 - 1 | C119: Refeitório com paredes de chapa de compens. 12mm e pontaletes 8x8cm, piso ciment. e cob. de telhas fibroc. 6mm, incl. ponto de luz e cx. de inspeção (cons. 1.21 m2/func./turno), conf. projeto (1 utilização) | D119: m2 | E119: 1 | F119: 480.68 | G119: 480.68
A120: 20705 | B120: LABOR - 2024 - 020705 - 1 | C120: Unidade de sanitário e vestiário p/ até 20 func. área de 18.15m2, paredes de chapa compens. 12mm e pontalete 8x8cm, piso cimentado, cobert. telha fibroc. 6mm, incl. instalação de luz e cx. de inspeção, conf. projeto (1 utilização) | D120: und | E120: 1 | F120: 16318.33 | G120: 16318.33
A121: 20706 | B121: LABOR - 2024 - 020706 - 1 | C121: Unidade de sanitário e vestiário de 20 a 40 func. área 25.40m2, paredes de chapa compens. 12mm e pontalete 8x8cm, piso cimentado, cobert. telha fibroc. 6mm, incl. inst. de luz e cx. de inspeção, conf. projeto (1 utilização) | D121: und | E121: 1 | F121: 24709.7 | G121: 24709.7
A122: 20707 | B122: LABOR - 2024 - 020707 - 1 | C122: Unidade de sanitário e vestiário de 40 a 60 func. área 33.90m2, paredes de chapa compens. 12mm e pontalete 8x8cm, piso cimentado, cobert. telha fibroc. 6mm, incl. inst. de luz e cx. de inspeção, conf. projeto (1 utilização) | D122: und | E122: 1 | F122: 30773.41 | G122: 30773.41
A123: 20708 | B123: LABOR - 2024 - 020708 - 1 | C123: Galpão para serraria e carpintaria área 12.00m2, em peça de madeira 8x8cm e contraventamento de 5x7cm, cobertura de telha de fibroc. de 6mm, inclusive ponto e cabo de alimentação da máquina, conf. projeto (1 utilização) | D123: m2 | E123: 1 | F123: 209.62 | G123: 209.62
A124: 20709 | B124: LABOR - 2024 - 020709 - 1 | C124: Galpão para corte e armação com área de 6.00m2, em peças de madeira 8x8cm e contraventamento de 5x7cm, cobertura de telhas de fibroc. de 6mm, inclusive ponto e cabo de alimentação da máquina, conf. projeto (1 utilização) | D124: m2 | E124: 1 | F124: 283.88 | G124: 283.88
A125: 20710 | B125: LABOR - 2024 - 020710 - 1 | C125: Reservatório de poliestileno de 500L, incl. suporte em madeira de 7x12cm e 5x7cm, elevado de 4m, conf. projeto (1 utilização) | D125: und | E125: 1 | F125: 1602.98 | G125: 1602.98
A126: 20711 | B126: LABOR - 2024 - 020711 - 1 | C126: Reservatório de poliestileno de 1000 L, incl. suporte em madeira de 7x12cm e 8x7cm, elevado de 4m, conf. projeto (1 utilização) | D126: und | E126: 1 | F126: 1907.89 | G126: 1907.89
A127: 20712 | B127: LABOR - 2024 - 020712 - 1 | C127: Rede de água com padrão de entrada dágua diâm. 3/4", conf. espec. CESAN, incl. tubos e conexões para alimentação, distribuição, extravasor e limpeza, cons. o padrão a 25m, conf. projeto (1 utilização) | D127: m | E127: 1 | F127: 57.51 | G127: 57.51
... A129: 20714 | B129: LABOR - 2024 - 020714 - 1 | C129: Rede de esgoto, contendo fossa e filtro, inclusive tubos e conexões de ligação entre caixas, considerando distância de 25m, conforme projeto (1 utilização) | D129: m | E129: 1 | F129: 449.64 | G129: 449.64
A130: 208 | C130: INSTALAÇÃO DO CANTEIRO DE OBRAS (UTILIZAÇÃO 2 VEZES), PROJETO PADRÃO LABOR - NR.18 (OBRAS COM PRAZO DE EXECUÇÃO DE 6 A 12 MESES)
A131: 20801 | B131: LABOR - 2024 - 020801 - 1 | C131: Barracão para escritório com sanitário área 14.50m2, de chapa de compens. 12mm e pontalete 8x8cm, piso cimentado e cobertura de telha de fibroc. 6mm, incl. ponto de luz e cx. de inspeção, conf. projeto (2 utilizações) | D131: m2 | E131: 1 | F131: 675.84 | G131: 675.84
A132: 20802 | B132: LABOR - 2024 - 020802 - 1 | C132: Barracão para almoxarifado área de 10.90m2, de chapa de compensado 12mm e pontaletes 8x8cm, piso cimentado e cobertura de telha de fibrocimento de 6mm, inclusive ponto de luz, conf. projeto (2 utilizações) | D132: m2 | E132: 1 | F132: 479.37 | G132: 479.37
A133: 20803 | B133: LABOR - 2024 - 020803 - 1 | C133: Barracão para depósito de cimento área de 10.90m2, de chapa de compensado 12mm e pontaletes 8x8cm, piso cimentado e cobertura de telhas de fibrocimento de 6mm, inclusive ponto de luz, conf. projeto (2 utilizações) | D133: m2 | E133: 1 | F133: 419.17 | G133: 419.17
A134: 20804 | B134: LABOR - 2024 - 020804 - 1 | C134: Refeitório com paredes de chapa de compens. 12mm e pontaletes 8x8cm, piso ciment. e cobert. de telhas fibroc. 6mm, incl. ponto de luz e cx. de inspeção (cons. 1.21m2/func./turno), conf. projeto (2 utilização) | D134: m2 | E134: 1 | F134: 405.87 | G134: 405.87
A135: 20805 | B135: LABOR - 2024 - 020805 - 1 | C135: Unidade de sanitário e vestiário para até 20 func. área 18.15m2, paredes de chapa compens. 12mm e pontalete 8x8cm, piso cimentado, cobert. telha fibroc. 6mm, incl. inst. de luz e cx. de inspeção, conf. projeto (2 utilizações) | D135: und | E135: 1 | F135: 13035.8 | G135: 13035.8
A136: 20806 | B136: LABOR - 2024 - 020806 - 1 | C136: Unidade de sanitário e vestiário de 20 a 40 func. área 25.40m2, paredes de chapa compens. 12mm e pontalete 8x8cm, piso cimentado, cobert. telha fibroc. 6mm, incl. inst. de luz e cx. de inspeção, conf. projeto (2 utilizações) | D136: und | E136: 1 | F136: 19677.1 | G136: 19677.1
A137: 20807 | B137: LABOR - 2024 - 020807 - 1 | C137: Unidade de sanitário e vestiário de 40 a 60 func. área 33.90m2, paredes de chapa compens. 12mm e pontalete 8x8cm, piso cimentado, cobert. telha fibroc. 6mm, incl. inst. de luz e cx. de inspeção, conf. projeto (2 utilizações) | D137: und | E137: 1 | F137: 24515.59 | G137: 24515.59
A138: 20808 | B138: LABOR - 2024 - 020808 - 1 | C138: Galpão para serraria e carpintaria área 12.00m2, em peças de madeira 8x8cm e contraventamento de 5x7cm, cobertura de telhas de fibroc. de 6mm, inclusive ponto e cabo de alimentação da máquina, conf. projeto (2 utilizações) | D138: m2 | E138: 1 | F138: 151.03 | G138: 151.03
A139: 20809 | B139: LABOR - 2024 - 020809 - 1 | C139: Galpão para corte e armação com área de 6.00m2, de peças de madeira 8x8cm e contraventamento de 5x7cm, cobertura de telhas de fibroc. de 6mm, inclusive ponto e cabo de alimentação da máquina, conf. projeto (2 utilizações) | D139: m2 | E139: 1 | F139: 209.67 | G139: 209.67
A140: 20810 | B140: LABOR - 2024 - 020810 - 1 | C140: Reservatório de poliestileno de 500 L, incl. suporte em madeira de 7x12cm e 5x7cm, elevado de 4m, conforme projeto (2 utilizações) | D140: und | E140: 1 | F140: 1024.87 | G140: 1024.87
...

Sheet MC
A1: PREFEITURA MUNICIPAL DE JOÃO NEIVA
A2: MEMÓRIA DE CÁLCULO
B3: OBRA: CONSTRUÇÃO DE ACESSO ENTRE OS BLOCOS E FORNECIMENTO E INSTALAÇÃO DE PLATAFORMA ELEVATÓRIA PARA ACESSIBILIDADE NA EMEIF JOSÉ REBUZZI SARCINELLI LOCALIZADA NO MUNICÍPIO DE JOÃO NEIVA/ES
B5: LOCAL: JOÃO NEIVA/ES
A6: ITEM | B6: DESCRIÇÃO SERVIÇO | C6: UNIDADE | D6: Qnt | E6: C (m) | F6: L (m) | G6: H (m) | H6: A(m2) | I6: V(m3) | J6: QUANT. DO SERVIÇO
A7: ='PLANILHA ORÇAMENTÁRIA'!A9 -> 1 | B7: ='PLANILHA ORÇAMENTÁRIA'!D9 -> SERVIÇOS PRELIMINARES
A8: ='PLANILHA ORÇAMENTÁRIA'!A10 -> 1.1 | B8: ='PLANILHA ORÇAMENTÁRIA'!D10 -> DEMOLIÇÕES E RETIRADAS
A9: ='PLANILHA ORÇAMENTÁRIA'!A11 -> 1.1.1 | B9: ='PLANILHA ORÇAMENTÁRIA'!D11 -> Demolição manual de piso cimentado espessura de 1,5 cm, inclusive lastro de concreto espessura de 6,0 cm, sem reaproveitamento | C9: ='PLANILHA ORÇAMENTÁRIA'!E11 -> m2 | D9: Qnt | E9: C (m) | F9: L (m) | G9: H (m) | H9: A(m2) | I9: V(m3) | J9: QUANT. DO SERVIÇO
B10: Rampa acesso Refeitório (Frontal) | E10: 9.68 | F10: 2.4 | H10: =E10*F10 -> 23.232 | J10: =H10 -> 23.232
B11: Calçada fundos Área externa | H11: 6.87 | J11: =H11 -> 6.87
I12: Total | J12: =ROUND(SUM(J10:J11),2) -> 30.1
A14: ='PLANILHA ORÇAMENTÁRIA'!A12 -> 1.1.2 | B14: ='PLANILHA ORÇAMENTÁRIA'!D12 -> Demolição manual de revestimento cerâmico/porcelanato (pisos), exclusive lastro, sem reaproveitamento | C14: ='PLANILHA ORÇAMENTÁRIA'!E12 -> m2 | D14: Qnt | E14: C (m) | F14: L (m) | G14: H (m) | H14: A(m2) | I14: V(m3) | J14: QUANT. DO SERVIÇO
B15: Pisos Escada Externa | D15: 15 | E15: 1.84 | F15: 0.3 | H15: =D15*E15*F15 -> 8.28 | J15: =H15 -> 8.28
B16: Espelhos Escada Externa | D16: 15 | F16: 1.84 | G16: 0.18 | H16: =D16*F16*G16 -> 4.968 | J16: =H16 -> 4.968
B17: Patamar Escada Externa | E17: 2.33 | F17: 1.84 | H17: =E17*F17 -> 4.2872 | J17: =H17 -> 4.2872
B18: Hall acesso Escada/Refeitório | E18: 2.14 | F18: 2.57 | H18: =E18*F18 -> 5.4998 | J18: =H18 -> 5.4998
I19: Total | J19: =ROUND(SUM(J15:J18),2) -> 23.04
A21: ='PLANILHA ORÇAMENTÁRIA'!A13 -> 1.1.3 | B21: ='PLANILHA ORÇAMENTÁRIA'!D13 -> Demolição manual de revestimento cerâmico/porcelanato (pisos), inclusive lastro de concreto espessura de 6,0 cm, sem reaproveitamento | C21: ='PLANILHA ORÇAMENTÁRIA'!E13 -> m2 | D21: Qnt | E21: C (m) | F21: L (m) | G21: H (m) | H21: A(m2) | I21: V(m3) | J21: QUANT. DO SERVIÇO
B22: PNE/Área Externa/Escovário | H22: 25.18 | J22: =H22 -> 25.18
I23: Total | J23: =ROUND(SUM(J22:J22),2) -> 25.18
A25: ='PLANILHA ORÇAMENTÁRIA'!A14 -> 1.1.4 | B25: ='PLANILHA ORÇAMENTÁRIA'!D14 -> Retirada manual de revestimento em argamassa cimento e areia (emboço e reboco), sem reaproveitamento | C25: ='PLANILHA ORÇAMENTÁRIA'!E14 -> m2 | D25: Qnt | E25: C (m) | F25: L (m) | G25: H (m) | H25: A(m2) | I25: V(m3) | J25: QUANT. DO SERVIÇO
B26: Parede externa Bloco 02 (Térreo + Pav. superior) h=1,20m em cada pav. | E26: 11.36 | G26: =1.2+1.2 -> 2.4 | H26: =E26*G26 -> 27.264 | J26: =H26 -> 27.264
B27: Parede externa Depósito (Térreo) | E27: 2 | G27: 1.2 | H27: =E27*G27 -> 2.4 | J27: =H27 -> 2.4
B28: Parede externa Bloco 01 (lateral) | E28: 10.39 | G28: 1.2 | H28: =E28*G28 -> 12.468 | J28: =H28 -> 12.468
I29: Total | J29: =ROUND(SUM(J26:J28),2) -> 42.13
A31: ='PLANILHA ORÇAMENTÁRIA'!A15 -> 1.1.5 | B31: ='PLANILHA ORÇAMENTÁRIA'!D15 -> Demolição manual de alvenaria de bloco furado (cerâmico), sem reaproveitamento | C31: ='PLANILHA ORÇAMENTÁRIA'!E15 -> m3 | D31: Qnt | E31: C (m) | F31: L (m) | G31: H (m) | H31: A(m2) | I31: V(m3) | J31: QUANT. DO SERVIÇO
B32: Muretas escada | E32: 1.84 | F32: 0.15 | G32: 1.1 | I32: =E32*F32*G32 -> 0.3036 | J32: =I32 -> 0.3036
E33: 1.5 | F33: 0.15 | G33: 1.1 | I33: =E33*F33*G33 -> 0.2475 | J33: =I33 -> 0.2475
B34: Muro Área externa | E34: 4.82 | F34: 0.2 | G34: 0.6 | I34: =E34*F34*G34 -> 0.5784 | J34: =I34 -> 0.5784
B35: Escovário | E35: =1.65+0.5 -> 2.15 | F35: 0.15 | G35: 1.3 | I35: =E35*F35*G35 -> 0.41925 | J35: =I35 -> 0.41925
I36: Total | J36: =ROUND(SUM(J32:J35),2) -> 1.55
A38: ='PLANILHA ORÇAMENTÁRIA'!A16 -> 1.1.6 | B38: ='PLANILHA ORÇAMENTÁRIA'!D16 -> Demolição manual de concreto simples, sem reaproveitamento | C38: ='PLANILHA ORÇAMENTÁRIA'!E16 -> m3 | D38: Qnt | E38: C (m) | F38: L (m) | G38: H (m) | H38: A(m2) | I38: V(m3) | J38: QUANT. DO SERVIÇO
B39: Rampa acesso Refeitório | G39: 0.25 | H39: 12.35 | I39: =G39*H39 -> 3.0875 | J39: =I39 -> 3.0875
B40: Calçadas laterais Refeitório | E40: =3.8+5 -> 8.8 | F40: 0.7 | G40: 0.4 | I40: =E40*F40*G40 -> 2.464 | J40: =I40 -> 2.464
I41: Total | J41: =ROUND(SUM(J39:J40),2) -> 5.55
A43: ='PLANILHA ORÇAMENTÁRIA'!A17 -> 1.1.7 | B43: ='PLANILHA ORÇAMENTÁRIA'!D17 -> Retirada manual cuidadosa de blocos pré-moldados de concreto (Blokret), inclusive limpeza e empilhamento para reaproveitamento | C43: ='PLANILHA ORÇAMENTÁRIA'!E17 -> m2 | D43: Qnt | E43: C (m) | F43: L (m) | G43: H (m) | H43: A(m2) | I43: V(m3) | J43: QUANT. DO SERVIÇO
B44: Pavimentação entre Blocos 01 e 02 (conforme levantamento arquitetônico) | H44: 23.65 | J44: =H44 -> 23.65
H45: 9.77 | J45: =H45 -> 9.77
I46: Total | J46: =ROUND(SUM(J44:J45),2) -> 33.42
A48: ='PLANILHA ORÇAMENTÁRIA'!A18 -> 1.1.8 | B48: ='PLANILHA ORÇAMENTÁRIA'!D18 -> Retirada manual de portas e janelas de madeira, inclusive batentes (marcos), sem reaproveitamento | C48: ='PLANILHA ORÇAMENTÁRIA'!E18 -> m2 | D48: Qnt | E48: C (m) | F48: L (m) | G48: H (m) | H48: A(m2) | I48: V(m3) | J48: QUANT. DO SERVIÇO
B49: Porta de acesso ao Bloco 02 (Primeiro Pavimento) | F49: 1.2 | G49: 2.1 | H49: =F49*G49 -> 2.52 | J49: =H49 -> 2.52
I50: Total | J50: =ROUND(SUM(J49),2) -> 2.52
A52: ='PLANILHA ORÇAMENTÁRIA'!A19 -> 1.1.9 | B52: ='PLANILHA ORÇAMENTÁRIA'!D19 -> Demolição manual de concreto armado, sem reaproveitamento | C52: ='PLANILHA ORÇAMENTÁRIA'!E19 -> m3 | D52: Qnt | E52: C (m) | F52: L (m) | G52: H (m) | H52: A(m2) | I52: V(m3) | J52: QUANT. DO SERVIÇO
B53: Base cobertura acesso Refeitório | D53: 2 | E53: 0.4 | F53: 0.4 | G53: 0.3 | I53: =D53*E53*F53*G53 -> 0.096 | J53: =I53 -> 0.096
I54: Total | J54: =ROUND(SUM(J53:J53),2) -> 0.1
A56: ='PLANILHA ORÇAMENTÁRIA'!A20 -> 1.1.10 | B56: ='PLANILHA ORÇAMENTÁRIA'!D20 -> Retirada manual de grades, gradis, alambrados, cercas e portões metálicos, inclusive remoção de argamassa de chumbamento, acessórios de fixação e corte de soldas | C56: ='PLANILHA ORÇAMENTÁRIA'!E20 -> m2 | D56: Qnt | E56: C (m) | F56: L (m) | G56: H (m) | H56: A(m2) | I56: V(m3) | J56: QUANT. DO SERVIÇO
B57: Grade Pátio (Bloco 01 - Primeiro Pavimento) | E57: 5.65 | G57: 1.45 | H57: =E57*G57 -> 8.1925 | J57: =H57 -> 8.1925
B58: Janelas Sala de Aula 11 (Bloco 01 - Primeiro Pavimento) | D58: 2 | E58: 2.2 | G58: 1.7 | H58: =E58*G58 -> 3.74 | J58: =H58 -> 3.74
B59: Guarda corpo Rampa de acesso ao Refeitório | D59: 2 | E59: 9.8 | G59: 0.9 | H59: =D59*E59*G59 -> 17.64 | J59: =H59 -> 17.64
I60: Total | J60: =ROUND(SUM(J57:J59),2) -> 29.57
A62: ='PLANILHA ORÇAMENTÁRIA'!A21 -> 1.1.11 | B62: ='PLANILHA ORÇAMENTÁRIA'!D21 -> Retirada de bancada em granito, inclusive remoção de rodabanca e cantoneiras de fixação, sem reaproveitamento | C62: ='PLANILHA ORÇAMENTÁRIA'!E21 -> m2 | D62: Qnt | E62: C (m) | F62: L (m) | G62: H (m) | H62: A(m2) | I62: V(m3) | J62: QUANT. DO SERVIÇO
B63: Bancada Escovário | E63: 1.65 | F63: 0.5 | H63: =E63*F63 -> 0.825 | J63: =H63 -> 0.825
I64: Total | J64: =ROUND(SUM(J63:J63),2) -> 0.83
A66: ='PLANILHA ORÇAMENTÁRIA'!A22 -> 1.1.12 | B66: ='PLANILHA ORÇAMENTÁRIA'!D22 -> Lixamento manual de parede com pintura PVA para nivelamento e preparo da superfície para recebimento de nova camada de tinta | C66: ='PLANILHA ORÇAMENTÁRIA'!E22 -> m2 | D66: Qnt | E66: C (m) | F66: L (m) | G66: H (m) | H66: A(m2) | I66: Decréscimos esquadrias (m2) | J66: QUANT. DO SERVIÇO
B67: Área externa/PNE | E67: =9.22+3.09 -> 12.31 | G67: =2.92+0.15 -> 3.07 | H67: =E67*G67 -> 37.7917 | J67: =H67 -> 37.7917
D68: 2 | E68: =2.45+1.6+2.45 -> 6.5 | G68: =2.49+0.12 -> 2.61 | H68: =D68*E68*G68 -> 33.93 | J68: =H68 -> 33.93
B69: Parede externa fundos Bloco 01 (Pav.superior) | E69: 7.4 | G69: =2.74+0.15+0.3 -> 3.19 | H69: =E69*G69 -> 23.606 | J69: =H69 -> 23.606
B70: Parede externa lateral Bloco 01 | H70: 79.47 | J70: =H70 -> 79.47
B71: Parede externa Bloco 02 | H71: =139.82+((2.85+0.15)*2) -> 145.82 | I71: =8.48+8.75+4.29+3+3 -> 27.52 | J71: =H71-I71 -> 118.3
B72: Mureta escada | D72: 2 | E72: 4.47 | G72: 0.98 | H72: =D72*E72*G72 -> 8.7612 | J72: =H72 -> 8.7612
B73: Pilares Escada | D73: 3 | E73: =0.25+0.25 -> 0.5 | G73: 1.2 | H73: =D73*E73*G73 -> 1.8 | J73: =H73 -> 1.8
D74: 3 | F74: =0.15+0.15 -> 0.3 | G74: 1.2 | H74: =D74*F74*G74 -> 1.08 | J74: =H74 -> 1.08
I75: Total | J75: =ROUND(SUM(J67:J74),2) -> 304.74
A77: ='PLANILHA ORÇAMENTÁRIA'!A23 -> 1.1.13 | B77: ='PLANILHA ORÇAMENTÁRIA'!D23 -> Remoção manual de telhas cerâmicas, tipo colonial, inclusive cumeeira, sem reaproveitamento | C77: ='PLANILHA ORÇAMENTÁRIA'!E23 -> m2 | D77: Qnt | E77: C (m) | F77: L (m) | G77: H (m) | H77: A(m2) | I77: V(m3) | J77: QUANT. DO SERVIÇO
B78: Coberturta acesso ao refeitório | H78: 15.9 | J78: =H78 -> 15.9
I79: Total | J79: =ROUND(SUM(J78:J78),2) -> 15.9
A81: ='PLANILHA ORÇAMENTÁRIA'!A24 -> 1.1.14 | B81: ='PLANILHA ORÇAMENTÁRIA'!D24 -> Remoção manual de telhas ondulada de fibrocimento, inclusive cumeeira, sem reaproveitamento | C81: ='PLANILHA ORÇAMENTÁRIA'!E24 -> m2 | D81: Qnt | E81: C (m) | F81: L (m) | G81: H (m) | H81: A(m2) | I81: V(m3) | J81: QUANT. DO SERVIÇO
B82: Cobertura Área externa/Escovário | H82: 29.87 | J82: =H82 -> 29.87
I83: Total | J83: =ROUND(SUM(J82:J82),2) -> 29.87
A85: ='PLANILHA ORÇAMENTÁRIA'!A25 -> 1.1.15 | B85: ='PLANILHA ORÇAMENTÁRIA'!D25 -> Remoção manual de telha metálica, exclusive trama, sem reaproveitamento | C85: ='PLANILHA ORÇAMENTÁRIA'!E25 -> m2 | D85: Qnt | E85: C (m) | F85: L (m) | G85: H (m) | H85: A(m2) | I85: V(m3) | J85: QUANT. DO SERVIÇO
B86: Cobertura Escada | H86: 17.65 | J86: =H86 -> 17.65
I87: Total | J87: =ROUND(SUM(J86:J86),2) -> 17.65
A89: ='PLANILHA ORÇAMENTÁRIA'!A26 -> 1.1.16 | B89: ='PLANILHA ORÇAMENTÁRIA'!D26 -> Remoção manual de trama de madeira para cobertura, com reaproveitamento | C89: ='PLANILHA ORÇAMENTÁRIA'!E26 -> m2 | D89: Qnt | E89: C (m) | F89: L (m) | G89: H (m) | H89: A(m2) | I89: V(m3) | J89: QUANT. DO SERVIÇO
B90: Coberturta Acesso ao refeitório | H90: 15.9 | J90: =H90 -> 15.9
B91: Cobertura Área externa/Escovário | H91: 29.87 | J91: =H91 -> 29.87
I92: Total | J92: =ROUND(SUM(J90:J91),2) -> 45.77
A94: ='PLANILHA ORÇAMENTÁRIA'!A27 -> 1.1.17 | B94: ='PLANILHA ORÇAMENTÁRIA'!D27 -> Remoção de trama metálica para cobertura, de forma manual, sem reaproveitamento | C94: ='PLANILHA ORÇAMENTÁRIA'!E27 -> m2 | D94: Qnt | E94: C (m) | F94: L (m) | G94: H (m) | H94: A(m2) | I94: V(m3) | J94: QUANT. DO SERVIÇO
B95: Cobertura Escada | H95: 17.65 | J95: =H95 -> 17.65
I96: Total | J96: =ROUND(SUM(J95:J95),2) -> 17.65
A97: ='PLANILHA ORÇAMENTÁRIA'!A28 -> 1.2 | B97: ='PLANILHA ORÇAMENTÁRIA'!D28 -> LOCAÇÃO
A98: ='PLANILHA ORÇAMENTÁRIA'!A29 -> 1.2.1 | B98: ='PLANILHA ORÇAMENTÁRIA'!D29 -> Locação de obra com gabarito de madeira | C98: ='PLANILHA ORÇAMENTÁRIA'!E29 -> m2 | D98: Qnt | E98: C (m) | F98: L (m) | G98: H (m) | H98: A(m2) | I98: V(m3) | J98: QUANT. DO SERVIÇO
B99: Conforme projeto arquitetônico | H99: 75.8 | J99: =H99 -> 75.8
I100: Total | J100: =ROUND(SUM(J99),2) -> 75.8
A102: ='PLANILHA ORÇAMENTÁRIA'!A31 -> 2 | B102: ='PLANILHA ORÇAMENTÁRIA'!D31 -> INSTALAÇÃO DO CANTEIRO DE OBRAS
A103: ='PLANILHA ORÇAMENTÁRIA'!A32 -> 2.1 | B103: ='PLANILHA ORÇAMENTÁRIA'!D32 -> TAPUMES, BARRACÕES E COBERTURAS
A104: ='PLANILHA ORÇAMENTÁRIA'!A33 -> 2.1.1 | B104: ='PLANILHA ORÇAMENTÁRIA'!D33 -> Placa de obra nas dimensões de 2.0 x 4.0 m, padrão DER | C104: ='PLANILHA ORÇAMENTÁRIA'!E33 -> m2 | D104: Qnt | E104: C (m) | F104: L (m) | G104: H (m) | H104: A(m2) | I104: V(m3) | J104: QUANT. DO SERVIÇO
B105: Placa da obra | F105: 4 | G105: 2 | H105: =F105*G105 -> 8 | J105: =H105 -> 8
I106: Total | J106: =ROUND(SUM(J105),2) -> 8
A108: ='PLANILHA ORÇAMENTÁRIA'!A34 -> 2.1.2 | B108: ='PLANILHA ORÇAMENTÁRIA'!D34 -> Tapume Telha Metálica Ondulada em aço galvalume 0,50mm Branca h=2,20m, incl. montagem estr. mad. 8"x8", c/adesivo "DER-ES" 60x60cm a cada 10m, incl. faixas pint. esmalte sint. cores azul c/ h=30cm e rosa c/ h=10cm (Reaproveitamento 2x) | C108: ='PLANILHA ORÇAMENTÁRIA'!E34 -> m | D108: Qnt | E108: C (m) | F108: L (m) | G108: H (m) | H108: A(m2) | I108: V(m3) | J108: QUANT. DO SERVIÇO
B109: Fechamento entre a edificação e a rampa do refeitório (frontal) | E109: 10 | J109: =E109 -> 10
I110: Total | J110: =ROUND(SUM(J109),2) -> 10
A112: ='PLANILHA ORÇAMENTÁRIA'!A35 -> 2.1.3 | B112: ='PLANILHA ORÇAMENTÁRIA'!D35 -> Aluguel mensal container para escritório, dim. 6.00x2.40m, c/ banheiro (vaso+lavat+chuveiro e básc), incl. porta, 2 janelas, abert p/ ar cond., 2 pt iluminação, 2 tom. elét. e 1 tom.telef. Isolam.térmico(teto e paredes), piso em comp. Naval, cert. NR18, incl. laudo descontaminação. | C112: ='PLANILHA ORÇAMENTÁRIA'!E35 -> ms | D112: Qnt | E112: C (m) | F112: L (m) | G112: H (m) | H112: A(m2) | I112: V(m3) | J112: QUANT. DO SERVIÇO
B113: Considerando 6 meses de obra | D113: 6 | J113: =D113 -> 6
I114: Total | J114: =ROUND(SUM(J113),2) -> 6
A116: ='PLANILHA ORÇAMENTÁRIA'!A36 -> 2.1.4 | B116: ='PLANILHA ORÇAMENTÁRIA'!D36 -> Mobilização e desmobilização de conteiner locado para barracão de obra | C116: ='PLANILHA ORÇAMENTÁRIA'!E36 -> und | D116: Qnt | E116: C (m) | F116: L (m) | G116: H (m) | H116: A(m2) | I116: V(m3) | J116: QUANT. DO SERVIÇO
B117: Instalação e retirada do conteiner | D117: 2 | J117: =D117 -> 2
I118: Total | J118: =ROUND(SUM(J117),2) -> 2
A120: ='PLANILHA ORÇAMENTÁRIA'!A37 -> 2.1.5 | B120: ='PLANILHA ORÇAMENTÁRIA'!D37 -> Locação de andaime metálico para trabalho em fachada de edifíco (aluguel de 1 m² por 1 mês) inclusive frete, montagem e desmontagem | C120: ='PLANILHA ORÇAMENTÁRIA'!E37 -> m2 | D120: Qnt | E120: C (m) | F120: L (m) | G120: H (m) | H120: A(m2) | I120: V(m3) | J120: QUANT. DO SERVIÇO
B121: Considerando o aluguel dos andaimes para 03 meses | E121: =17.78+13.79 -> 31.57 | G121: 6 | J121: =E121*G121 -> 189.42
I122: Total | J122: =ROUND(SUM(J121),2) -> 189.42
...

Sheet CRONOGRAMA
A1: PREFEITURA MUNICIPAL DE JOÃO NEIVA
A2: CRONOGRAMA FÍSICO-FINANCEIRO
B3: OBRA: CONSTRUÇÃO DE ACESSO ENTRE OS BLOCOS E FORNECIMENTO E INSTALAÇÃO DE PLATAFORMA ELEVATÓRIA PARA ACESSIBILIDADE NA EMEIF JOSÉ REBUZZI SARCINELLI LOCALIZADA NO MUNICÍPIO DE JOÃO NEIVA/ES | E3: L. SOCIAIS: | F3: 1.5727 | G3: TABELA DE REFERÊNCIA: DER/ES Edificações / SINAPI-ESS
B4: LOCAL: JOÃO NEIVA-ES | E4: BDI: | F4: 33,25%
B5: ORÇAMENTISTA: ARQ./URB. BRUNA PEROVANO SIRTULI CAU-ES A187736-4 / ARQ./URB. THAÍS BAPTISTA CAU-ES A181604-7 | G5: DATA-BASE: | H5: dez-2025
A6: ITEM | B6: ETAPAS | C6: VALORES | E6: PERÍODO (MESES)
E7: 1 | F7: 2 | G7: 3 | H7: 4 | I7: 5 | J7: 6
A8: ='PLANILHA ORÇAMENTÁRIA'!B9 -> 01 | B8: ='PLANILHA ORÇAMENTÁRIA'!D9 -> SERVIÇOS PRELIMINARES | C8: Físico (%) | D8: =D9/$D$46 -> 0.026326262 | E8: =E9/$D$9 -> 0.5 | F8: =F9/$D$9 -> 0.5 | K8: =SUM(E8:J8) -> 1
C9: Financeiro (R$) | D9: ='PLANILHA ORÇAMENTÁRIA'!I30 -> 13009.84 | E9: =D9/2 -> 6504.92 | F9: =D9/2 -> 6504.92 | K9: =SUM(E9:J9) -> 13009.84
A10: ='PLANILHA ORÇAMENTÁRIA'!B31 -> 02 | B10: ='PLANILHA ORÇAMENTÁRIA'!D31 -> INSTALAÇÃO DO CANTEIRO DE OBRAS | C10: Físico (%) | D10: =D11/$D$46 -> 0.10732325 | E10: =E11/$D$11 -> 1 | K10: =SUM(E10:J10) -> 1
C11: Financeiro (R$) | D11: ='PLANILHA ORÇAMENTÁRIA'!I44 -> 53036.71 | E11: =D11 -> 53036.71 | K11: =SUM(E11:J11) -> 53036.71
A12: 03 | B12: ='PLANILHA ORÇAMENTÁRIA'!D45 -> MOVIMENTO DE TERRA | C12: Físico (%) | D12: =D13/$D$46 -> 0.018507125 | E12: =E13/D13 -> 0.7 | F12: =F13/D13 -> 0.3 | K12: =SUM(E12:J12) -> 1
C13: Financeiro (R$) | D13: ='PLANILHA ORÇAMENTÁRIA'!I53 -> 9145.8 | E13: =D13*0.7 -> 6402.06 | F13: =D13*0.3 -> 2743.74 | K13: =SUM(E13:J13) -> 9145.8
A14: 04 | B14: ='PLANILHA ORÇAMENTÁRIA'!D54 -> ESTRUTURAS | C14: Físico (%) | D14: =D15/$D$46 -> 0.23390648 | F14: =F15/D15 -> 0.5 | G14: =G15/D15 -> 0.5 | K14: =SUM(F14:J14) -> 1
C15: Financeiro (R$) | D15: ='PLANILHA ORÇAMENTÁRIA'!I67 -> 115591.26 | F15: =D15/2 -> 57795.63 | G15: =D15-F15 -> 57795.63 | K15: =SUM(F15:J15) -> 115591.26
A16: 05 | B16: ='PLANILHA ORÇAMENTÁRIA'!D68 -> PAREDES E PAINÉIS | C16: Físico (%) | D16: =D17/$D$46 -> 0.019653677 | G16: =G17/D17 -> 0.5 | H16: =H17/D17 -> 0.5 | K16: =SUM(E16:J16) -> 1
C17: Financeiro (R$) | D17: ='PLANILHA ORÇAMENTÁRIA'!I75 -> 9712.4 | E17: 0 | G17: =D17/2 -> 4856.2 | H17: =D17/2 -> 4856.2 | K17: =SUM(E17:J17) -> 9712.4
A18: 06 | B18: ='PLANILHA ORÇAMENTÁRIA'!D76 -> ESQUADRIAS DE MADEIRA | C18: Físico (%) | D18: =D19/$D$46 -> 0.0052423295 | J18: =J19/D19 -> 1 | K18: =SUM(E18:J18) -> 1
C19: Financeiro (R$) | D19: ='PLANILHA ORÇAMENTÁRIA'!I81 -> 2590.64 | J19: =D19 -> 2590.64 | K19: =SUM(E19:J19) -> 2590.64
A20: 07 | B20: ='PLANILHA ORÇAMENTÁRIA'!D82 -> ESQUADRIAS METÁLICAS | C20: Físico (%) | D20: =D21/$D$46 -> 0.04436647 | J20: =J21/D21 -> 1 | K20: =SUM(E20:J20) -> 1
C21: Financeiro (R$) | D21: ='PLANILHA ORÇAMENTÁRIA'!I85 -> 21924.9 | J21: =D21 -> 21924.9 | K21: =SUM(E21:J21) -> 21924.9
A22: 08 | B22: ='PLANILHA ORÇAMENTÁRIA'!D86 -> COBERTURA | C22: Físico (%) | D22: =D23/$D$46 -> 0.043795116 | I22: =I23/D23 -> 1 | K22: =SUM(E22:J22) -> 1
C23: Financeiro (R$) | D23: ='PLANILHA ORÇAMENTÁRIA'!I95 -> 21642.55 | I23: =D23 -> 21642.55 | K23: =SUM(E23:J23) -> 21642.55
A24: 09 | B24: ='PLANILHA ORÇAMENTÁRIA'!D96 -> IMPERMEABILIZAÇÃO | C24: Físico (%) | D24: =D25/$D$46 -> 0.091687406 | F24: =F25/D25 -> 0.25 | I24: =I25/D25 -> 0.75 | K24: =SUM(E24:J24) -> 1
C25: Financeiro (R$) | D25: ='PLANILHA ORÇAMENTÁRIA'!I100 -> 45309.83 | F25: =D25*0.25 -> 11327.458 | I25: =D25-F25 -> 33982.372 | K25: =SUM(E25:J25) -> 45309.83
A26: 10 | B26: ='PLANILHA ORÇAMENTÁRIA'!D101 -> TETOS E FORROS | C26: Físico (%) | D26: =D27/$D$46 -> 0.025421648 | H26: =H27/D27 -> 1 | K26: =SUM(E26:J26) -> 1
C27: Financeiro (R$) | D27: ='PLANILHA ORÇAMENTÁRIA'!I106 -> 12562.8 | H27: =D27 -> 12562.8 | K27: =SUM(E27:J27) -> 12562.8
A28: 11 | B28: ='PLANILHA ORÇAMENTÁRIA'!D107 -> REVESTIMENTO DE PAREDES | C28: Físico (%) | D28: =D29/$D$46 -> 0.036407868 | H28: =H29/D29 -> 1 | K28: =SUM(E28:J28) -> 1
C29: Financeiro (R$) | D29: ='PLANILHA ORÇAMENTÁRIA'!I111 -> 17991.94 | H29: =D29 -> 17991.94 | K29: =SUM(E29:J29) -> 17991.94
A30: 12 | B30: ='PLANILHA ORÇAMENTÁRIA'!D112 -> PISOS INTERNOS E EXTERNOS | C30: Físico (%) | D30: =D31/$D$46 -> 0.080156442 | H30: =H31/D31 -> 0.5 | I30: =I31/D31 -> 0.5 | K30: =SUM(E30:J30) -> 1
C31: Financeiro (R$) | D31: ='PLANILHA ORÇAMENTÁRIA'!I121 -> 39611.49 | H31: =D31/2 -> 19805.745 | I31: =D31/2 -> 19805.745 | K31: =SUM(E31:J31) -> 39611.49
A32: 13 | B32: ='PLANILHA ORÇAMENTÁRIA'!D122 -> INSTALAÇÕES HIDRO-SANITÁRIAS | C32: Físico (%) | D32: =D33/$D$46 -> 0.011162108 | H32: =H33/D33 -> 1 | K32: =SUM(E32:J32) -> 1
C33: Financeiro (R$) | D33: ='PLANILHA ORÇAMENTÁRIA'!I135 -> 5516.06 | H33: =D33 -> 5516.06 | K33: =SUM(E33:J33) -> 5516.06
A34: 14 | B34: ='PLANILHA ORÇAMENTÁRIA'!D136 -> INSTALAÇÕES ELÉTRICAS | C34: Físico (%) | D34: =D35/$D$46 -> 0.044702463 | H34: =H35/D35 -> 0.5 | I34: =I35/D35 -> 0.5 | K34: =SUM(E34:J34) -> 1
C35: Financeiro (R$) | D35: ='PLANILHA ORÇAMENTÁRIA'!I160 -> 22090.94 | H35: =D35/2 -> 11045.47 | I35: =D35/2 -> 11045.47 | K35: =SUM(E35:J35) -> 22090.94
A36: 15 | B36: ='PLANILHA ORÇAMENTÁRIA'!D161 -> APARELHOS HIDRO-SANITÁRIOS | C36: Físico (%) | D36: =D37/$D$46 -> 0.011657194 | I36: =I37/D37 -> 1 | K36: =SUM(E36:J36) -> 1
C37: Financeiro (R$) | D37: ='PLANILHA ORÇAMENTÁRIA'!I166 -> 5760.72 | I37: =D37 -> 5760.72 | K37: =SUM(E37:J37) -> 5760.72
A38: 16 | B38: ='PLANILHA ORÇAMENTÁRIA'!D167 -> APARELHOS ELÉTRICOS | C38: Físico (%) | D38: =D39/$D$46 -> 0.0061384048 | I38: =I39/D39 -> 1 | K38: =SUM(E38:J38) -> 1
C39: Financeiro (R$) | D39: ='PLANILHA ORÇAMENTÁRIA'!I176 -> 3033.46 | I39: =D39 -> 3033.46 | K39: =SUM(E39:J39) -> 3033.46
A40: 17 | B40: ='PLANILHA ORÇAMENTÁRIA'!D177 -> PINTURA | C40: Físico (%) | D40: =D41/$D$46 -> 0.043619349 | J40: =J41/D41 -> 1 | K40: =SUM(E40:J40) -> 1
C41: Financeiro (R$) | D41: ='PLANILHA ORÇAMENTÁRIA'!I182 -> 21555.69 | J41: =D41 -> 21555.69 | K41: =SUM(E41:J41) -> 21555.69
A42: 18 | B42: ='PLANILHA ORÇAMENTÁRIA'!D183 -> SERVIÇOS COMPLEMENTARES EXTERNOS | C42: Físico (%) | D42: =D43/$D$46 -> 0.018737933 | J42: =J43/D43 -> 1 | K42: =SUM(E42:J42) -> 1
C43: Financeiro (R$) | D43: ='PLANILHA ORÇAMENTÁRIA'!I190 -> 9259.86 | J43: =D43 -> 9259.86 | K43: =SUM(E43:J43) -> 9259.86
A44: 19 | B44: ='PLANILHA ORÇAMENTÁRIA'!D191 -> SERVIÇOS COMPLEMENTARES INTERNOS | C44: Físico (%) | D44: =D45/$D$46 -> 0.13118848 | I44: =I45/D45 -> 0.2 | J44: =J45/D45 -> 0.8 | K44: =SUM(E44:J44) -> 1
C45: Financeiro (R$) | D45: ='PLANILHA ORÇAMENTÁRIA'!I195 -> 64830.36 | I45: =D45*0.2 -> 12966.072 | J45: =D45-I45 -> 51864.288 | K45: =SUM(E45:J45) -> 64830.36
A46: Total Parcial (%) | D46: =D9+D11+D13+D15+D17+D21+D23+D25+D27+D29+D31+D33+D35+D37+D39+D41+D43+D45+D19 -> 494177.25 | E46: =E49/D46 -> 0.13344137 | F46: =F48/$D$46 -> 0.15859036 | J46: =J48/$D$46 -> 0.21691686
A47: Metas (%) | E47: =E46 -> 0.13344137 | F47: =E47+F46 -> 0.29203173 | J47: =F47+J46 -> 0.50894859
A48: Total Financeiro (R$) | E48: =E9+E11+E13+E15+E17+E19+E21+E23+E25+E27+E29+E31++E33+E35+E37++E39+E41+E43+E45 -> 65943.69 | F48: =F9+F11+F13+F15+F17+F19+F21+F23+F25+F27+F29+F31++F33+F35+F37++F39+F41+F43+F45 -> 78371.748 | G48: =G9+G11+G13+G15+G17+G19+G21+G23+G25+G27+G29+G31++G33+G35+G37++G39+G41+G43+G45 -> 62651.83 | H48: =H9+H11+H13+H15+H17+H19+H21+H23+H25+H27+H29+H31++H33+H35+H37++H39+H41+H43+H45 -> 71778.215 | I48: =I9+I11+I13+I15+I17+I19+I21+I23+I25+I27+I29+I31++I33+I35+I37++I39+I41+I43+I45 -> 108236.39 | J48: =J9+J11+J13+J15+J17+J19+J21+J23+J25+J27+J29+J31++J33+J35+J37++J39+J41+J43+J45 -> 107195.38
A49: Total Acumulado (R$) | E49: =E48 -> 65943.69 | F49: =E49+F48 -> 144315.44 | G49: =F49+G48 -> 206967.27 | H49: =G49+H48 -> 278745.48 | I49: =H49+I48 -> 386981.87 | J49: =I49+J48 -> 494177.25

Sheet LS
B2: PREFEITURA MUNICIPAL DE JOÃO NEIVA
B3: COMPOSIÇÃO LEIS SOCIAIS
C4: OBRA: CONSTRUÇÃO DE ACESSO ENTRE OS BLOCOS E FORNECIMENTO E INSTALAÇÃO DE PLATAFORMA ELEVATÓRIA PARA ACESSIBILIDADE NA EMEIF JOSÉ REBUZZI SARCINELLI LOCALIZADA NO MUNICÍPIO DE JOÃO NEIVA/ES
C5: LOCAL: JOÃO NEIVA-ES
B6: GRUPO A - Encargos Sociais Básicos | E6: % IOPES
B7: A.1 | C7: INSS (Art. 22 da Lei 8.212/91) | E7: 0.2
B8: A.2 | C8: FGTS (Art. 27 do Decreto 99.684/90) | E8: 0.08
B9: A.3 | C9: SESI/SESC (Lei 8.029/90 e Lei 8.036/90) | E9: 0.018
B10: A.4 | C10: SENAI/SENAC (Lei 8.029/90 e Decreto-Lei 6246/44) | E10: 0.013
B11: A.5 | C11: SEBRAE (já considerado no item A.3 e A.4) | E11: -
B12: A.6 | C12: INCRA (Lei 2.613/55 e Decreto 1.146/70) | E12: 0.002
B13: A.7 | C13: SALÁRIO-EDUCAÇÃO (Decreto 87.043/82) | E13: 0.025
B14: A.8 | C14: SEGURO ACIDENTE DO TRABALHO (Lei 8.212/91 e Decreto 3.048/99) | E14: 0.03
B15: A.9 | C15: SECONCI/Medicina do Trabalho | E15: 0.01
B16: TOTAL GRUPO A | E16: =SUM(E7:E15) -> 0.378
B17: GRUPO B - Encargos Sociais que recebem a incidência do grupo A | E17: % IOPES
B18: B.1 | C18: Descanso Semanal Remunerado (Art. 66 da CLT e Art. 7º da CF/88) | E18: 0.1752
B19: B.2 | C19: Feriados (Art. 70 da CLT e Lei 605/49) | E19: 0.0391
B20: B.3 | C20: Auxílio doença e acidente do trabalho (Lei 3.607/60 e Art. 131 da CLT) | E20: 0.0076
B21: B.4 | C21: Licença Paternidade (Art. 7º da CF/88) | E21: 0.0011
B22: B.5 | C22: Faltas Legais (Art. 473 da CLT) | E22: 0.0067
B23: B.6 | C23: 13º Salário (Lei nº 4090/62) | E23: 0.1011
B24: B.7 | C24: Aviso Prévio Trabalhado (Art. 7º, inciso XXI da CF/88) | E24: 0.0034
B25: B.8 | C25: Dias de Chuvas | E25: -
B26: B.9 | C26: Férias Gozadas | E26: -
B27: B.10 | C27: Salário Maternidade | E27: -
B28: B.11 | C28: Auxílio - Enfermidade | E28: -
B29: TOTAL GRUPO B | E29: =SUM(E18:E28) -> 0.3342
B30: GRUPO C - Encargos Sociais que não recebem a incidência do grupo A | E30: % IOPES
B31: C.1 | C31: Dispensa sem justa causa (LC 110/01) | E31: 0.0534
B32: C.2 | C32: Férias indenizadas (Art. 129 a 148 da CLT) | E32: 0.112
B33: C.3 | C33: Aviso prévio indenizado (Art. 7º, inciso XXI da CF/88) | E33: 0.1129
B34: C.4 | C34: FGTS sobre aviso prévio indenizado (Súmula 305 TST) | E34: 0.009
B35: C.5 | C35: INSS sobre aviso prévio indenizado (Decreto 6.727/09) | E35: 0.0226
B36: C.6 | C36: Aviso prévio trabalhado | E36: -
B37: C.7 | C37: Indenização Adicional | E37: -
B38: TOTAL GRUPO C | E38: =SUM(E31:E37) -> 0.3099
B39: GRUPO D - Reincidência dos encargos sociais básicos | E39: % IOPES
B40: D.1 | C40: Incidência do grupo A sobre o grupo B | E40: =E16*E29 -> 0.1263276
B41: D.2 | C41: Reincidência de Grupo A sobre Aviso Prévio Trabalho e Reincidência do FGTS sobre Aviso Prévio Indenizado | E41: -
B42: TOTAL GRUPO D | E42: =SUM(E40:E41) -> 0.1263276
B43: GRUPO E - Encargos complementares | E43: % IOPES
B44: E.1 | C44: Refeição/alimentação (Convenção Coletiva do Trabalho 2012/2013) | E44: 0.2575
B45: E.2 | C45: Vale Transporte (Lei nº 7418/85 e Decreto 95.247/87) | E45: 0.0603
B46: E.3 | C46: Uniforme/equipamento de segurança (Art. 166 da CLT e NR-18 da Lei nº 6.514/77 e Convenção Coletiva do Trabalho 2012/2013) | E46: 0.0267
B47: E.4 | C47: Plano de Saúde (Convenção Coletiva do Trabalho 2012/2013 | E47: 0.0798
B48: TOTAL GRUPO E | E48: 0.4243
B49: TOTAL DOS GRUPO (A+B+C+D+E) | E49: =E48+E38+E29+E16+E42 -> 1.5727276

Sheet BDI
B2: PREFEITURA MUNICIPAL DE JOÃO NEIVA
B3: COMPOSIÇÃO BDI
C4: OBRA: CONSTRUÇÃO DE ACESSO ENTRE OS BLOCOS E FORNECIMENTO E INSTALAÇÃO DE PLATAFORMA ELEVATÓRIA PARA ACESSIBILIDADE NA EMEIF JOSÉ REBUZZI SARCINELLI LOCALIZADA NO MUNICÍPIO DE JOÃO NEIVA/ES
C5: LOCAL: JOÃO NEIVA-ES | F5: BDI: | G5: 0.3325
C6: ARQ./URB. BRUNA PEROVANO SIRTULI CAU-ES A187736-4 / ARQ./URB. THAÍS BAPTISTA CAU-ES A181604-7
E8: Para Serviços
C9: GRUPO A
C10: Administração Central | E10: 0.0283
C11: Total Grupo A | E11: =E10 -> 0.0283
C12: GRUPO B
C13: Administração Local | E13: 0.0819
C14: Total Grupo B | E14: =E13 -> 0.0819
C15: GRUPO C
C16: Impostos/Tributos
C17: ISS | E17: 0.05
C18: PIS | E18: 0.0065
C19: COFINS | E19: 0.03
C20: CPRB | E20: 0
C21: Total Grupo C | E21: =SUM(E17:E20) -> 0.0865
C22: GRUPO D
C23: Custos Financeiros | E23: 0.0061
C24: Total Grupo D | E24: =E23 -> 0.0061
C25: GRUPO E
C26: Seguros / Garantia | E26: 0.005
C27: Riscos | E27: 0.005
C28: Total Grupo E | E28: =SUM(E26:E27) -> 0.01
C29: GRUPO F
C30: Lucro | E30: 0.08
C31: Total Grupo F | E31: =E30 -> 0.08
C33: BDI Total | E33: =(((1+E24)*(1+E11+E14+E28)*(1+E31)/(1-E21))-1) -> 0.33245307
B35: OBS:
B37: 1 | C37: - A fórmula para cálculo da taxa a ser acrescida aos custos diretos de um
C38: empreendimento a título de Benefícios e Despesas Indiretas é:
C39: BDI = {(1 + D)*(1 + A+B+E)*(1 + F)} -1, onde:
C40: (1 – C)
C41: A = ADMINISTRAÇÃO CENTRAL;
C42: B = ADMINISTRAÇÃO LOCAL;
C43: C = ISS + PIS + COFINS+INSS;
C44: D = CUSTOS FINANCEIROS;
C45: E = RISCOS, SEGUROS E GARANTIAS;
C46: F = BENEFÍCIO/LUCRO;
B47: JUSTIFICATIVA MODIFICAÇÃO DOS PERCENTUAIS:
B48: ADMINISTRAÇÃO LOCAL: FOI CONSIDERADO PERCENTUAL INFERIOR AO DA TABELA DE TAXA DE BDI PADRÃO APLICÁVEL, CONFORME RESOLUÇÃO Nº329, DE 24 DE SETEMBRO DE 2019, VISANDO NÃO ULTRAPASSAR O PERCENTUAL DO BDI TOTAL, CONSIDERANDO QUE HOUVE A NECESSIDADE DE AUMENTO DO ISSQN, DE ACORDO COM A LEI MUNICIPAL N° 3.203, DE 27 DE SETEMBRO DE 2019
B49: ISSQN: FOI CONSIDERADO PERCENTUAL SUPERIOR AO DA TABELA DE TAXA DE BDI PADRÃO APLICÁVEL, CONFORME RESOLUÇÃO Nº329, DE 24 DE SETEMBRO DE 2019, CONSIDERANDO QUE HOUVE A NECESSIDADE DE AUMENTO DO ISSQN, DE ACORDO COM A LEI MUNICIPAL N° 3.203, DE 27 DE SETEMBRO DE 2019.
B50: 2 | C50: - Discriminação do BDI
C52: A – Despesas financeiras:
C53: são aquelas decorrentes do custo do capital de giro para fazer frente às despesas realizadas antes do efetivo recebimento das devidas receitas. Foi apropriada por estimativa com base na média proposta no ACÓRDÃO Nº 2.622/2013, PLENÁRIO de 25 set.2013.
C57: B – Administração Central:
C58: são as despesas relativas à manutenção de parcela do custo do escritório central da empresa, tais como: instalações do imóvel/sede (custo de propriedade ou de locação de imóveis); aquisição e manutenção dos equipamentos da sede (computadores, ar condicionado, veículos e correlatos); despesas administrativas (secretária, vigilante, auxiliar de escritório, contínuo, assessorias tercerizadas - ex. contadoria); despesas com consumo (água, luz, telefone, material para escritório, material para limpeza, alimentos, etc). Foi apropriada por estimativa com base na média proposta noACÓRDÃO Nº 2.622/2013, PLENÁRIO de 25 set.2013.
C59: C – Benefício/Lucro:
C60: é a parcela que contempla a remuneração do construtor, definidos com base em valor percentual sobre o total dos custos diretos e despesas indiretas, excluídas aquelas referentes às parcelas tributárias. A taxa adotada como benefício deve ser entendida como uma provisão de onde será retirado o lucro do construtor, após desconto de todos os encargos decorrentes de inúmeras incertezas que podem ocorrer durante as obras, difíceis de serem mensuradas no seu conjunto com base no ACÓRDÃO Nº 2.622/2013, PLENÁRIO de 25 set.2013.
C62: D – Riscos Imprevistos, Garantias e Seguros:
C63: valores para cobertura de despesas imprevisíveis e os seguros e garantias estabelecidos no Projeto Básico e orientação contante no ACÓRDÃO Nº 2.622/2013, PLENÁRIO de 25 set.2013.
C64: E – Valores Relativos aos Tributos:
C65: – Impostos sobre serviços de qualquer natureza – ISS, é imposto de competência municipal, consoante art. 156, inciso III, da Constituição Federal. Alíquota de 4% sobre o valor total da nota fiscal.(Os 4% consideram a redução de 20% da base de cálculo, conforme previsto no art. 9 do Decreto 13314/2007 e Lei Municipal 6075/2003).
C66: – Contribuição para o Programa de Integração Social – PIS. A taxa do PIS, definida pelos Decretos-Lei nº 2.445 e 2.449/88, é de 0,65% sobre a receita operacional bruta.
C67: – Contribuição para o Programa de Financiamento da Seguridade Social – COFINS, definida pela Lei 9.718/98, é de 3%, sobre a receita operacional bruta.
C68: – Contribuição Patronal sobre a Receita Bruta, definida pela Lei 13.161, de 31 de agosto de 2015, é de 4,5%, sobre a receita operacional bruta.

Sheet COMP-01
A1: COMPOSIÇÃO ANALÍTICA DE PREÇO UNITÁRIO | I1: Data-base
I3: SINAPI/ DER/ES: DEZ/25
I4: COMP-01
A5: SERVIÇO: | B5: Remoção de trama metálica para cobertura, de forma manual, sem reaproveitamento | I5: UND:
I6: m2
A7: REFERÊNCIA: SINAPI-ES 97655
A8: MÃO-DE-OBRA
A9: CÓD. | B9: ORGÃO | C9: DESCRIÇÃO | F9: UND | G9: COEF | H9: R$ UNIT. | I9: R$ PARCIAL
A10: 010146 | B10: DER-ES | C10: =VLOOKUP(J10,'INSUMOS DER 12-25'!A13:E1563,2,0) -> SERVENTE (AUXILIAR DE OBRAS - SINDUSCON) | E10: Encargo: 157,27% | F10: =VLOOKUP(J10,'INSUMOS DER 12-25'!A13:D1563,3,0) -> H | G10: 0.5652 | H10: =VLOOKUP(J10,'INSUMOS DER 12-25'!A13:E1563,5,0) -> 19.68 | I10: =G10*H10 -> 11.123136 | J10: 10146
A11: 010150 | B11: DER-ES | C11: =VLOOKUP(J11,'INSUMOS DER 12-25'!A14:E1564,2,0) -> TELHADISTA (OFICIAL - SINDUSCON) | E11: Encargo: 157,27% | F11: =VLOOKUP(J11,'INSUMOS DER 12-25'!A14:D1564,3,0) -> H | G11: 0.1999 | H11: =VLOOKUP(J11,'INSUMOS DER 12-25'!A14:E1564,5,0) -> 26.03 | I11: =H11*G11 -> 5.203397 | J11: 10150
A12: TOTAL A | I12: =I10+I11 -> 16.326533
A14: MATERIAIS/ SERVIÇOS
A15: CÓD. | B15: ORGÃO | C15: DESCRIÇÃO | F15: UND | G15: COEF | H15: R$ UNIT. | I15: R$ PARCIAL
A18: TOTAL B | I18: =SUM(I16:I17) -> 0
A20: EQUIPAMENTOS
C21: DESCRIÇÃO | F21: UND | G21: COEF | H21: R$ UNIT. | I21: R$ PARCIAL
A22: 92716 | B22: SINAPI-ES | C22: APARELHO PARA CORTE E SOLDA OXI-ACETILENO SOBRE RODAS, INCLUSIVE CILINDROS E MAÇARICOS - CHP DIURNO. AF_05/2023 | F22: CHP | G22: 0.184 | H22: 110.11 | I22: =H22*G22 -> 20.26024 | J22: manual
A23: 92717 | B23: SINAPI-ES | C23: APARELHO PARA CORTE E SOLDA OXI-ACETILENO SOBRE RODAS, INCLUSIVE CILINDROS E MAÇARICOS - CHI DIURNO. AF_05/2023 | F23: CHI | G23: 0.4491 | H23: 0.29 | I23: =H23*G23 -> 0.130239 | J23: manual
A24: TOTAL C | I24: =SUM(I22:I23) -> 20.390479
A26: RESUMO
A27: TOTAL A | I27: =I12 -> 16.326533
A28: TOTAL B | I28: =I18 -> 0
A29: TOTAL C | I29: =I24 -> 20.390479
A30: PREÇO DE VENDA = TOTAL (A+B+C) | I30: =SUM(I27:I29) -> 36.717012

Sheet COMP-02
A1: COMPOSIÇÃO ANALÍTICA DE PREÇO UNITÁRIO | I1: Data-base
I3: SINAPI/ DER/ES: DEZ/25
I4: COMP-02
A5: SERVIÇO: | B5: Porta em madeira de lei tipo angelim pedra ou equivalente,esp. 30 a 35mm c/ enchimento em madeira 1a qualidade, tipo sarrafeada para pintura, inclusive alizares, dobradiças e fechadura tipo alavanca em latão cromado LaFonte ou equivalente, exclusive marco, nas dimensões: 1,20x2,10 m | I5: UND:
I6: und
A7: REFERÊNCIA: DER-ES Edificações 061301
A8: MÃO-DE-OBRA
A9: CÓD. | B9: ORGÃO | C9: DESCRIÇÃO | F9: UND | G9: COEF | H9: R$ UNIT. | I9: R$ PARCIAL
A10: 010101 | B10: DER-ES | C10: =VLOOKUP(J10,'INSUMOS DER 12-25'!A13:E1563,2,0) -> AJUDANTE (AJUDANTE PRATICO - SINDUSCON) | E10: Encargo: 157,27% | F10: =VLOOKUP(J10,'INSUMOS DER 12-25'!A13:E1563,3,0) -> H | G10: 1.95 | H10: =VLOOKUP(J10,'INSUMOS DER 12-25'!A13:E1563,5,0) -> 21.94 | I10: =G10*H10 -> 42.783 | J10: 10101
A12: TOTAL A | I12: =I10+I11 -> 42.783
A14: MATERIAIS
A15: CÓD. | B15: ORGÃO | C15: DESCRIÇÃO | F15: UND | G15: COEF | H15: R$ UNIT. | I15: R$ PARCIAL
A16: 026560 | B16: DER-ES | C16: =VLOOKUP(J16,'INSUMOS DER 12-25'!A13:E1563,2,0) -> PREGO - PRECO MEDIO DAS BITOLAS | F16: =VLOOKUP(J16,'INSUMOS DER 12-25'!A13:E1563,3,0) -> KG | G16: 0.2 | H16: =VLOOKUP(J16,'INSUMOS DER 12-25'!A13:E1563,4,0) -> 14.4 | I16: =G16*H16 -> 2.88 | J16: 26560
A17: 030210 | B17: DER-ES | C17: =VLOOKUP(J17,'INSUMOS DER 12-25'!A14:E1564,2,0) -> PORTA MADEIRA DE LEI LISA MEDIA SARRAFEADA ESP 30 MM 0.6X2.1M P/ PINTURA | F17: =VLOOKUP(J17,'INSUMOS DER 12-25'!A14:E1564,3,0) -> UN | G17: 2 | H17: =VLOOKUP(J17,'INSUMOS DER 12-25'!A14:E1564,4,0) -> 252.5 | I17: =G17*H17 -> 505 | J17: 30210
A18: TOTAL B | I18: =SUM(I16:I17) -> 507.88
A20: SERVIÇOS AUXILIARES
C21: DESCRIÇÃO | F21: UND | G21: COEF | H21: R$ UNIT. | I21: R$ PARCIAL
A22: 060115 | B22: DER-ES | C22: =VLOOKUP(J22,'SERVIÇOS DER 12-25'!A13:G1503,3,0) -> Alizar de madeira de lei de 1ª (Peroba, Ipê, Angelim Pedra ou equivalente) de 5 x 2,5 cm | F22: =VLOOKUP(J22,'SERVIÇOS DER 12-25'!A13:G1503,4,0) -> m | G22: 10.8 | H22: =VLOOKUP(J22,'SERVIÇOS DER 12-25'!A13:G1503,6,0) -> 34.99 | I22: =G22*H22 -> 377.892 | J22: 990116
A23: 061102 | B23: DER-ES | C23: =VLOOKUP(J23,'SERVIÇOS DER 12-25'!A14:G1504,3,0) -> Fechadura com maçaneta tipo alavanca e chave tipo yale - IMAB, STAN, ALIANÇA ou equivalente | F23: =VLOOKUP(J23,'SERVIÇOS DER 12-25'!A14:G1504,4,0) -> und | G23: 1 | H23: =VLOOKUP(J23,'SERVIÇOS DER 12-25'!A14:G1504,6,0) -> 128.08 | I23: =G23*H23 -> 128.08 | J23: 61102
A24: 061112 | B24: DER-ES | C24: =VLOOKUP(J24,'SERVIÇOS DER 12-25'!A15:G1505,3,0) -> Dobradiça de latão cromado de 3 x 2.1/2?, inclusive parafusos - IMAB, STAN, ALIANÇA ou equivalente | F24: =VLOOKUP(J24,'SERVIÇOS DER 12-25'!A15:G1505,4,0) -> und | G24: 6 | H24: =VLOOKUP(J24,'SERVIÇOS DER 12-25'!A15:G1505,6,0) -> 74.9 | I24: =G24*H24 -> 449.4 | J24: 61112
A25: TOTAL C | I25: =SUM(I22:I24) -> 955.372
A27: RESUMO
A28: TOTAL A | I28: =I12 -> 42.783
A29: TOTAL B | I29: =I18 -> 507.88
A30: TOTAL C | I30: =I25 -> 955.372
A31: PREÇO DE VENDA = TOTAL (A+B+C) | I31: =SUM(I28:I30) -> 1506.035

Sheet COMP-03
A1: COMPOSIÇÃO ANALÍTICA DE PREÇO UNITÁRIO | I1: Data-base
I3: SINAPI/ DER/ES: DEZ/25
I4: COMP-03
A5: SERVIÇO: | B5: Trama de aço composta por terças para telhados de até 2 águas para telha ondulada de fibrocimento, metálica, plástica ou termoacústica, incluso transporte vertical | I5: UND:
I6: m2
A7: REFERÊNCIA: SINAPI-ES 92580
A8: MÃO-DE-OBRA
A9: CÓD. | B9: ORGÃO | C9: DESCRIÇÃO | F9: UND | G9: COEF | H9: R$ UNIT. | I9: R$ PARCIAL
A10: 010278 | B10: DER-ES | C10: =VLOOKUP(J10,'INSUMOS DER 12-25'!A13:E1563,2,0) -> MONTADOR DE ESTRUTURA - SINTRACONST | E10: Encargo: 157,27% | F10: =VLOOKUP(J10,'INSUMOS DER 12-25'!A13:E1563,3,0) -> H | G10: 0.213 | H10: =VLOOKUP(J10,'INSUMOS DER 12-25'!A13:E1563,5,0) -> 38.92 | I10: =G10*H10 -> 8.28996 | J10: 10278
A11: 010146 | B11: DER-ES | C11: =VLOOKUP(J11,'INSUMOS DER 12-25'!A13:E1563,2,0) -> SERVENTE (AUXILIAR DE OBRAS - SINDUSCON) | E11: Encargo: 157,27% | F11: =VLOOKUP(J11,'INSUMOS DER 12-25'!A13:E1563,3,0) -> H | G11: 0.106 | H11: =VLOOKUP(J11,'INSUMOS DER 12-25'!A13:E1563,5,0) -> 19.68 | I11: =G11*H11 -> 2.08608 | J11: 10146
A12: TOTAL A | I12: =SUM(I10:I11) -> 10.37604
A14: MATERIAIS/ SERVIÇOS
A15: CÓD. | B15: ORGÃO | C15: DESCRIÇÃO | F15: UND | G15: COEF | H15: R$ UNIT. | I15: R$ PARCIAL
A16: 40549 | B16: SINAPI-ES | C16: PARAFUSO, COMUM, ASTM A307, SEXTAVADO, DIAMETRO 1/2" (12,7 MM), COMPRIMENTO 1" (25,4 MM) | F16: CENTO | G16: 0.007 | H16: 176.49 | I16: =H16*G16 -> 1.23543 | J16: 40549 manual
A17: 43083 | B17: SINAPI-ES | C17: PERFIL "U" ENRIJECIDO, EM CHAPA DOBRADA DE ACO LAMINADO, E = 3,75 MM, H = 200 MM, L = 75 MM (9,94 KG/M) | F17: KG | G17: 4.333 | H17: 8.66 | I17: =H17*G17 -> 37.52378 | J17: 43083 manual - preço SP
A18: TOTAL B | I18: =SUM(I16:I17) -> 38.75921
A20: EQUIPAMENTOS
C21: DESCRIÇÃO | F21: UND | G21: COEF | H21: R$ UNIT. | I21: R$ PARCIAL
A22: 93281 | B22: SINAPI-ES | C22: GUINCHO ELÉTRICO DE COLUNA, CAPACIDADE 400 KG, COM MOTO FREIO, MOTOR TRIFÁSICO DE 1,25 CV - CHP DIURNO. AF_03/2016 | F22: CHP | G22: 0.0068 | H22: 34.24 | I22: =H22*G22 -> 0.232832 | J22: 93281 manual
A23: 93282 | B23: SINAPI-ES | C23: GUINCHO ELÉTRICO DE COLUNA, CAPACIDADE 400 KG, COM MOTO FREIO, MOTOR TRIFÁSICO DE 1,25 CV - CHI DIURNO. AF_03/2016 | F23: CHI | G23: 0.0094 | H23: 33.28 | I23: =H23*G23 -> 0.312832 | J23: 93282 manual
A24: TOTAL C | I24: =SUM(I22:I23) -> 0.545664
A26: RESUMO
A27: TOTAL A | I27: =I12 -> 10.37604
A28: TOTAL B | I28: =I18 -> 38.75921
A29: TOTAL C | I29: =I24 -> 0.545664
A30: PREÇO DE VENDA = TOTAL (A+B+C) | I30: =SUM(I27:I29) -> 49.680914

Sheet COMP-04
A1: COMPOSIÇÃO ANALÍTICA DE PREÇO UNITÁRIO | I1: Data-base
I3: SINAPI/ DER/ES: DEZ/25
I4: COMP-04
A5: SERVIÇO: Platibanda de alvenaria de bloco cerâmico 10x20x20cm, assentado com argamassa de cimento, cal hidratada CH1 e areia no traço 1:0,5:8, amarrada com pilaretes em conc. arm. a cada 2m, excl. revest. | I5: UND: m2
A7: REFERÊNCIA: DER-ES 090403
A8: MÃO-DE-OBRA
A9: CÓD. | B9: ORGÃO | C9: DESCRIÇÃO | F9: UND | G9: COEF | H9: R$ UNIT. | I9: R$ PARCIAL
A10: 010101 | B10: DER-ES | C10: =VLOOKUP(J10,'INSUMOS DER 12-25'!A13:E1563,2,0) -> AJUDANTE (AJUDANTE PRATICO - SINDUSCON) | E10: Encargo: 157,27% | F10: =VLOOKUP(J10,'INSUMOS DER 12-25'!A13:E1563,3,0) -> H | G10: 0.412 | H10: =VLOOKUP(J10,'INSUMOS DER 12-25'!A13:E1563,5,0) -> 21.94 | I10: =G10*H10 -> 9.03928 | J10: 10101
A11: 010111 | B11: DER-ES | C11: =VLOOKUP(J11,'INSUMOS DER 12-25'!A14:E1564,2,0) -> CARPINTEIRO (OFICIAL - SINDUSCON) | E11: Encargo: 157,27% | F11: =VLOOKUP(J11,'INSUMOS DER 12-25'!A14:E1564,3,0) -> H | G11: 0.26 | H11: =VLOOKUP(J11,'INSUMOS DER 12-25'!A14:E1564,5,0) -> 26.03 | I11: =G11*H11 -> 6.7678 | J11: 10111
A12: 010121 | B12: DER-ES | C12: =VLOOKUP(J12,'INSUMOS DER 12-25'!A15:E1565,2,0) -> ARMADOR (OFICIAL - SINDUSCON) | E12: Encargo: 157,27% | F12: =VLOOKUP(J12,'INSUMOS DER 12-25'!A15:E1565,3,0) -> H | G12: 0.152 | H12: =VLOOKUP(J12,'INSUMOS DER 12-25'!A15:E1565,5,0) -> 26.03 | I12: =G12*H12 -> 3.95656 | J12: 10121
A13: 010139 | B13: DER-ES | C13: =VLOOKUP(J13,'INSUMOS DER 12-25'!A16:E1566,2,0) -> PEDREIRO (OFICIAL - SINDUSCON) | E13: Encargo: 157,27% | F13: =VLOOKUP(J13,'INSUMOS DER 12-25'!A16:E1566,3,0) -> H | G13: 1.02 | H13: =VLOOKUP(J13,'INSUMOS DER 12-25'!A16:E1566,5,0) -> 26.03 | I13: =G13*H13 -> 26.5506 | J13: 10139
A14: 010146 | B14: DER-ES | C14: =VLOOKUP(J14,'INSUMOS DER 12-25'!A17:E1567,2,0) -> SERVENTE (AUXILIAR DE OBRAS - SINDUSCON) | E14: Encargo: 157,27% | F14: =VLOOKUP(J14,'INSUMOS DER 12-25'!A17:E1567,3,0) -> H | G14: 1.24 | H14: =VLOOKUP(J14,'INSUMOS DER 12-25'!A17:E1567,5,0) -> 19.68 | I14: =G14*H14 -> 24.4032 | J14: 10146
A15: TOTAL A | I15: =SUM(I10:I14) -> 70.71744
A17: MATERIAIS/ SERVIÇOS
A18: CÓD. | B18: ORGÃO | C18: DESCRIÇÃO | F18: UND | G18: COEF | H18: R$ UNIT. | I18: R$ PARCIAL
A19: 020503 | B19: DER-ES | C19: =VLOOKUP(J19,'INSUMOS DER 12-25'!A13:E1563,2,0) -> AREIA LAVADA MEDIA | F19: =VLOOKUP(J19,'INSUMOS DER 12-25'!A13:E1563,3,0) -> M3 | G19: 0.02036 | H19: =VLOOKUP(J19,'INSUMOS DER 12-25'!A13:E1563,4,0) -> 152 | I19: =G19*H19 -> 3.09472 | J19: 20503
A20: 020505 | B20: DER-ES | C20: =VLOOKUP(J20,'INSUMOS DER 12-25'!A14:E1564,2,0) -> CAL HIDRATADO P/ ARGAMASSA CH III | F20: =VLOOKUP(J20,'INSUMOS DER 12-25'!A14:E1564,3,0) -> KG | G20: 0.528 | H20: =VLOOKUP(J20,'INSUMOS DER 12-25'!A14:E1564,4,0) -> 1.08 | I20: =G20*H20 -> 0.57024 | J20: 20505
A21: 020508 | B21: DER-ES | C21: =VLOOKUP(J21,'INSUMOS DER 12-25'!A15:E1565,2,0) -> CIMENTO PORTLAND CP III - 40 | F21: =VLOOKUP(J21,'INSUMOS DER 12-25'!A15:E1565,3,0) -> KG | G21: 5.442 | H21: =VLOOKUP(J21,'INSUMOS DER 12-25'!A15:E1565,4,0) -> 0.61 | I21: =G21*H21 -> 3.31962 | J21: 20508
A22: 020517 | B22: DER-ES | C22: =VLOOKUP(J22,'INSUMOS DER 12-25'!A16:E1566,2,0) -> BRITA 1 | F22: =VLOOKUP(J22,'INSUMOS DER 12-25'!A16:E1566,3,0) -> M3 | G22: 0.0026 | H22: =VLOOKUP(J22,'INSUMOS DER 12-25'!A16:E1566,4,0) -> 173.27 | I22: =G22*H22 -> 0.450502 | J22: 20517
A23: 020518 | B23: DER-ES | C23: =VLOOKUP(J23,'INSUMOS DER 12-25'!A17:E1567,2,0) -> BRITA 2 | F23: =VLOOKUP(J23,'INSUMOS DER 12-25'!A17:E1567,3,0) -> M3 | G23: 0.0062 | H23: =VLOOKUP(J23,'INSUMOS DER 12-25'!A17:E1567,4,0) -> 173.27 | I23: =G23*H23 -> 1.074274 | J23: 20518
A24: 020985 | B24: DER-ES | C24: =VLOOKUP(J24,'INSUMOS DER 12-25'!A18:E1568,2,0) -> SARRAFO DE MADEIRA PINUS 10 X 2.5CM | F24: =VLOOKUP(J24,'INSUMOS DER 12-25'!A18:E1568,3,0) -> M | G24: 0.1 | H24: =VLOOKUP(J24,'INSUMOS DER 12-25'!A18:E1568,4,0) -> 4.01 | I24: =G24*H24 -> 0.401 | J24: 20985
A25: 020988 | B25: DER-ES | C25: =VLOOKUP(J25,'INSUMOS DER 12-25'!A19:E1569,2,0) -> TABUA DE MADEIRA PINUS 30 X 2.5 CM | F25: =VLOOKUP(J25,'INSUMOS DER 12-25'!A19:E1569,3,0) -> M | G25: 0.2 | H25: =VLOOKUP(J25,'INSUMOS DER 12-25'!A19:E1569,4,0) -> 18.04 | I25: =G25*H25 -> 3.608 | J25: 20988
A26: 021517 | B26: DER-ES | C26: =VLOOKUP(J26,'INSUMOS DER 12-25'!A20:E1570,2,0) -> ACO CA-50 DE 8.0MM | F26: =VLOOKUP(J26,'INSUMOS DER 12-25'!A20:E1570,3,0) -> KG | G26: 2.185 | H26: =VLOOKUP(J26,'INSUMOS DER 12-25'!A20:E1570,4,0) -> 5.95 | I26: =G26*H26 -> 13.00075 | J26: 21517
A27: 022585 | B27: DER-ES | C27: =VLOOKUP(J27,'INSUMOS DER 12-25'!A21:E1571,2,0) -> BLOCO CERÂMICO 08 FUROS 09X19X19CM - PRAÇA VITÓRIA | F27: =VLOOKUP(J27,'INSUMOS DER 12-25'!A21:E1571,3,0) -> UN | G27: 25 | H27: =VLOOKUP(J27,'INSUMOS DER 12-25'!A21:E1571,4,0) -> 1.38 | I27: =G27*H27 -> 34.5 | J27: 22585
A28: 026569 | B28: DER-ES | C28: =VLOOKUP(J28,'INSUMOS DER 12-25'!A22:E1572,2,0) -> PREGO 18X27 | F28: =VLOOKUP(J28,'INSUMOS DER 12-25'!A22:E1572,3,0) -> KG | G28: 0.03 | H28: =VLOOKUP(J28,'INSUMOS DER 12-25'!A22:E1572,4,0) -> 13.65 | I28: =G28*H28 -> 0.4095 | J28: 26569
A29: 027010 | B29: DER-ES | C29: =VLOOKUP(J29,'INSUMOS DER 12-25'!A23:E1573,2,0) -> ARAME RECOZIDO N.18 BWG | F29: =VLOOKUP(J29,'INSUMOS DER 12-25'!A23:E1573,3,0) -> KG | G29: 0.038 | H29: =VLOOKUP(J29,'INSUMOS DER 12-25'!A23:E1573,4,0) -> 12.07 | I29: =G29*H29 -> 0.45866 | J29: 27010
A30: 028008 | B30: DER-ES | C30: =VLOOKUP(J30,'INSUMOS DER 12-25'!A24:E1574,2,0) -> DESMOLDANTE PARA FORMAS | F30: =VLOOKUP(J30,'INSUMOS DER 12-25'!A24:E1574,3,0) -> L | G30: 0.08 | H30: =VLOOKUP(J30,'INSUMOS DER 12-25'!A24:E1574,4,0) -> 11.57 | I30: =G30*H30 -> 0.9256 | J30: 28008
A31: TOTAL B | I31: =SUM(I19:I30) -> 61.812866
A33: SERVIÇOS AUXILIARES
C34: DESCRIÇÃO | F34: UND | G34: COEF | H34: R$ UNIT. | I34: R$ PARCIAL
A35: 330103 | B35: DER-ES | C35: =VLOOKUP(J35,'SERVIÇOS DER 12-25'!A13:G1503,3,0) -> Betoneira capacidade nominal de 400 l, capacidade de mistura 280 l, motor elétrico trifásico potência de 2 cv, sem carregador - chp diurno | F35: =VLOOKUP(J35,'SERVIÇOS DER 12-25'!A13:G1503,4,0) -> chp | G35: 0.0071 | H35: =VLOOKUP(J35,'SERVIÇOS DER 12-25'!A13:G1503,6,0) -> 1.92 | I35: =G35*H35 -> 0.013632 | J35: 990201
A36: TOTAL C | I36: =I35 -> 0.013632
A38: RESUMO
A39: TOTAL A | I39: =I15 -> 70.71744
A40: TOTAL B | I40: =I31 -> 61.812866
A41: TOTAL C | I41: =I36 -> 0.013632
A42: PREÇO DE VENDA = TOTAL (A+B+C) | I42: =SUM(I39:I41) -> 132.54394

Sheet COMP-05
A1: COMPOSIÇÃO ANALÍTICA DE PREÇO UNITÁRIO | I1: Data-base
I2: SINAPI/ DER/ES: DEZ/25
I7: COMP-05
A8: SERVIÇO: Luminária arandela tipo tartaruga, de sobrepor, com 1 lâmpada led de 6W, - fornecimento e instalação. | I8: UND: und
A10: REFERÊNCIA: SINAPI-ES 97607
A11: MÃO-DE-OBRA
A12: CÓD. | B12: ORGÃO | C12: DESCRIÇÃO | F12: UND | G12: COEF | H12: R$ UNIT. | I12: R$ PARCIAL
A13: 010101 | B13: DER/ES | C13: =VLOOKUP(J13,'INSUMOS DER 12-25'!A13:E1563,2,0) -> AJUDANTE (AJUDANTE PRATICO - SINDUSCON) | E13: Encargo: 157,27% | F13: h | G13: 0.1801875 | H13: 20.14 | I13: =H13*G13 -> 3.6289763 | J13: 10101
A14: 010115 | B14: DER/ES | C14: =VLOOKUP(J14,'INSUMOS DER 12-25'!A14:E1564,2,0) -> ELETRICISTA (OFICIAL - SINDUSCON) | E14: Encargo: 157,27% | F14: h | G14: 0.5766 | H14: 23.87 | I14: =H14*G14 -> 13.763442 | J14: 10115
A15: TOTAL A | I15: =SUM(I13:I14) -> 17.392418
A17: MATERIAIS/ SERVIÇOS
A18: CÓD. | B18: ORGÃO | C18: DESCRIÇÃO | F18: UND | G18: COEF | H18: R$ UNIT. | I18: R$ PARCIAL
A19: 38193 | B19: SINAPI-ES | C19: LAMPADA LED 6 W BIVOLT BRANCA, FORMATO TRADICIONAL (BASE E27) | F19: und | G19: 1 | H19: 4.28 | I19: =H19*G19 -> 4.28 | J19: 38193 manual
A20: 38775 | B20: SINAPI-ES | C20: LUMINARIA TIPO TARTARUGA PARA AREA EXTERNA EM ALUMINIO, COM GRADE, PARA 1 LAMPADA, BASE E27, POTENCIA MAXIMA 40/60 W (NAO INCLUI LAMPADA) | F20: und | G20: 1 | H20: 80.35 | I20: =H20*G20 -> 80.35 | J20: 38775 maual - preço SP
A21: TOTAL B | I21: =SUM(I19:I20) -> 84.63
A23: EQUIPAMENTOS
C24: DESCRIÇÃO | F24: UND | G24: COEF | H24: R$ UNIT. | I24: R$ PARCIAL
A26: TOTAL C | I26: -
A28: RESUMO
A29: TOTAL A | I29: =I15 -> 17.392418
A30: TOTAL B | I30: =I21 -> 84.63
A31: TOTAL C | I31: =I26 -> -
A32: PREÇO DE VENDA = TOTAL (A+B+C) | I32: =SUM(I29:I31) -> 102.02242

Sheet COMP-06
A1: COMPOSIÇÃO ANALÍTICA DE PREÇO UNITÁRIO | I1: Data-base
I2: SINAPI/ DER/ES: DEZ/25
I7: COMP-06
A8: SERVIÇO: Sensor de presença sem fotocélula, fixação em teto - Fornecimento e Instalação | I8: UND: und
A10: REFERÊNCIA: SINAPI-ES 97598
A11: MÃO-DE-OBRA
A12: CÓD. | B12: ORGÃO | C12: DESCRIÇÃO | F12: UND | G12: COEF | H12: R$ UNIT. | I12: R$ PARCIAL
A13: 010101 | B13: DER/ES | C13: =VLOOKUP(J13,'INSUMOS DER 12-25'!A13:E1563,2,0) -> AJUDANTE (AJUDANTE PRATICO - SINDUSCON) | E13: Encargo: 157,27% | F13: h | G13: 0.1440625 | H13: 20.14 | I13: =H13*G13 -> 2.9014188 | J13: 10101
A14: 010115 | B14: DER/ES | C14: =VLOOKUP(J14,'INSUMOS DER 12-25'!A14:E1564,2,0) -> ELETRICISTA (OFICIAL - SINDUSCON) | E14: Encargo: 157,27% | F14: h | G14: 0.461 | H14: 23.87 | I14: =H14*G14 -> 11.00407 | J14: 10115
A15: TOTAL A | I15: =SUM(I13:I14) -> 13.905489
A17: MATERIAIS/ SERVIÇOS
A18: CÓD. | B18: ORGÃO | C18: DESCRIÇÃO | F18: UND | G18: COEF | H18: R$ UNIT. | I18: R$ PARCIAL
A19: 39395 | B19: SINAPI-ES | C19: SENSOR DE PRESENCA BIVOLT DE TETO SEM FOTOCELULA PARA QUALQUER TIPO DE LAMPADA POTENCIA MAXIMA *900* W, USO INTERNO | F19: und | G19: 1 | H19: 50.43 | I19: =H19*G19 -> 50.43 | J19: 39395 manual - prço SP
A20: TOTAL B | I20: =SUM(I19:I19) -> 50.43
A22: EQUIPAMENTOS
C23: DESCRIÇÃO | F23: UND | G23: COEF | H23: R$ UNIT. | I23: R$ PARCIAL
A25: TOTAL C | I25: -
A27: RESUMO
A28: TOTAL A | I28: =I15 -> 13.905489
A29: TOTAL B | I29: =I20 -> 50.43
A30: TOTAL C | I30: =I25 -> -
A31: PREÇO DE VENDA = TOTAL (A+B+C) | I31: =SUM(I28:I30) -> 64.335489

Sheet COMP-07
A1: COMPOSIÇÃO ANALÍTICA DE PREÇO UNITÁRIO | I1: Data-base
I3: SINAPI/ DER/ES: DEZ/25
I4: COMP-07
A5: SERVIÇO: Chapim de granito cinza polido, 19 cm, esp. 3 cm | I5: UND: m
A7: REFERÊNCIA: DER-ES 130317
A8: MÃO-DE-OBRA
A9: CÓD. | B9: ORGÃO | C9: DESCRIÇÃO | F9: UND | G9: COEF | H9: R$ UNIT. | I9: R$ PARCIAL
A10: 010139 | B10: DER-ES | C10: =VLOOKUP(J10,'INSUMOS DER 12-25'!A13:E1563,2,0) -> PEDREIRO (OFICIAL - SINDUSCON) | E10: Encargo: 157,27% | F10: =VLOOKUP(J10,'INSUMOS DER 12-25'!A13:E1563,3,0) -> H | G10: 0.84 | H10: =VLOOKUP(J10,'INSUMOS DER 12-25'!A13:E1563,5,0) -> 26.03 | I10: =G10*H10 -> 21.8652 | J10: 10139
A11: 010146 | B11: DER-ES | C11: =VLOOKUP(J11,'INSUMOS DER 12-25'!A14:E1564,2,0) -> SERVENTE (AUXILIAR DE OBRAS - SINDUSCON) | E11: Encargo: 157,27% | F11: =VLOOKUP(J11,'INSUMOS DER 12-25'!A14:E1564,3,0) -> H | G11: 0.91 | H11: =VLOOKUP(J11,'INSUMOS DER 12-25'!A14:E1564,5,0) -> 19.68 | I11: =G11*H11 -> 17.9088 | J11: 10146
A13: TOTAL A | I13: =I10+I11 -> 39.774
A15: MATERIAIS/ SERVIÇOS | N15: 15 CM | O15: 19 CM
A16: CÓD. | B16: ORGÃO | C16: DESCRIÇÃO | F16: UND | G16: COEF | H16: R$ UNIT. | I16: R$ PARCIAL | M16: ÁREA | N16: =0.15*1 -> 0.15 | O16: =0.19*1 -> 0.19
A17: 20503 | B17: DER-ES | C17: =VLOOKUP(J17,'INSUMOS DER 12-25'!A11:E1561,2,0) -> AREIA LAVADA MEDIA | F17: =VLOOKUP(J17,'INSUMOS DER 12-25'!A11:E1561,3,0) -> M3 | G17: =O17 -> 0.010906 | H17: =VLOOKUP(J17,'INSUMOS DER 12-25'!A13:E1563,4,0) -> 152 | I17: =G17*H17 -> 1.657712 | J17: 20503 | M17: AREIA LAVADA MEDIA (LABOR) | N17: 0.00861 | O17: =(($O$16*N17)/$N$16) -> 0.010906
A18: 20505 | B18: DER-ES | C18: =VLOOKUP(J18,'INSUMOS DER 12-25'!A12:E1562,2,0) -> CAL HIDRATADO P/ ARGAMASSA CH III | F18: =VLOOKUP(J18,'INSUMOS DER 12-25'!A12:E1562,3,0) -> KG | G18: =O18 -> 1.6137333 | H18: =VLOOKUP(J18,'INSUMOS DER 12-25'!A14:E1564,4,0) -> 1.08 | I18: =G18*H18 -> 1.742832 | J18: 20505 | M18: CAL HIDRATADO P/ ARGAMASSA CH III (LABOR) 1,274 | N18: 1.274 | O18: =(($O$16*N18)/$N$16) -> 1.6137333
A19: 020508 | B19: DER-ES | C19: =VLOOKUP(J19,'INSUMOS DER 12-25'!A13:E1563,2,0) -> CIMENTO PORTLAND CP III - 40 | F19: =VLOOKUP(J19,'INSUMOS DER 12-25'!A13:E1563,3,0) -> KG | G19: =O19 -> 3.2452 | H19: =VLOOKUP(J19,'INSUMOS DER 12-25'!A15:E1565,4,0) -> 0.61 | I19: =G19*H19 -> 1.979572 | J19: 20508 | M19: CIMENTO PORTLAND CP III - 40 (LABOR) | N19: 2.562 | O19: =(($O$16*N19)/$N$16) -> 3.2452
A20: 023522 | B20: DER-ES | C20: =VLOOKUP(J20,'INSUMOS DER 12-25'!A14:E1564,2,0) -> GRANITO CINZA ANDORINHA E = 3 CM POLIDO NOS DOIS LADOS | F20: =VLOOKUP(J20,'INSUMOS DER 12-25'!A14:E1564,3,0) -> M2 | G20: =0.19*1 -> 0.19 | H20: =VLOOKUP(J20,'INSUMOS DER 12-25'!A16:E1566,4,0) -> 265.76 | I20: =G20*H20 -> 50.4944 | J20: 23522
A22: TOTAL B | I22: =SUM(I17:I20) -> 55.874516
A24: EQUIPAMENTOS
C25: DESCRIÇÃO | F25: UND | G25: COEF | H25: R$ UNIT. | I25: R$ PARCIAL
A28: TOTAL C | I28: =I26 -> 0
A30: RESUMO
A31: TOTAL A | I31: =I13 -> 39.774
A32: TOTAL B | I32: =I22 -> 55.874516
A33: TOTAL C | I33: =I28 -> 0
A34: PREÇO DE VENDA = TOTAL (A+B+C) | I34: =SUM(I31:I33) -> 95.648516

Sheet COTAÇÕES 
A1: INSTITUTO DE PREVIDÊNCIA DOS SERVIDORES DO MUNICIPIO DE JOÃO NEIVA - IPSJON
A2: COTAÇÕES
A3: OBRA: CONSTRUÇÃO DE ACESSO ENTRE OS BLOCOS E FORNECIMENTO E INSTALAÇÃO DE PLATAFORMA ELEVATÓRIA PARA ACESSIBILIDADE NA EMEIF JOSÉ REBUZZI SARCINELLI LOCALIZADA NO MUNICÍPIO DE JOÃO NEIVA/ES
A4: LOCAL: JOÃO NEIVA-ES
A5: ORÇAMENTISTAS: ARQ./URB. BRUNA PEROVANO SIRTULI CAU-ES A187736-4 / ARQ./URB. THAÍS BAPTISTA CAU-ES A181604-7
A6: NÚMERO | B6: ITEM PLANILHA | C6: DESCRIÇÃO | D6: FORNECEDOR 1 | E6: CONTATO | F6: PREÇO | G6: DATA | H6: FORNECEDOR 2 | I6: CONTATO | J6: PREÇO | K6: DATA | L6: FORNECEDOR 3 | M6: CONTATO | N6: PREÇO | O6: DATA | P6: MÉDIA | Q6: OBSERVAÇÕES
A8: 01 | B8: 19.1.2 | C8: Fornecimento e Instalação de Plataforma Elevatória de Acessibilidade | D8: Mobilitá Elevadores | E8: 11 93804-1908 | F8: 39000 | G8: 46083 | H8: Loja Estafacil | I8: https://loja.estafacil.com.br/produto/elevador-de-acessibilidade-cap-025-t-altura-total-5m-velocidade-45-m-min-1-entrada-na-cabine/ | J8: 49179.78 | K8: 46084 | L8: UNITIZ ELEVADORES LTDA | M8: 31 9331-7690 atendente: Rodrigo | N8: 43900 | O8: 46083 | P8: =(N8+J8+F8)/3 -> 44026.593

Sheet INSUMOS DER 12-25
A1: GOVERNO DO ESTADO DO ESPÍRITO SANTO
A2: Secretaria de Estado de Mobilidade e Infraestrutura - SEMOBI
A3: Departamento de Edificações e de Rodovias do Estado do Espírito Santo - DER-ES
A4: Tabela de Custos Unitários Referenciais para Licitações de Obras Públicas
G5: =TRUNC(2.5727,4) -> 2.5727
A6: Tabela: 1679501 - TABELA CUSTOS LABOR/CT-UFES PADRÃO DER-ES SERVIÇOS NÃO DESONERADOS DEZEMBRO/2025 (LS HORISTAS=157,27; LS MENSALISTAS=72,92%; BDI=0%)
A7: Órgão: DEPARTAMENTO DE EDIFICAÇÕES E DE RODOVIAS DO ESTADO DO ESPÍRITO SANTO | C7: Leis Sociais: 157,27 % | E7: BDI: 0 %
A10: Categoria: Mão-de-obra
A12: Código | B12: Descrição | C12: Und. | D12: Preço
A13: 1 | B13: INSUMOS DE MAO DE OBRA
A14: 101 | B14: MAO DE OBRA (SALARIOS)
A15: 10101 | B15: AJUDANTE (AJUDANTE PRATICO - SINDUSCON) | C15: H | D15: 8.53 | E15: 21.94
A16: 10106 | B16: AZULEJISTA (OFICIAL - SINDUSCON) | C16: H | D16: 10.12
A17: 10108 | B17: CALCETEIRO/PINTOR (OFICIAL - SINDUSCON) | C17: H | D17: 10.12
A18: 10111 | B18: CARPINTEIRO (OFICIAL - SINDUSCON) | C18: H | D18: 10.12 | E18: 26.03
A19: 10115 | B19: ELETRICISTA (OFICIAL - SINDUSCON) | C19: H | D19: 10.12 | E19: 26.03
A20: 10117 | B20: ELETROTECNICO MONTADOR - SINTRACONST | C20: H | D20: 17.49
A21: 10118 | B21: ENCANADOR (OFICIAL - SINDUSCON) | C21: H | D21: 10.12
A22: 10121 | B22: ARMADOR (OFICIAL - SINDUSCON) | C22: H | D22: 10.12 | E22: 26.03
A23: 10124 | B23: GRANITEIRO/MARMORISTA (OFICIAL - SINDUSCON) | C23: H | D23: 10.12
A24: 10126 | B24: JARDINEIRO (OFICIAL - SINDUSCON) | C24: H | D24: 10.12
A25: 10128 | B25: LADRILHISTA (OFICIAL - SINDUSCON) | C25: H | D25: 10.12
A26: 10130 | B26: MONTADOR (SINTRACONST) | C26: H | D26: 13.35
A27: 10132 | B27: ENGENHEIRO JUNIOR | C27: H | D27: 58.65
A28: 10138 | B28: PASTILHEIRO (OFICIAL - SINDUSCON) | C28: H | D28: 10.12
A29: 10139 | B29: PEDREIRO (OFICIAL - SINDUSCON) | C29: H | D29: 10.12 | E29: 26.03
A30: 10140 | B30: PINTOR (OFICIAL - SINDUSCON) | C30: H | D30: 10.12
A31: 10144 | B31: SERRALHEIRO (OFICIAL - SINDUSCON) | C31: H | D31: 10.12
A32: 10146 | B32: SERVENTE (AUXILIAR DE OBRAS - SINDUSCON) | C32: H | D32: 7.65 | E32: 19.68
A33: 10147 | B33: SOLDADOR (OFICIAL - SINDUSCON) | C33: H | D33: 10.12
A34: 10150 | B34: TELHADISTA (OFICIAL - SINDUSCON) | C34: H | D34: 10.12 | E34: 26.03
A35: 10157 | B35: OPERADOR DE MAQUINAS AUXILIARES (OPERADOR DE MAQUINAS PESADAS I - SINDICOPES) | C35: H | D35: 10.8
A36: 102 | B36: MAO DE OBRA (SALARIOS) - CONTINUACAO | E36: =D36*$G$5 -> 0
A37: 10209 | B37: TOPOGRAFO - (TECNICO 2O GRAU NIVEL C) | C37: H | D37: 19.04
A38: 10233 | B38: NIVELADOR (SINTEC) | C38: H | D38: 7
A39: 10235 | B39: AUXILIAR DE CAMPO (SINTEC) | C39: H | D39: 7
A40: 10237 | B40: PINTOR (LETRISTA) - (SINTRACONST) | C40: H | D40: 13.45
A41: 10260 | B41: AJUDANTE MONTADOR ELETROMECÂNICO - (AJUDANTE DE MONTAGEM SINTRACONST) | C41: H | D41: 7.85
A42: 10278 | B42: MONTADOR DE ESTRUTURA - SINTRACONST | C42: H | D42: 15.13 | E42: 38.92
A43: 10281 | B43: MECANICO DE REFRIGERACAO - (SINDIFER) | C43: H | D43: 9.64
A44: 10282 | B44: TECNICO DE REFRIGERACAO - (SINDIFER) | C44: H | D44: 16.32
A45: 10284 | B45: MOTORISTA II - VEICULO C/ CAPAC. CARGA ACIMA DE 4 TONELADAS ATE 12 TONELADAS | C45: H | D45: 8.89
A46: 10285 | B46: MOTORISTA III - VEICULO C/ CAPAC. CARGA ACIMA DE 12 TONELADAS | C46: H | D46: 10.77
A47: 10290 | B47: VIDRACEIRO (OFICIAL - SINDUSCON) | C47: H | D47: 10.12
A48: 10292 | B48: OPERADOR DE MAQUINAS PESADAS II - SINDICOPES | C48: H | D48: 11.45
A49: 103 | B49: MÃO DE OBRA (SALÁRIOS - MENSALISTAS)
A50: 10301 | B50: ENGENHEIRO JUNIOR | C50: MES | D50: 12903
A51: 10302 | B51: ENGENHEIRO PLENO | C51: MES | D51: 14740.23
A52: 10303 | B52: ENGENHEIRO SENIOR | C52: MES | D52: 16577.43
A53: 10304 | B53: TECNICO 2 GRAU NIVEL A | C53: MES | D53: 6544.04
A54: 10305 | B54: TECNICO 2 GRAU NIVEL B | C54: MES | D54: 5236.08
A55: 10306 | B55: TECNICO 2 GRAU NIVEL C | C55: MES | D55: 4188.18
A56: 10307 | B56: MESTRE DE OBRAS SENIOR | C56: MES | D56: 4026.88
A57: 10308 | B57: ENCARREGADO DE TURMA | C57: MES | D57: 3097.6
A58: 10309 | B58: COORDENADOR TECNICO ESPECIALISTA | C58: MES | D58: 18041.96
A59: 10310 | B59: TECNICO 2 GRAU NIVEL D | C59: MES | D59: 3350.96
A60: 10311 | B60: ALMOXARIFE | C60: MES | D60: 2226.4
A61: 10315 | B61: AUXILIAR DE ALMOXARIFE | C61: MES | D61: 1683
... A64: 10323 | B64: VIGIA | C64: MES | D64: 1683
A66: Categoria: Material
A68: Código | B68: Descrição | C68: Und. | D68: Preço
A69: 2 | B69: INSUMOS BASICOS - CIVIL
A70: 203 | B70: ELEMENTOS ESTRUTURAIS PRE-MOLDADOS
A71: 20356 | B71: MOURAO RETO DE CONCRETO BASE 10X10CM H=2.50M | C71: UN | D71: 87.15
A72: 204 | B72: AGREGADOS, AGLOMERANTES, MISTURADOS
A73: 20416 | B73: CONCRETO USINADO FCK 30 MPA BRITA 0+1 ABATIMENTO 100 +/- 20MM | C73: M3 | D73: 557.39
A74: 20437 | B74: REJUNTE EPOXI COR BRANCA | C74: KG | D74: 87.18
A75: 20463 | B75: REJUNTE JUNTAPLUS FINA COR CINZA | C75: KG | D75: 9.19
A76: 20468 | B76: REJUNTE PORCELANATO QUARTZOLIT | C76: KG | D76: 16.43
A77: 205 | B77: AGREGADOS, AGLOMERANTES E MISTURAS
A78: 20503 | B78: AREIA LAVADA MEDIA | C78: M3 | D78: 152
A79: 20505 | B79: CAL HIDRATADO P/ ARGAMASSA CH III | C79: KG | D79: 1.08
A80: 20508 | B80: CIMENTO PORTLAND CP III - 40 | C80: KG | D80: 0.61
A81: 20509 | B81: CIMENTO BRANCO NAO ESTRUTURAL | C81: KG | D81: 4.5
A82: 20510 | B82: CIMENTO COLANTE INDUSTRIALIZADO AC I | C82: KG | D82: 0.77
A83: 20514 | B83: CONCRETO USINADO FCK 20 MPA BRITA 0+1 ABATIMENTO 100 +/- 20MM | C83: M3 | D83: 517.05
A84: 20517 | B84: BRITA 1 | C84: M3 | D84: 173.27
A85: 20518 | B85: BRITA 2 | C85: M3 | D85: 173.27
A86: 20519 | B86: BRITA 3 | C86: M3 | D86: 173.27
A87: 20520 | B87: BRITA 4 | C87: M3 | D87: 173.27
A88: 20521 | B88: PEDRA DE MAO (RACHAO) | C88: M3 | D88: 154.14
A89: 20522 | B89: PEDRISCO | C89: M3 | D89: 224.48
... A99: 20588 | B99: REJUNTE PRE-FABRICADA | C99: KG | D99: 9.19
A100: 207 | B100: AGREGADOS, AGLOMERANTES E MISTURAS
A101: 20732 | B101: ARGAM COLANTE FLEXIVEL AC III P/ ASSENT. PORCELANATO E PEDRAS (GRANITO E MÁRMORE) | C101: KG | D101: 1.97
A102: 20746 | B102: ARGAMASSA TIXOTROPICA DO TIPO SIKA MONOTOP 622, BAUTECH S88, NAFUFILLCR OU EQUIVALENTE | C102: KG | D102: 4.38
A103: 209 | B103: MADEIRAS
A104: 20910 | B104: FORMICA BRANCA ACABAMENTO FROST 0,80MM | C104: M2 | D104: 57.25
A105: 20975 | B105: PECA EM MADEIRA PINUS 10 X 2.5 CM (BRUTA) | C105: M | D105: 10.44
A106: 20977 | B106: PECA EM MADEIRA 7 X 2 CM (BRUTA) | C106: M | D106: 5.76
A107: 20982 | B107: PECA EM MADEIRA 7X5CM (BRUTA) | C107: M | D107: 11.52
A108: 20985 | B108: SARRAFO DE MADEIRA PINUS 10 X 2.5CM | C108: M | D108: 4.01
A109: 20986 | B109: SARRAFO DE MADEIRA PINUS 8 X 2.5 CM (BRUTA) | C109: M | D109: 3
A110: 20987 | B110: TABUA DE MADEIRA PINUS 30 X 2.5 CM (TAIPA DE 1ª) | C110: M2 | D110: 59.89
A111: 20988 | B111: TABUA DE MADEIRA PINUS 30 X 2.5 CM | C111: M | D111: 18.04
A112: 210 | B112: MADEIRAS
A113: 21005 | B113: MADEIRA DE LEI PARA TELHADO COLONIAL/TELHA FRANCESA | C113: M3 | D113: 7476.5
A114: 21009 | B114: PONTALETE DE MADEIRA BRUTA DE 3ª 8.0 X 8.0 CM | C114: M | D114: 8.7
A115: 21018 | B115: SARRAFO DE MADEIRA DE LEI 8 X 2.5 CM (BRUTA) | C115: M | D115: 18.57
A116: 21023 | B116: TACO P/ FIXACAO DE BATENTE/RODAPE 10X10X2,5 CM | C116: UN | D116: 4.5
...
